Workbook
Name \0: #REF!
Name \A: #REF!
Name \B: #REF!
Name \C: #REF!
Name \M: #REF!
Name ______UAG99: #REF!
Name _____cpi1: #REF!
Name _____CPI2: #REF!
Name _____IRR1: #REF!
Name _____LUT1: #REF!
Name _____NPV1: #REF!
Name _____UAG99: #REF!
Name ____cpi1: #REF!
Name ____CPI2: #REF!
Name ____IRR1: #REF!
Name ____IZS2: #REF!
Name ____LUT1: #REF!
Name ____NPV1: #REF!
Name ____NPV2: #REF!
Name ____UAG99: #REF!
Name ___cpi1: #REF!
Name ___CPI2: #REF!
Name ___IRR1: #REF!
Name ___IZS2: #REF!
Name ___LUT1: #REF!
Name ___May08: #REF!
Name ___NPV1: #REF!
Name ___NPV2: #REF!
Name ___Tot220: #REF!
Name ___Tot237: #REF!
Name ___Tot257: #REF!
Name ___Tot258: #REF!
Name ___UAG99: #REF!
Name __cpi1: #REF!
Name __CPI2: #REF!
Name __DAT1: #REF!
Name __DAT14: #REF!
Name __DAT5: #REF!
Name __DAT6: #REF!
Name __DataSet1__: #REF!
Name __DataSet2__: #REF!
Name __DataSet3__: #REF!
Name __DataSet4__: #REF!
Name __int997: #REF!
Name __IRR1: #REF!
Name __IZS2: #REF!
Name __JUN09: #REF!
Name __LUT1: #REF!
Name __MAIN__: #REF!
Name __May08: #REF!
Name __NPV1: #REF!
Name __NPV2: #REF!
Name __PL1: #REF!
Name __TableData__: #REF!
Name __TB1: #REF!
Name __Tot220: #REF!
Name __Tot221: #REF!
Name __Tot232: #REF!
Name __Tot237: #REF!
Name __Tot257: #REF!

Sheet Cover
A1: Gas Pipeline Operator
A2: Reporting template
A4: This template is to be uploaded by a Gas Pipeline Operator to its website to fulfil its annual reporting obligations.
A6: Colour coding of input sheets:
A7: Dark cyan = ERA instructions/headings
A8: Yellow = Input cells
A9: Grey - Not applicable/No inputs required
A11: Leave coloured cells blank if no information exists - PLEASE DO NOT ENTER TEXT unless specifically requested to do so.
A12: All dollar amounts are to be unrounded, and in nominal terms.
A15: Service provider: | C15: APA (PILBARA PIPELINE) PTY LTD
A17: Australian business number: | C17: 46 081 971 173
A19: Pipeline name: | C19: Pilbara Pipeline System
A21: Reporting period start date: | C21: 45839
A23: Reporting period end date: | C23: 46203
A25: Publication date of this report: | C25: 46325
A27: Reported information is current at: | C27: 46203
A29: Has any information in this template been amended since last published within this current reporting period? | C29: No | F29: Amendment reference
A33: Business address | B33: Address | D33: Level 10, 121 Castlereagh Street
B34: Suburb | D34: Sydney
C35: State | D35: NSW | E35: Postcode | F35: 2000
A37: Postal address | B37: Address | D37: PO Box R41
B38: Suburb | D38: Royal Exchange
C39: State | D39: NSW | E39: Postcode | F39: 1225
A42: Contact name/s | B42: Andrew Nairn (General Manager Investor Relations)
A43: Contact phone/s | B43: +61 (03) 8416 2887
A44: Contact email address/s | B44: APARegReporting@apa.com.au

Sheet Contents
F3: Table of contents

Sheet Summary
B1: Summary
B2: =Tradingname -> APA (PILBARA PIPELINE) PTY LTD
B3: Year ending | C3: =TEXT(Yearstart,"dd/mm/yyyy")&" to "&TEXT(Yearending,"dd/mm/yyyy") -> 01/07/2025 to 30/06/2026
B4: All numbers are expressed in $nominal
B8: Revenues and expenses (Table 2.1) | C8: Amounts excluding related party transactions | D8: Related party transactions | E8: Total
B9: Direct revenue | C9: ='2. Revenues and expenses'!D16 -> 34880799 | D9: ='2. Revenues and expenses'!E16 -> 30711.79 | E9: ='2. Revenues and expenses'!F16 -> 34911510
B10: Indirect revenue allocated | C10: ='2. Revenues and expenses'!D19 -> 0 | D10: ='2. Revenues and expenses'!E19 -> 0 | E10: ='2. Revenues and expenses'!F19 -> 0
B11: Total revenue | C11: ='2. Revenues and expenses'!D20 -> 34880799 | D11: ='2. Revenues and expenses'!E20 -> 30711.79 | E11: ='2. Revenues and expenses'!F20 -> 34911510
B12: Direct costs | C12: ='2. Revenues and expenses'!D30 -> -8471922.1 | D12: ='2. Revenues and expenses'!E30 -> -7459.3445 | E12: ='2. Revenues and expenses'!F30 -> -8479381.5
B13: Shared costs allocated | C13: ='2. Revenues and expenses'!D41 -> -3809616.5 | D13: ='2. Revenues and expenses'!E41 -> 0 | E13: ='2. Revenues and expenses'!F41 -> -3809616.5
B14: Total costs | C14: ='2. Revenues and expenses'!D42 -> -12281539 | D14: ='2. Revenues and expenses'!E42 -> -7459.3445 | E14: ='2. Revenues and expenses'!F42 -> -12288998
B15: Earnings before interest and tax (EBIT) | C15: ='2. Revenues and expenses'!D43 -> 22599260 | D15: ='2. Revenues and expenses'!E43 -> 23252.446 | E15: ='2. Revenues and expenses'!F43 -> 22622512
B18: Statement of pipeline assets (Table 3.1) | C18: Cumulative value as at current reporting period | D18: Cumulative value as at previous reporting period
B19: Pipelines | C19: ='3. Statement of pipeline assets'!D16 -> 1.5635044e+08 | D19: ='3. Statement of pipeline assets'!E16 -> 1.5908886e+08
B20: Compressors | C20: ='3. Statement of pipeline assets'!D23 -> 12105906 | D20: ='3. Statement of pipeline assets'!E23 -> 12672819
B21: City Gates, supply regulators and valve stations | C21: ='3. Statement of pipeline assets'!D30 -> 2849725.7 | D21: ='3. Statement of pipeline assets'!E30 -> 2928104.9
B22: Metering | C22: ='3. Statement of pipeline assets'!D37 -> 14774617 | D22: ='3. Statement of pipeline assets'!E37 -> 15160605
B23: Odourant plants | C23: ='3. Statement of pipeline assets'!D44 -> 749397.59 | D23: ='3. Statement of pipeline assets'!E44 -> 764440.13
B24: SCADA (Communications) | C24: ='3. Statement of pipeline assets'!D51 -> 1754085.9 | D24: ='3. Statement of pipeline assets'!E51 -> 1940457.5
B25: Buildings | C25: ='3. Statement of pipeline assets'!D58 -> 220950.91 | D25: ='3. Statement of pipeline assets'!E58 -> 224009.89
B26: Land and easements | C26: ='3. Statement of pipeline assets'!D64 -> 0 | D26: ='3. Statement of pipeline assets'!E64 -> 0
B27: Other depreciable pipeline assets | C27: ='3. Statement of pipeline assets'!D71 -> 1532216.7 | D27: ='3. Statement of pipeline assets'!E71 -> 1200743.3
B28: Leased Assets | C28: ='3. Statement of pipeline assets'!D78 -> 4507.79 | D28: ='3. Statement of pipeline assets'!E78 -> 6306.97
B29: Other non-depreciable pipeline assets | C29: ='3. Statement of pipeline assets'!D79 -> 47300223 | D29: ='3. Statement of pipeline assets'!E79 -> 50845997
B30: Total pipeline assets | C30: ='3. Statement of pipeline assets'!D80 -> 2.3764207e+08 | D30: ='3. Statement of pipeline assets'!E80 -> 2.4483235e+08
B31: Shared property, plant and equipment | C31: ='3. Statement of pipeline assets'!D88 -> 3562847.9 | D31: ='3. Statement of pipeline assets'!E88 -> 3372205.7
B32: Shared leased assets | C32: ='3. Statement of pipeline assets'!D95 -> 790468.46 | D32: ='3. Statement of pipeline assets'!E95 -> 740580.56
B33: Inventories | C33: ='3. Statement of pipeline assets'!D96 -> 0 | D33: ='3. Statement of pipeline assets'!E96 -> 0
B34: Deferred tax assets | C34: ='3. Statement of pipeline assets'!D97 -> 0 | D34: ='3. Statement of pipeline assets'!E97 -> 0
B35: Other shared assets | C35: ='3. Statement of pipeline assets'!D98 -> 0 | D35: ='3. Statement of pipeline assets'!E98 -> 0
B36: Total shared assets allocated | C36: ='3. Statement of pipeline assets'!D99 -> 4353316.3 | D36: ='3. Statement of pipeline assets'!E99 -> 4112786.2
B37: Total assets | C37: ='3. Statement of pipeline assets'!D100 -> 2.4199539e+08 | D37: ='3. Statement of pipeline assets'!E100 -> 2.4894513e+08
B38: Return on assets (EBIT/Total assets value) (Table 1.1.1) | C38: ='1.1 Financial performance'!C10 -> 0.093483238
B41: Recovered capital value (Table 4.1) | C41: Cumulative value as at current reporting period | D41: =VALUE(RIGHT(TEXT(Yearending,"dd/mm/yyyy"),4)) -> 2026
B42: Pipeline assets cost base | C42: ='4. Recovered capital'!E16 -> 2.4833547e+08
B43: Shared assets allocated cost base | C43: ='4. Recovered capital'!E23 -> 13550807
B44: Total assets | C44: ='4. Recovered capital'!E24 -> 2.6188627e+08
B45: Return of capital
B46: Revenue | C46: ='4. Recovered capital'!E26 -> 7.4401545e+08 | D46: =IFERROR(INDEX('4. Recovered capital'!$F$8:$BK$34,MATCH($B46,'4. Recovered capital'!$D$8:$D$34,0),MATCH(D$41,'4. Recovered capital'!$F$8:$BK$8,0)),) -> 34911510
B47: Operating expenses | C47: ='4. Recovered capital'!E27 -> -1.333831e+08 | D47: =IFERROR(INDEX('4. Recovered capital'!$F$8:$BK$34,MATCH($B47,'4. Recovered capital'!$D$8:$D$34,0),MATCH(D$41,'4. Recovered capital'!$F$8:$BK$8,0)),) -> -7257945.7
B48: Net tax liabilities | C48: ='4. Recovered capital'!E28 -> -45761630 | D48: =IFERROR(INDEX('4. Recovered capital'!$F$8:$BK$34,MATCH($B48,'4. Recovered capital'!$D$8:$D$34,0),MATCH(D$41,'4. Recovered capital'!$F$8:$BK$8,0)),) -> -4906352.9
B49: Leased Asset Interest/Financing Charge | C49: ='4. Recovered capital'!E29 -> -197956.88 | D49: =IFERROR(INDEX('4. Recovered capital'!$F$8:$BK$34,MATCH($B49,'4. Recovered capital'!$D$8:$D$34,0),MATCH(D$41,'4. Recovered capital'!$F$8:$BK$8,0)),) -> -51839.052
B50: Return on capital | C50: ='4. Recovered capital'!E30 -> -5.3018089e+08 | D50: =IFERROR(INDEX('4. Recovered capital'!$F$8:$BK$34,MATCH($B50,'4. Recovered capital'!$D$8:$D$34,0),MATCH(D$41,'4. Recovered capital'!$F$8:$BK$8,0)),) -> -19097377
B51: Total return of capital | C51: ='4. Recovered capital'!E31 -> 34491870 | D51: =IFERROR(INDEX('4. Recovered capital'!$F$8:$BK$34,MATCH($B51,'4. Recovered capital'!$D$8:$D$34,0),MATCH(D$41,'4. Recovered capital'!$F$8:$BK$8,0)),) -> 3597996.1
B52: Recovered capital method total asset value | C52: ='4. Recovered capital'!E32 -> 2.273944e+08 | D52: =IFERROR(INDEX('4. Recovered capital'!$F$8:$BK$34,MATCH($B52,'4. Recovered capital'!$D$8:$D$34,0),MATCH(D$41,'4. Recovered capital'!$F$8:$BK$8,0)),) -> -1415130
B53: Opening asset value | D53: =IFERROR(INDEX('4. Recovered capital'!$F$8:$BK$34,MATCH($B53,'4. Recovered capital'!$D$8:$D$34,0),MATCH(D$41,'4. Recovered capital'!$F$8:$BK$8,0)),) -> 2.2880953e+08
B54: Rate of return (WACC) | D54: =IFERROR(INDEX('4. Recovered capital'!$F$8:$BK$34,MATCH($B54,'4. Recovered capital'!$D$8:$D$34,0),MATCH(D$41,'4. Recovered capital'!$F$8:$BK$8,0)),) -> 0.083464077
B57: For information only - yearly percentage change | C57: =D57-1 -> 2022 | D57: =E57-1 -> 2023 | E57: =F57-1 -> 2024 | F57: =G57-1 -> 2025 | G57: =VALUE(RIGHT(TEXT(Yearending,"dd/mm/yyyy"),4)) -> 2026
B58: Revenue | C58: =IFERROR(INDEX('4. Recovered capital'!$F$8:$BK$32,MATCH($B58,'4. Recovered capital'!$D$8:$D$32,0),MATCH(C$57,'4. Recovered capital'!$F$8:$BK$8,0))/INDEX('4. Recovered capital'!$F$8:$BK$32,MATCH($B58,'4. Recovered capital'!$D$8:$D$32,0),MATCH(C$57-1,'4. Recovered capital'!$F$8:$BK$8,0))-1,"NA") -> 0.034330638 | D58: =IFERROR(INDEX('4. Recovered capital'!$F$8:$BK$32,MATCH($B58,'4. Recovered capital'!$D$8:$D$32,0),MATCH(D$57,'4. Recovered capital'!$F$8:$BK$8,0))/INDEX('4. Recovered capital'!$F$8:$BK$32,MATCH($B58,'4. Recovered capital'!$D$8:$D$32,0),MATCH(D$57-1,'4. Recovered capital'!$F$8:$BK$8,0))-1,"NA") -> 0.080108557 | E58: =IFERROR(INDEX('4. Recovered capital'!$F$8:$BK$32,MATCH($B58,'4. Recovered capital'!$D$8:$D$32,0),MATCH(E$57,'4. Recovered capital'!$F$8:$BK$8,0))/INDEX('4. Recovered capital'!$F$8:$BK$32,MATCH($B58,'4. Recovered capital'!$D$8:$D$32,0),MATCH(E$57-1,'4. Recovered capital'!$F$8:$BK$8,0))-1,"NA") -> -0.0051678445 | F58: =IFERROR(INDEX('4. Recovered capital'!$F$8:$BK$32,MATCH($B58,'4. Recovered capital'!$D$8:$D$32,0),MATCH(F$57,'4. Recovered capital'!$F$8:$BK$8,0))/INDEX('4. Recovered capital'!$F$8:$BK$32,MATCH($B58,'4. Recovered capital'!$D$8:$D$32,0),MATCH(F$57-1,'4. Recovered capital'!$F$8:$BK$8,0))-1,"NA") -> 0.040503896 | G58: =IFERROR(INDEX('4. Recovered capital'!$F$8:$BK$32,MATCH($B58,'4. Recovered capital'!$D$8:$D$32,0),MATCH(G$57,'4. Recovered capital'!$F$8:$BK$8,0))/INDEX('4. Recovered capital'!$F$8:$BK$32,MATCH($B58,'4. Recovered capital'!$D$8:$D$32,0),MATCH(G$57-1,'4. Recovered capital'!$F$8:$BK$8,0))-1,"NA") -> 0.054738994
B59: Operating expenses | C59: =IFERROR(INDEX('4. Recovered capital'!$F$8:$BK$32,MATCH($B59,'4. Recovered capital'!$D$8:$D$32,0),MATCH(C$57,'4. Recovered capital'!$F$8:$BK$8,0))/INDEX('4. Recovered capital'!$F$8:$BK$32,MATCH($B59,'4. Recovered capital'!$D$8:$D$32,0),MATCH(C$57-1,'4. Recovered capital'!$F$8:$BK$8,0))-1,"NA") -> 0.25344314 | D59: =IFERROR(INDEX('4. Recovered capital'!$F$8:$BK$32,MATCH($B59,'4. Recovered capital'!$D$8:$D$32,0),MATCH(D$57,'4. Recovered capital'!$F$8:$BK$8,0))/INDEX('4. Recovered capital'!$F$8:$BK$32,MATCH($B59,'4. Recovered capital'!$D$8:$D$32,0),MATCH(D$57-1,'4. Recovered capital'!$F$8:$BK$8,0))-1,"NA") -> 0.33259706 | E59: =IFERROR(INDEX('4. Recovered capital'!$F$8:$BK$32,MATCH($B59,'4. Recovered capital'!$D$8:$D$32,0),MATCH(E$57,'4. Recovered capital'!$F$8:$BK$8,0))/INDEX('4. Recovered capital'!$F$8:$BK$32,MATCH($B59,'4. Recovered capital'!$D$8:$D$32,0),MATCH(E$57-1,'4. Recovered capital'!$F$8:$BK$8,0))-1,"NA") -> -0.054756849 | F59: =IFERROR(INDEX('4. Recovered capital'!$F$8:$BK$32,MATCH($B59,'4. Recovered capital'!$D$8:$D$32,0),MATCH(F$57,'4. Recovered capital'!$F$8:$BK$8,0))/INDEX('4. Recovered capital'!$F$8:$BK$32,MATCH($B59,'4. Recovered capital'!$D$8:$D$32,0),MATCH(F$57-1,'4. Recovered capital'!$F$8:$BK$8,0))-1,"NA") -> -0.039602208 | G59: =IFERROR(INDEX('4. Recovered capital'!$F$8:$BK$32,MATCH($B59,'4. Recovered capital'!$D$8:$D$32,0),MATCH(G$57,'4. Recovered capital'!$F$8:$BK$8,0))/INDEX('4. Recovered capital'!$F$8:$BK$32,MATCH($B59,'4. Recovered capital'!$D$8:$D$32,0),MATCH(G$57-1,'4. Recovered capital'!$F$8:$BK$8,0))-1,"NA") -> -0.020877244
B60: Net tax liabilities | C60: =IFERROR(INDEX('4. Recovered capital'!$F$8:$BK$32,MATCH($B60,'4. Recovered capital'!$D$8:$D$32,0),MATCH(C$57,'4. Recovered capital'!$F$8:$BK$8,0))/INDEX('4. Recovered capital'!$F$8:$BK$32,MATCH($B60,'4. Recovered capital'!$D$8:$D$32,0),MATCH(C$57-1,'4. Recovered capital'!$F$8:$BK$8,0))-1,"NA") -> -0.00060596439 | D60: =IFERROR(INDEX('4. Recovered capital'!$F$8:$BK$32,MATCH($B60,'4. Recovered capital'!$D$8:$D$32,0),MATCH(D$57,'4. Recovered capital'!$F$8:$BK$8,0))/INDEX('4. Recovered capital'!$F$8:$BK$32,MATCH($B60,'4. Recovered capital'!$D$8:$D$32,0),MATCH(D$57-1,'4. Recovered capital'!$F$8:$BK$8,0))-1,"NA") -> 0.019945586 | E60: =IFERROR(INDEX('4. Recovered capital'!$F$8:$BK$32,MATCH($B60,'4. Recovered capital'!$D$8:$D$32,0),MATCH(E$57,'4. Recovered capital'!$F$8:$BK$8,0))/INDEX('4. Recovered capital'!$F$8:$BK$32,MATCH($B60,'4. Recovered capital'!$D$8:$D$32,0),MATCH(E$57-1,'4. Recovered capital'!$F$8:$BK$8,0))-1,"NA") -> 0.0019761424 | F60: =IFERROR(INDEX('4. Recovered capital'!$F$8:$BK$32,MATCH($B60,'4. Recovered capital'!$D$8:$D$32,0),MATCH(F$57,'4. Recovered capital'!$F$8:$BK$8,0))/INDEX('4. Recovered capital'!$F$8:$BK$32,MATCH($B60,'4. Recovered capital'!$D$8:$D$32,0),MATCH(F$57-1,'4. Recovered capital'!$F$8:$BK$8,0))-1,"NA") -> 0.15933329 | G60: =IFERROR(INDEX('4. Recovered capital'!$F$8:$BK$32,MATCH($B60,'4. Recovered capital'!$D$8:$D$32,0),MATCH(G$57,'4. Recovered capital'!$F$8:$BK$8,0))/INDEX('4. Recovered capital'!$F$8:$BK$32,MATCH($B60,'4. Recovered capital'!$D$8:$D$32,0),MATCH(G$57-1,'4. Recovered capital'!$F$8:$BK$8,0))-1,"NA") -> 0.12413092
B61: Leased Asset Interest/Financing Charge | C61: =IFERROR(INDEX('4. Recovered capital'!$F$8:$BK$32,MATCH($B61,'4. Recovered capital'!$D$8:$D$32,0),MATCH(C$57,'4. Recovered capital'!$F$8:$BK$8,0))/INDEX('4. Recovered capital'!$F$8:$BK$32,MATCH($B61,'4. Recovered capital'!$D$8:$D$32,0),MATCH(C$57-1,'4. Recovered capital'!$F$8:$BK$8,0))-1,"NA") -> -0.1751738 | D61: =IFERROR(INDEX('4. Recovered capital'!$F$8:$BK$32,MATCH($B61,'4. Recovered capital'!$D$8:$D$32,0),MATCH(D$57,'4. Recovered capital'!$F$8:$BK$8,0))/INDEX('4. Recovered capital'!$F$8:$BK$32,MATCH($B61,'4. Recovered capital'!$D$8:$D$32,0),MATCH(D$57-1,'4. Recovered capital'!$F$8:$BK$8,0))-1,"NA") -> 0.83138782 | E61: =IFERROR(INDEX('4. Recovered capital'!$F$8:$BK$32,MATCH($B61,'4. Recovered capital'!$D$8:$D$32,0),MATCH(E$57,'4. Recovered capital'!$F$8:$BK$8,0))/INDEX('4. Recovered capital'!$F$8:$BK$32,MATCH($B61,'4. Recovered capital'!$D$8:$D$32,0),MATCH(E$57-1,'4. Recovered capital'!$F$8:$BK$8,0))-1,"NA") -> 0.047557743 | F61: =IFERROR(INDEX('4. Recovered capital'!$F$8:$BK$32,MATCH($B61,'4. Recovered capital'!$D$8:$D$32,0),MATCH(F$57,'4. Recovered capital'!$F$8:$BK$8,0))/INDEX('4. Recovered capital'!$F$8:$BK$32,MATCH($B61,'4. Recovered capital'!$D$8:$D$32,0),MATCH(F$57-1,'4. Recovered capital'!$F$8:$BK$8,0))-1,"NA") -> 0.13192434 | G61: =IFERROR(INDEX('4. Recovered capital'!$F$8:$BK$32,MATCH($B61,'4. Recovered capital'!$D$8:$D$32,0),MATCH(G$57,'4. Recovered capital'!$F$8:$BK$8,0))/INDEX('4. Recovered capital'!$F$8:$BK$32,MATCH($B61,'4. Recovered capital'!$D$8:$D$32,0),MATCH(G$57-1,'4. Recovered capital'!$F$8:$BK$8,0))-1,"NA") -> 0.57003489
B62: Return on capital | C62: =IFERROR(INDEX('4. Recovered capital'!$F$8:$BK$32,MATCH($B62,'4. Recovered capital'!$D$8:$D$32,0),MATCH(C$57,'4. Recovered capital'!$F$8:$BK$8,0))/INDEX('4. Recovered capital'!$F$8:$BK$32,MATCH($B62,'4. Recovered capital'!$D$8:$D$32,0),MATCH(C$57-1,'4. Recovered capital'!$F$8:$BK$8,0))-1,"NA") -> 0.12517422 | D62: =IFERROR(INDEX('4. Recovered capital'!$F$8:$BK$32,MATCH($B62,'4. Recovered capital'!$D$8:$D$32,0),MATCH(D$57,'4. Recovered capital'!$F$8:$BK$8,0))/INDEX('4. Recovered capital'!$F$8:$BK$32,MATCH($B62,'4. Recovered capital'!$D$8:$D$32,0),MATCH(D$57-1,'4. Recovered capital'!$F$8:$BK$8,0))-1,"NA") -> 0.008731067 | E62: =IFERROR(INDEX('4. Recovered capital'!$F$8:$BK$32,MATCH($B62,'4. Recovered capital'!$D$8:$D$32,0),MATCH(E$57,'4. Recovered capital'!$F$8:$BK$8,0))/INDEX('4. Recovered capital'!$F$8:$BK$32,MATCH($B62,'4. Recovered capital'!$D$8:$D$32,0),MATCH(E$57-1,'4. Recovered capital'!$F$8:$BK$8,0))-1,"NA") -> 0.027850618 | F62: =IFERROR(INDEX('4. Recovered capital'!$F$8:$BK$32,MATCH($B62,'4. Recovered capital'!$D$8:$D$32,0),MATCH(F$57,'4. Recovered capital'!$F$8:$BK$8,0))/INDEX('4. Recovered capital'!$F$8:$BK$32,MATCH($B62,'4. Recovered capital'!$D$8:$D$32,0),MATCH(F$57-1,'4. Recovered capital'!$F$8:$BK$8,0))-1,"NA") -> 0.0014679455 | G62: =IFERROR(INDEX('4. Recovered capital'!$F$8:$BK$32,MATCH($B62,'4. Recovered capital'!$D$8:$D$32,0),MATCH(G$57,'4. Recovered capital'!$F$8:$BK$8,0))/INDEX('4. Recovered capital'!$F$8:$BK$32,MATCH($B62,'4. Recovered capital'!$D$8:$D$32,0),MATCH(G$57-1,'4. Recovered capital'!$F$8:$BK$8,0))-1,"NA") -> 0.03781839
B63: Total Return of Capital | C63: =IFERROR(INDEX('4. Recovered capital'!$F$8:$BK$32,MATCH($B63,'4. Recovered capital'!$D$8:$D$32,0),MATCH(C$57,'4. Recovered capital'!$F$8:$BK$8,0))/INDEX('4. Recovered capital'!$F$8:$BK$32,MATCH($B63,'4. Recovered capital'!$D$8:$D$32,0),MATCH(C$57-1,'4. Recovered capital'!$F$8:$BK$8,0))-1,"NA") -> -0.51939691 | D63: =IFERROR(INDEX('4. Recovered capital'!$F$8:$BK$32,MATCH($B63,'4. Recovered capital'!$D$8:$D$32,0),MATCH(D$57,'4. Recovered capital'!$F$8:$BK$8,0))/INDEX('4. Recovered capital'!$F$8:$BK$32,MATCH($B63,'4. Recovered capital'!$D$8:$D$32,0),MATCH(D$57-1,'4. Recovered capital'!$F$8:$BK$8,0))-1,"NA") -> 0.045110254 | E63: =IFERROR(INDEX('4. Recovered capital'!$F$8:$BK$32,MATCH($B63,'4. Recovered capital'!$D$8:$D$32,0),MATCH(E$57,'4. Recovered capital'!$F$8:$BK$8,0))/INDEX('4. Recovered capital'!$F$8:$BK$32,MATCH($B63,'4. Recovered capital'!$D$8:$D$32,0),MATCH(E$57-1,'4. Recovered capital'!$F$8:$BK$8,0))-1,"NA") -> -0.10457745 | F63: =IFERROR(INDEX('4. Recovered capital'!$F$8:$BK$32,MATCH($B63,'4. Recovered capital'!$D$8:$D$32,0),MATCH(F$57,'4. Recovered capital'!$F$8:$BK$8,0))/INDEX('4. Recovered capital'!$F$8:$BK$32,MATCH($B63,'4. Recovered capital'!$D$8:$D$32,0),MATCH(F$57-1,'4. Recovered capital'!$F$8:$BK$8,0))-1,"NA") -> 0.50065266 | G63: =IFERROR(INDEX('4. Recovered capital'!$F$8:$BK$32,MATCH($B63,'4. Recovered capital'!$D$8:$D$32,0),MATCH(G$57,'4. Recovered capital'!$F$8:$BK$8,0))/INDEX('4. Recovered capital'!$F$8:$BK$32,MATCH($B63,'4. Recovered capital'!$D$8:$D$32,0),MATCH(G$57-1,'4. Recovered capital'!$F$8:$BK$8,0))-1,"NA") -> 0.24588217
B66: Weighted average price (Table 5.1) | C66: Capacity based charges | F66: Volumetric based charges
B67: Service description | C67: Revenue $'000 | D67: MDQ Total TJ | E67: WAP $/GJ | F67: Revenue $'000 | G67: Total TJ | H67: WAP $/GJ
B68: Transportation services
B69: Firm forward haul transportation services
B70: Postage Stamp | C70: ='5. Weighted average price'!M12 -> 28528.311 | D70: ='5. Weighted average price'!N12 -> 27358.45 | E70: ='5. Weighted average price'!O12 -> 1.0427605 | F70: ='5. Weighted average price'!P12 -> 0 | G70: ='5. Weighted average price'!Q12 -> 0 | H70: ='5. Weighted average price'!R12 -> 0
B71: Zonal based - Zone 1 | C71: ='5. Weighted average price'!T12 -> 0 | D71: ='5. Weighted average price'!U12 -> 0 | E71: ='5. Weighted average price'!V12 -> 0 | F71: ='5. Weighted average price'!W12 -> 0 | G71: ='5. Weighted average price'!X12 -> 0 | H71: ='5. Weighted average price'!Y12 -> 0
B72: Zonal based - Zone 2 | C72: ='5. Weighted average price'!Z12 -> 0 | D72: ='5. Weighted average price'!AA12 -> 0 | E72: ='5. Weighted average price'!AB12 -> 0 | F72: ='5. Weighted average price'!AC12 -> 0 | G72: ='5. Weighted average price'!AD12 -> 0 | H72: ='5. Weighted average price'!AE12 -> 0
B73: Zonal based - Zone 3 | C73: ='5. Weighted average price'!AF12 -> 0 | D73: ='5. Weighted average price'!AG12 -> 0 | E73: ='5. Weighted average price'!AH12 -> 0 | F73: ='5. Weighted average price'!AI12 -> 0 | G73: ='5. Weighted average price'!AJ12 -> 0 | H73: ='5. Weighted average price'!AK12 -> 0
B74: Distance based - Major delivery point 1 | C74: ='5. Weighted average price'!AM12 -> 0 | D74: ='5. Weighted average price'!AN12 -> 0 | E74: ='5. Weighted average price'!AO12 -> 0 | F74: ='5. Weighted average price'!AP12 -> 0 | G74: ='5. Weighted average price'!AQ12 -> 0 | H74: ='5. Weighted average price'!AR12 -> 0
B75: Distance based - Major delivery point 2 | C75: ='5. Weighted average price'!AS12 -> 0 | D75: ='5. Weighted average price'!AT12 -> 0 | E75: ='5. Weighted average price'!AU12 -> 0 | F75: ='5. Weighted average price'!AV12 -> 0 | G75: ='5. Weighted average price'!AW12 -> 0 | H75: ='5. Weighted average price'!AX12 -> 0
B76: Distance based - Major delivery point 3 | C76: ='5. Weighted average price'!AY12 -> 0 | D76: ='5. Weighted average price'!AZ12 -> 0 | E76: ='5. Weighted average price'!BA12 -> 0 | F76: ='5. Weighted average price'!BB12 -> 0 | G76: ='5. Weighted average price'!BC12 -> 0 | H76: ='5. Weighted average price'!BD12 -> 0
B77: Distance based - Other delivery points | C77: ='5. Weighted average price'!BE12 -> 0 | D77: ='5. Weighted average price'!BF12 -> 0 | E77: ='5. Weighted average price'!BG12 -> 0 | F77: ='5. Weighted average price'!BH12 -> 0 | G77: ='5. Weighted average price'!BI12 -> 0 | H77: ='5. Weighted average price'!BJ12 -> 0
B78: Interruptible or as available transportation services
B79: Postage Stamp | C79: ='5. Weighted average price'!M13 -> 0 | D79: ='5. Weighted average price'!N13 -> 0 | E79: ='5. Weighted average price'!O13 -> 0 | F79: ='5. Weighted average price'!P13 -> 729.77122 | G79: ='5. Weighted average price'!Q13 -> 446.351 | H79: ='5. Weighted average price'!R13 -> 1.6349716
B80: Zonal based - Zone 1 | C80: ='5. Weighted average price'!T13 -> 0 | D80: ='5. Weighted average price'!U13 -> 0 | E80: ='5. Weighted average price'!V13 -> 0 | F80: ='5. Weighted average price'!W13 -> 0 | G80: ='5. Weighted average price'!X13 -> 0 | H80: ='5. Weighted average price'!Y13 -> 0
B81: Zonal based - Zone 2 | C81: ='5. Weighted average price'!Z13 -> 0 | D81: ='5. Weighted average price'!AA13 -> 0 | E81: ='5. Weighted average price'!AB13 -> 0 | F81: ='5. Weighted average price'!AC13 -> 0 | G81: ='5. Weighted average price'!AD13 -> 0 | H81: ='5. Weighted average price'!AE13 -> 0
B82: Zonal based - Zone 3 | C82: ='5. Weighted average price'!AF13 -> 0 | D82: ='5. Weighted average price'!AG13 -> 0 | E82: ='5. Weighted average price'!AH13 -> 0 | F82: ='5. Weighted average price'!AI13 -> 0 | G82: ='5. Weighted average price'!AJ13 -> 0 | H82: ='5. Weighted average price'!AK13 -> 0
B83: Distance based - Major delivery point 1 | C83: ='5. Weighted average price'!AM13 -> 0 | D83: ='5. Weighted average price'!AN13 -> 0 | E83: ='5. Weighted average price'!AO13 -> 0 | F83: ='5. Weighted average price'!AP13 -> 0 | G83: ='5. Weighted average price'!AQ13 -> 0 | H83: ='5. Weighted average price'!AR13 -> 0
B84: Distance based - Major delivery point 2 | C84: ='5. Weighted average price'!AS13 -> 0 | D84: ='5. Weighted average price'!AT13 -> 0 | E84: ='5. Weighted average price'!AU13 -> 0 | F84: ='5. Weighted average price'!AV13 -> 0 | G84: ='5. Weighted average price'!AW13 -> 0 | H84: ='5. Weighted average price'!AX13 -> 0
B85: Distance based - Major delivery point 3 | C85: ='5. Weighted average price'!AY13 -> 0 | D85: ='5. Weighted average price'!AZ13 -> 0 | E85: ='5. Weighted average price'!BA13 -> 0 | F85: ='5. Weighted average price'!BB13 -> 0 | G85: ='5. Weighted average price'!BC13 -> 0 | H85: ='5. Weighted average price'!BD13 -> 0
B86: Distance based - Other delivery points | C86: ='5. Weighted average price'!BE13 -> 0 | D86: ='5. Weighted average price'!BF13 -> 0 | E86: ='5. Weighted average price'!BG13 -> 0 | F86: ='5. Weighted average price'!BH13 -> 0 | G86: ='5. Weighted average price'!BI13 -> 0 | H86: ='5. Weighted average price'!BJ13 -> 0
B87: Backhaul services
B88: Postage Stamp | C88: ='5. Weighted average price'!M14 -> 0 | D88: ='5. Weighted average price'!N14 -> 0 | E88: ='5. Weighted average price'!O14 -> 0 | F88: ='5. Weighted average price'!P14 -> 0 | G88: ='5. Weighted average price'!Q14 -> 0 | H88: ='5. Weighted average price'!R14 -> 0
B89: Zonal based - Zone 1 | C89: ='5. Weighted average price'!T14 -> 0 | D89: ='5. Weighted average price'!U14 -> 0 | E89: ='5. Weighted average price'!V14 -> 0 | F89: ='5. Weighted average price'!W14 -> 0 | G89: ='5. Weighted average price'!X14 -> 0 | H89: ='5. Weighted average price'!Y14 -> 0
B90: Zonal based - Zone 2 | C90: ='5. Weighted average price'!Z14 -> 0 | D90: ='5. Weighted average price'!AA14 -> 0 | E90: ='5. Weighted average price'!AB14 -> 0 | F90: ='5. Weighted average price'!AC14 -> 0 | G90: ='5. Weighted average price'!AD14 -> 0 | H90: ='5. Weighted average price'!AE14 -> 0
B91: Zonal based - Zone 3 | C91: ='5. Weighted average price'!AF14 -> 0 | D91: ='5. Weighted average price'!AG14 -> 0 | E91: ='5. Weighted average price'!AH14 -> 0 | F91: ='5. Weighted average price'!AI14 -> 0 | G91: ='5. Weighted average price'!AJ14 -> 0 | H91: ='5. Weighted average price'!AK14 -> 0
B92: Distance based - Major delivery point 1 | C92: ='5. Weighted average price'!AM14 -> 0 | D92: ='5. Weighted average price'!AN14 -> 0 | E92: ='5. Weighted average price'!AO14 -> 0 | F92: ='5. Weighted average price'!AP14 -> 0 | G92: ='5. Weighted average price'!AQ14 -> 0 | H92: ='5. Weighted average price'!AR14 -> 0
B93: Distance based - Major delivery point 2 | C93: ='5. Weighted average price'!AS14 -> 0 | D93: ='5. Weighted average price'!AT14 -> 0 | E93: ='5. Weighted average price'!AU14 -> 0 | F93: ='5. Weighted average price'!AV14 -> 0 | G93: ='5. Weighted average price'!AW14 -> 0 | H93: ='5. Weighted average price'!AX14 -> 0
B94: Distance based - Major delivery point 3 | C94: ='5. Weighted average price'!AY14 -> 0 | D94: ='5. Weighted average price'!AZ14 -> 0 | E94: ='5. Weighted average price'!BA14 -> 0 | F94: ='5. Weighted average price'!BB14 -> 0 | G94: ='5. Weighted average price'!BC14 -> 0 | H94: ='5. Weighted average price'!BD14 -> 0
B95: Distance based - Other delivery points | C95: ='5. Weighted average price'!BE14 -> 0 | D95: ='5. Weighted average price'!BF14 -> 0 | E95: ='5. Weighted average price'!BG14 -> 0 | F95: ='5. Weighted average price'!BH14 -> 0 | G95: ='5. Weighted average price'!BI14 -> 0 | H95: ='5. Weighted average price'!BJ14 -> 0
B96: Stand alone compression services
B97: Firm stand alone compression services | C97: ='5. Weighted average price'!F16 -> 0 | D97: ='5. Weighted average price'!G16 -> 0 | E97: ='5. Weighted average price'!H16 -> 0 | F97: ='5. Weighted average price'!I16 -> 0 | G97: ='5. Weighted average price'!J16 -> 0 | H97: ='5. Weighted average price'!K16 -> 0
B98: Storage services
B99: Firm park/park and loan services | C99: ='5. Weighted average price'!F18 -> 0 | D99: ='5. Weighted average price'!G18 -> 0 | E99: ='5. Weighted average price'!H18 -> 0 | F99: ='5. Weighted average price'!I18 -> 0 | G99: ='5. Weighted average price'!J18 -> 0 | H99: ='5. Weighted average price'!K18 -> 0
B100: Exempt services | C100: ='5. Weighted average price'!F19 -> 1258.5408 | F100: ='5. Weighted average price'!I19 -> 0
B103: For information only | C103: As reported in 'Statement of pipeline assets' | D103: As reported in 'Recovered capital'
B104: Total asset value (depreciated book value vs. recovered capital method asset value) | C104: =C37 -> 2.4199539e+08 | D104: =C52 -> 2.273944e+08
B105: Shared asset value as a % of total asset value | C105: =IFERROR('3. Statement of pipeline assets'!D99/'3. Statement of pipeline assets'!D100,0) -> 0.017989253 | D105: =IFERROR('4. Recovered capital'!E23/'4. Recovered capital'!E24,0) -> 0.051743098
B106: Pipeline asset value as a % of total asset value | C106: =IFERROR('3. Statement of pipeline assets'!D80/'3. Statement of pipeline assets'!D100,0) -> 0.98201075 | D106: =IFERROR('4. Recovered capital'!E16/'4. Recovered capital'!E24,0) -> 0.9482569
C107: As reported in 'Revenue and expenses'
B108: Direct revenue as a % of total revenue | C108: =IFERROR('2. Revenues and expenses'!D16/'2. Revenues and expenses'!D20,0) -> 1
B109: Indirect revenue as a % of total revenue | C109: =IFERROR('2. Revenues and expenses'!D19/'2. Revenues and expenses'!D20,0) -> 0
B110: Direct costs as a % of total costs | C110: =IFERROR('2. Revenues and expenses'!D30/'2. Revenues and expenses'!D42,0) -> 0.68980951
B111: Shared costs as a % of total costs | C111: =IFERROR('2. Revenues and expenses'!D41/'2. Revenues and expenses'!D42,0) -> 0.31019049
B114: For reconciliation | C114: As reported in 'Revenue and expenses' | D114: As reported in 'Depreciation amortisation'
B115: Depreciation for pipeline assets | C115: ='2. Revenues and expenses'!F24 -> -3655512.3 | D115: ='3.3 Depreciation amortisation'!N53 -> -3655508.3
...

Sheet 1. Pipeline information
B1: Pipeline information
B2: =Tradingname -> APA (PILBARA PIPELINE) PTY LTD
B3: Reporting Period | C3: =TEXT(Yearstart,"dd/mm/yyyy")&" to "&TEXT(Yearending,"dd/mm/yyyy") -> 01/07/2025 to 30/06/2026
B5: Table 1.1: Pipeline details
B7: Pipeline location | C7: Western Australia
B8: Pipeline length (km) | C8: 251.2
B9: Number of customers | C9: 7
B10: Service type | C10: Transmission
B12: Table 1.2: Pipeline services provided
B14: Service description | C14: Provided to non related parties | D14: Provided to related parties
B15: Transportation services
B16: Firm forward haul transportation service | C16: Yes | D16: No
B17: Interruptible or as available transportation service | C17: Yes | D17: No
B18: Backhaul services | C18: No | D18: No
B19: Stand-alone compression services
B20: Firm stand-alone compression service | C20: No | D20: No
B21: Interruptible or as available stand-alone compression service | C21: No | D21: No
B22: Storage services
B23: Park services | C23: Yes | D23: No
B24: Park and loan services | C24: No | D24: No
B25: Trading services
B26: Capacity trading service | C26: No | D26: No
B27: In pipe trading service | C27: Yes | D27: No
B28: Other (please specify)
B29: other service (insert description)
B30: other service (insert description)
B31: other service (insert description)
B32: other service (insert description)
B33: other service (insert description)
B34: other service (insert description)
B35: other service (insert description)
B36: other service (insert description)

Sheet 1.1 Financial performance
B1: Financial performance measures
B2: =Tradingname -> APA (PILBARA PIPELINE) PTY LTD
B3: Reporting Period | C3: =TEXT(Yearstart,"dd/mm/yyyy")&" to "&TEXT(Yearending,"dd/mm/yyyy") -> 01/07/2025 to 30/06/2026
B5: Table 1.1.1: Return on assets
C7: Pipeline
B8: Earnings before interest and tax | C8: ='2. Revenues and expenses'!F43 -> 22622512
B9: Total assets | C9: ='3. Statement of pipeline assets'!$D$100 -> 2.4199539e+08
B10: Return on assets | C10: =IFERROR(C8/C9,0) -> 0.093483238

Sheet 2. Revenues and expenses
B1: Statement of pipeline revenues and expenses
B2: =Tradingname -> APA (PILBARA PIPELINE) PTY LTD
B3: Reporting Period | C3: =TEXT(Yearstart,"dd/mm/yyyy")&" to "&TEXT(Yearending,"dd/mm/yyyy") -> 01/07/2025 to 30/06/2026
B5: Table 2.1: Statement of pipeline revenues and expenses
D7: Reporting period | G7: Previous reporting period
B8: Basis of Preparation reference | C8: Description | D8: Amounts excluding related party transactions | E8: Related party transactions | F8: Total | G8: Amounts excluding related party transactions | H8: Related party transactions | I8: Total
D9: $ nominal | E9: $ nominal | F9: $ nominal | G9: $ nominal | H9: $ nominal | I9: $ nominal
C10: Direct revenue
B11: 2.3.1 & 2.3.1.1 | C11: Total service revenue | D11: ='2.1 Revenue by service'!D21 -> 31037119 | E11: ='2.1 Revenue by service'!E21 -> 30711.79 | F11: =SUM(D11:E11) -> 31067831 | G11: ='2.1 Revenue by service'!G21 -> 29419767 | H11: ='2.1 Revenue by service'!H21 -> 0 | I11: =SUM(G11:H11) -> 29419767
C12: Customer contribution revenue | D12: ='2.2 Revenue contributions '!C15 -> 0 | E12: ='2.2 Revenue contributions '!D15 -> 0 | F12: =SUM(D12:E12) -> 0 | G12: 0 | I12: =SUM(G12:H12) -> 0
C13: Government contribution revenue | D13: ='2.2 Revenue contributions '!D27 -> 0 | F13: =SUM(D13:E13) -> 0 | G13: 0 | H13: 0 | I13: =SUM(G13:H13) -> 0
C14: Profit from sale of fixed assets | D14: 0 | F14: =SUM(D14:E14) -> 0 | G14: 0 | I14: =SUM(G14:H14) -> 0
B15: 2.3.1 | C15: Other direct revenue | D15: 3843679.5 | F15: =SUM(D15:E15) -> 3843679.5 | G15: 9370427.1 | I15: =SUM(G15:H15) -> 9370427.1
C16: Total direct revenue | D16: =SUM(D11:D15) -> 34880799 | E16: =SUM(E11:E15) -> 30711.79 | F16: =SUM(D16:E16) -> 34911510 | G16: =SUM(G11:G15) -> 38790194 | H16: =SUM(H11:H15) -> 0 | I16: =SUM(I11:I15) -> 38790194
C17: Indirect revenue allocated
C18: Other revenue | D18: ='2.3 Indirect revenue'!G36 -> 0 | E18: ='2.3 Indirect revenue'!H36 -> 0 | F18: =SUM(D18:E18) -> 0 | G18: 0 | I18: =SUM(G18:H18) -> 0
C19: Total indirect revenue allocated | D19: =SUM(D18:D18) -> 0 | E19: =SUM(E18:E18) -> 0 | F19: =SUM(F18:F18) -> 0 | G19: =SUM(G18:G18) -> 0 | H19: =SUM(H18:H18) -> 0 | I19: =SUM(I18:I18) -> 0
C20: Total revenue | D20: =D16+D19 -> 34880799 | E20: =E16+E19 -> 30711.79 | F20: =F16+F19 -> 34911510 | G20: =G16+G19 -> 38790194 | H20: =H16+H19 -> 0 | I20: =I16+I19 -> 38790194
C21: Direct costs
B22: 2.3.2 | C22: Repairs and maintenance | D22: 0 | E22: 0 | F22: =SUM(D22:E22) -> 0 | G22: 0 | I22: =SUM(G22:H22) -> 0
B23: 2.3.2 | C23: Wages | D23: -3395153.6 | E23: -2989.3595 | F23: =SUM(D23:E23) -> -3398143 | G23: -3314073.3 | I23: =SUM(G23:H23) -> -3314073.3
B24: 2.3.2.1 | C24: Depreciation | D24: -3652296.6 | E24: -3215.7683 | F24: =SUM(D24:E24) -> -3655512.3 | G24: -3628943.2 | I24: =SUM(G24:H24) -> -3628943.2
B25: 2.3.2 | C25: Insurance | D25: -112833.68 | E25: -99.347621 | F25: =SUM(D25:E25) -> -112933.03 | G25: -113793.38 | I25: =SUM(G25:H25) -> -113793.38
B26: 2.3.2 | C26: Licence and regulatory costs | D26: -121641.67 | E26: -107.10286 | F26: =SUM(D26:E26) -> -121748.77 | G26: -68495.32 | I26: =SUM(G26:H26) -> -68495.32
B27: 2.3.2 | C27: Directly attributable finance charges | D27: -121.26323 | E27: -0.10676966 | F27: =SUM(D27:E27) -> -121.37 | G27: -168.27 | I27: =SUM(G27:H27) -> -168.27
B28: 2.3.2 | C28: Leasing and rental costs | D28: -17699.836 | E28: -15.584323 | F28: =SUM(D28:E28) -> -17715.42 | G28: -8250.56 | I28: =SUM(G28:H28) -> -8250.56
B29: 2.3.2 | C29: Other direct costs | D29: -1172175.5 | E29: -1032.0752 | F29: =SUM(D29:E29) -> -1173207.6 | G29: -682805.9 | I29: =SUM(G29:H29) -> -682805.9
C30: Total direct costs | D30: =SUM(D22:D29) -> -8471922.1 | E30: =SUM(E22:E29) -> -7459.3445 | F30: =SUM(F22:F29) -> -8479381.5 | G30: =SUM(G22:G29) -> -7816530 | H30: =SUM(H22:H29) -> 0 | I30: =SUM(I22:I29) -> -7816530
C31: Shared costs
C32: Employee costs | D32: =SUMIF('2.4 Shared costs'!$C$9:$C$35,'2. Revenues and expenses'!$C32,'2.4 Shared costs'!$H$9:$H$35) -> 0 | E32: =SUMIF('2.4 Shared costs'!$C$9:$C$35,'2. Revenues and expenses'!$C32,'2.4 Shared costs'!$I$9:$I$35) -> 0 | F32: =SUM(D32:E32) -> 0 | G32: 0 | H32: 0 | I32: =SUM(G32:H32) -> 0
C33: Information technology and communication costs | D33: =SUMIF('2.4 Shared costs'!$C$9:$C$35,'2. Revenues and expenses'!$C33,'2.4 Shared costs'!$H$9:$H$35) -> 0 | E33: =SUMIF('2.4 Shared costs'!$C$9:$C$35,'2. Revenues and expenses'!$C33,'2.4 Shared costs'!$I$9:$I$35) -> 0 | F33: =SUM(D33:E33) -> 0 | G33: 0 | H33: 0 | I33: =SUM(G33:H33) -> 0
C34: Indirect operating expenses | D34: =SUMIF('2.4 Shared costs'!$C$9:$C$35,'2. Revenues and expenses'!$C34,'2.4 Shared costs'!$H$9:$H$35) -> 0 | E34: =SUMIF('2.4 Shared costs'!$C$9:$C$35,'2. Revenues and expenses'!$C34,'2.4 Shared costs'!$I$9:$I$35) -> 0 | F34: =SUM(D34:E34) -> 0 | G34: 0 | H34: 0 | I34: =SUM(G34:H34) -> 0
B35: 2.3.2.1 | C35: Shared asset depreciation | D35: =SUMIF('2.4 Shared costs'!$C$9:$C$35,'2. Revenues and expenses'!$C35,'2.4 Shared costs'!$H$9:$H$35) -> -1051754.7 | E35: =SUMIF('2.4 Shared costs'!$C$9:$C$35,'2. Revenues and expenses'!$C35,'2.4 Shared costs'!$I$9:$I$35) -> 0 | F35: =SUM(D35:E35) -> -1051754.7 | G35: -875301.37 | H35: 0 | I35: =SUM(G35:H35) -> -875301.37
C36: Rental and leasing costs | D36: =SUMIF('2.4 Shared costs'!$C$9:$C$35,'2. Revenues and expenses'!$C36,'2.4 Shared costs'!$H$9:$H$35) -> 0 | E36: =SUMIF('2.4 Shared costs'!$C$9:$C$35,'2. Revenues and expenses'!$C36,'2.4 Shared costs'!$I$9:$I$35) -> 0 | F36: =SUM(D36:E36) -> 0 | G36: 0 | H36: 0 | I36: =SUM(G36:H36) -> 0
C37: Borrowing costs | D37: =SUMIF('2.4 Shared costs'!$C$9:$C$35,'2. Revenues and expenses'!$C37,'2.4 Shared costs'!$H$9:$H$35) -> 0 | E37: =SUMIF('2.4 Shared costs'!$C$9:$C$35,'2. Revenues and expenses'!$C37,'2.4 Shared costs'!$I$9:$I$35) -> 0 | F37: =SUM(D37:E37) -> 0 | G37: 0 | H37: 0 | I37: =SUM(G37:H37) -> 0
C38: Loss from sale of shared fixed assets | D38: =SUMIF('2.4 Shared costs'!$C$9:$C$35,'2. Revenues and expenses'!$C38,'2.4 Shared costs'!$H$9:$H$35) -> 0 | E38: =SUMIF('2.4 Shared costs'!$C$9:$C$35,'2. Revenues and expenses'!$C38,'2.4 Shared costs'!$I$9:$I$35) -> 0 | F38: =SUM(D38:E38) -> 0 | G38: 0 | H38: 0 | I38: =SUM(G38:H38) -> 0
B39: 2.4.4 | C39: Impairment losses (nature of the impairment loss) | D39: =SUMIF('2.4 Shared costs'!$C$9:$C$35,'2. Revenues and expenses'!$C39,'2.4 Shared costs'!$H$9:$H$35) -> 0 | E39: =SUMIF('2.4 Shared costs'!$C$9:$C$35,'2. Revenues and expenses'!$C39,'2.4 Shared costs'!$I$9:$I$35) -> 0 | F39: =SUM(D39:E39) -> 0 | G39: 0 | H39: 0 | I39: =SUM(G39:H39) -> 0
B40: 2.3.2.2 | C40: Other shared costs | D40: =SUMIF('2.4 Shared costs'!$C$9:$C$35,'2. Revenues and expenses'!$C40,'2.4 Shared costs'!$H$9:$H$35) -> -2757861.8 | E40: =SUMIF('2.4 Shared costs'!$C$9:$C$35,'2. Revenues and expenses'!$C40,'2.4 Shared costs'!$I$9:$I$35) -> 0 | F40: =SUM(D40:E40) -> -2757861.8 | G40: -3467832.1 | H40: 0 | I40: =SUM(G40:H40) -> -3467832.1
C41: Total shared costs allocated | D41: =SUM(D32:D40) -> -3809616.5 | E41: =SUM(E32:E40) -> 0 | F41: =SUM(F32:F40) -> -3809616.5 | G41: -4343133.5 | H41: 0 | I41: =SUM(I32:I40) -> -4343133.5
C42: Total costs | D42: =D30+D41 -> -12281539 | E42: =E30+E41 -> -7459.3445 | F42: =F30+F41 -> -12288998 | G42: -12159663 | H42: 0 | I42: =I30+I41 -> -12159663
C43: Earnings before Interest and tax (EBIT) | D43: =D20+D42 -> 22599260 | E43: =E20+E42 -> 23252.446 | F43: =F20+F42 -> 22622512 | G43: 26630530 | H43: 0 | I43: =I20+I42 -> 26630530

Sheet 2.1 Revenue by service
B1: Revenue by service
B2: =Tradingname -> APA (PILBARA PIPELINE) PTY LTD
B3: Reporting Period | C3: =TEXT(Yearstart,"dd/mm/yyyy")&" to "&TEXT(Yearending,"dd/mm/yyyy") -> 01/07/2025 to 30/06/2026
B5: Table 2.1.1: Revenue by service
D7: Reporting period | G7: Previous reporting period
B8: Basis of Preparation reference | C8: Description | D8: Amounts excluding related party transactions | E8: Related party transactions | F8: Total | G8: Amounts excluding related party transactions | H8: Related party transactions | I8: Total
D9: $ nominal | E9: $ nominal | F9: $ nominal | G9: $ nominal | H9: $ nominal | I9: $ nominal
C10: Revenue by service
B11: 2.3.1 & 2.3.1.1 | C11: Firm forward haul transportation services | D11: 28528311 | F11: =SUM(D11:E11) -> 28528311 | G11: 27126676 | I11: =SUM(G11:H11) -> 27126676
B12: 2.3.1 | C12: Interruptible or as available transportation services | D12: 729771.22 | F12: =SUM(D12:E12) -> 729771.22 | G12: 595093.57 | I12: =SUM(G12:H12) -> 595093.57
B13: 2.3.1 | C13: Backhaul services | D13: 0 | F13: =SUM(D13:E13) -> 0 | G13: 0 | I13: =SUM(G13:H13) -> 0
B14: 2.3.1 | C14: Firm stand-alone compression service | D14: 0 | F14: =SUM(D14:E14) -> 0 | G14: 0 | I14: =SUM(G14:H14) -> 0
B15: 2.3.1 | C15: Interruptible or as available stand-alone compression service | D15: 0 | F15: =SUM(D15:E15) -> 0 | G15: 0 | I15: =SUM(G15:H15) -> 0
B16: 2.3.1 | C16: Park services | D16: 1258540.8 | F16: =SUM(D16:E16) -> 1258540.8 | G16: 1223156 | I16: =SUM(G16:H16) -> 1223156
B17: 2.3.1 | C17: Park and loan services | D17: 0 | F17: =SUM(D17:E17) -> 0 | G17: 0 | I17: =SUM(G17:H17) -> 0
B18: 2.3.1 | C18: Capacity trading service | D18: 0 | F18: =SUM(D18:E18) -> 0 | G18: 0 | I18: =SUM(G18:H18) -> 0
B19: 2.3.1 | C19: In pipe trading service | D19: 8859.1 | F19: =SUM(D19:E19) -> 8859.1 | G19: 7977.81 | I19: =SUM(G19:H19) -> 7977.81
B20: 2.3.1 | C20: Other pipeline revenue (if relevant) | D20: 511636.58 | E20: 30711.79 | F20: =SUM(D20:E20) -> 542348.37 | G20: 466863.47 | I20: =SUM(G20:H20) -> 466863.47
C21: Total service revenue | D21: =SUM(D11:D20) -> 31037119 | E21: =SUM(E11:E20) -> 30711.79 | F21: =SUM(F11:F20) -> 31067831 | G21: =SUM(G11:G20) -> 29419767 | H21: =SUM(H11:H20) -> 0 | I21: =SUM(I11:I20) -> 29419767

Sheet 2.2 Revenue contributions 
B1: Revenue - contributions
B2: =Tradingname -> APA (PILBARA PIPELINE) PTY LTD
B3: Reporting Period | C3: =TEXT(Yearstart,"dd/mm/yyyy")&" to "&TEXT(Yearending,"dd/mm/yyyy") -> 01/07/2025 to 30/06/2026
B5: Table 2.2.1: Customer contributions received
B7: Description | C7: Amounts excluding related party transactions | D7: Related party transactions | E7: Total
C8: $ nominal | D8: $ nominal | E8: $ nominal
B9: Customer Contributions | C9: 0 | D9: 0 | E9: =SUM(C9:D9) -> 0
E10: =SUM(C10:D10) -> 0
E11: =SUM(C11:D11) -> 0
E12: =SUM(C12:D12) -> 0
E13: =SUM(C13:D13) -> 0
E14: =SUM(C14:D14) -> 0
B15: Total | C15: =SUM(C9:C14) -> 0 | D15: =SUM(D9:D14) -> 0 | E15: =SUM(E9:E14) -> 0
B17: Table 2.2.2: Government contributions received
B19: Source | C19: Description | D19: Total
D20: $ nominal
B27: Total | D27: =SUM(D21:D26) -> 0

Sheet 2.3 Indirect revenue
B1: Indirect revenue
B2: =Tradingname -> APA (PILBARA PIPELINE) PTY LTD | E2: Please ensure allocation methodologies are explained in sufficient detail in the Basis of Preparation as required under section 3.2.4 of the Guideline
B3: Reporting Period | C3: =TEXT(Yearstart,"dd/mm/yyyy")&" to "&TEXT(Yearending,"dd/mm/yyyy") -> 01/07/2025 to 30/06/2026
B5: Table 2.3.1: Indirect revenue allocation
B7: Basis of Preparation reference | C7: Description | D7: Indirect revenue excluding related parties | E7: Indirect revenue from related parties | F7: % allocated to pipeline | G7: Total allocated to pipeline excluding related parties | H7: Total related party amounts allocated to pipeline
C8: (list each individual revenue item) | D8: $ nominal | E8: $ nominal | G8: $ nominal | H8: $ nominal
G9: =D9*F9 -> 0 | H9: =E9*F9 -> 0
G10: =D10*F10 -> 0 | H10: =E10*F10 -> 0
G11: =D11*F11 -> 0 | H11: =E11*F11 -> 0
G12: =D12*F12 -> 0 | H12: =E12*F12 -> 0
G13: =D13*F13 -> 0 | H13: =E13*F13 -> 0
G14: =D14*F14 -> 0 | H14: =E14*F14 -> 0
G15: =D15*F15 -> 0 | H15: =E15*F15 -> 0
G16: =D16*F16 -> 0 | H16: =E16*F16 -> 0
G17: =D17*F17 -> 0 | H17: =E17*F17 -> 0
G18: =D18*F18 -> 0 | H18: =E18*F18 -> 0
G19: =D19*F19 -> 0 | H19: =E19*F19 -> 0
G20: =D20*F20 -> 0 | H20: =E20*F20 -> 0
... G35: =D35*F35 -> 0 | H35: =E35*F35 -> 0
C36: Total | D36: =SUM(D9:D35) -> 0 | E36: =SUM(E9:E35) -> 0 | G36: =SUM(G9:G35) -> 0 | H36: =SUM(H9:H35) -> 0

Sheet 2.4 Shared costs
B1: Shared costs
B2: =Tradingname -> APA (PILBARA PIPELINE) PTY LTD | E2: Please ensure allocation methodologies are explained in sufficient detail in the Basis of Preparation as required under section 3.2.4 of the Guideline
B3: Reporting Period | C3: =TEXT(Yearstart,"dd/mm/yyyy")&" to "&TEXT(Yearending,"dd/mm/yyyy") -> 01/07/2025 to 30/06/2026
B5: Table 2.4.1: Shared cost allocation
B7: Basis of Preparation reference | C7: Description | D7: Income statement account applied to | E7: Shared costs excluding related parties | F7: Shared costs paid to related parties | G7: % allocated to pipeline | H7: Total allocated to pipeline excluding related parties | I7: Total related party amounts allocated to pipeline
C8: (list each individual cost) | E8: $ nominal | F8: $ nominal | H8: $ nominal | I8: $ nominal
C9: Employee costs | H9: =E9*G9 -> 0 | I9: =F9*G9 -> 0
C10: Information technology and communication costs | H10: =E10*G10 -> 0 | I10: =F10*G10 -> 0
C11: Indirect operating expenses | H11: =E11*G11 -> 0 | I11: =F11*G11 -> 0
B12: 2.3.2.1 | C12: Shared asset depreciation | E12: -55832677 | G12: 0.018837619 | H12: =E12*G12 -> -1051754.7 | I12: =F12*G12 -> 0
C13: Rental and leasing costs | H13: =E13*G13 -> 0 | I13: =F13*G13 -> 0
C14: Borrowing costs | H14: =E14*G14 -> 0 | I14: =F14*G14 -> 0
C15: Loss from sale of shared fixed assets | H15: =E15*G15 -> 0 | I15: =F15*G15 -> 0
C16: Impairment losses (nature of the impairment loss) | H16: =E16*G16 -> 0 | I16: =F16*G16 -> 0
C17: Other shared costs | E17: =SUM(E18:E35) -> -1.5817367e+08 | F17: =SUM(F18:F35) -> 0 | H17: =SUM(H18:H35) -> -2757861.8 | I17: =SUM(I18:I35) -> 0
B18: 2.3.2.2 | C18: Corporate operating expenditure | E18: -1.3961034e+08 | G18: 0.017435656 | H18: =E18*G18 -> -2434197.9 | I18: =F18*G18 -> 0
B19: 2.3.2.2 | C19: Shared leased interest | E19: -2966202.3 | G19: 0.017435656 | H19: =E19*G19 -> -51717.682 | I19: =F19*G19 -> 0
B20: 2.3.2.1 | C20: Shared leased asset depreciation | E20: -15597130 | G20: 0.017435656 | H20: =E20*G20 -> -271946.19 | I20: =F20*G20 -> 0
H21: =E21*G21 -> 0 | I21: =F21*G21 -> 0
H22: =E22*G22 -> 0 | I22: =F22*G22 -> 0
H23: =E23*G23 -> 0 | I23: =F23*G23 -> 0
H24: =E24*G24 -> 0 | I24: =F24*G24 -> 0
H25: =E25*G25 -> 0 | I25: =F25*G25 -> 0
H26: =E26*G26 -> 0 | I26: =F26*G26 -> 0
H27: =E27*G27 -> 0 | I27: =F27*G27 -> 0
H28: =E28*G28 -> 0 | I28: =F28*G28 -> 0
H29: =E29*G29 -> 0 | I29: =F29*G29 -> 0
H30: =E30*G30 -> 0 | I30: =F30*G30 -> 0
H31: =E31*G31 -> 0 | I31: =F31*G31 -> 0
H32: =E32*G32 -> 0 | I32: =F32*G32 -> 0
... H35: =E35*G35 -> 0 | I35: =F35*G35 -> 0
C36: Total | E36: =SUM(E9:E17) -> -2.1400635e+08 | F36: =SUM(F9:F17) -> 0 | H36: =SUM(H9:H17) -> -3809616.5 | I36: =SUM(I9:I17) -> 0

Sheet 3. Statement of pipeline assets
B1: Statement of pipeline assets
B2: =Tradingname -> APA (PILBARA PIPELINE) PTY LTD
B3: Reporting Period | C3: =TEXT(Yearstart,"dd/mm/yyyy")&" to "&TEXT(Yearending,"dd/mm/yyyy") -> 01/07/2025 to 30/06/2026
B5: Table 3.1: Pipeline assets
B7: Basis of Preparation reference | C7: Description | D7: Reporting period | E7: Previous reporting period
C8: Pipeline Assets
C9: Pipelines | D9: $ nominal | E9: $ nominal
B10: 2.4 | C10: Initial construction or acquisition costs | D10: =SUMIF('3.3 Depreciation amortisation'!$D$9:$D$52,'3. Statement of pipeline assets'!C9,'3.3 Depreciation amortisation'!$H$9:$H$52) -> 1.6110026e+08 | E10: 1.6110026e+08
B11: 2.4 | C11: Additions | D11: =SUMIF('3.3 Depreciation amortisation'!$D$9:$D$52,'3. Statement of pipeline assets'!C9,'3.3 Depreciation amortisation'!$I$9:$I$52) -> 26340560 | E11: 26732525
B12: 2.4 | C12: Capitalised maintenance or improvements | D12: =SUMIF('3.3 Depreciation amortisation'!$D$9:$D$52,'3. Statement of pipeline assets'!C9,'3.3 Depreciation amortisation'!$J$9:$J$52) -> 164679.02 | E12: 164679.02
C13: Total capitalised pipeline construction costs | D13: =SUM(D10:D12) -> 1.876055e+08 | E13: =SUM(E10:E12) -> 1.8799746e+08
B14: 2.4 | C14: Depreciation | D14: =SUMIF('3.3 Depreciation amortisation'!$D$9:$D$52,'3. Statement of pipeline assets'!C9,'3.3 Depreciation amortisation'!$M$9:$M$52)+SUMIF('3.3 Depreciation amortisation'!$D$9:$D$52,'3. Statement of pipeline assets'!C9,'3.3 Depreciation amortisation'!$N$9:$N$52) -> -31123111 | E14: -28776656
B15: 2.4 | C15: Disposals or early termination (at cost) | D15: =SUMIF('3.3 Depreciation amortisation'!$D$9:$D$52,'3. Statement of pipeline assets'!C9,'3.3 Depreciation amortisation'!$K$9:$K$52) -> -131942.24 | E15: -131942.24
C16: Closing pipeline carrying value | D16: =SUM(D13:D15) -> 1.5635044e+08 | E16: =SUM(E13:E15) -> 1.5908886e+08
C17: Compressors
B18: 2.4 | C18: Initial construction or acquisition costs | D18: =SUMIF('3.3 Depreciation amortisation'!$D$9:$D$52,'3. Statement of pipeline assets'!C17,'3.3 Depreciation amortisation'!$H$9:$H$52) -> 19752693 | E18: 19752693
B19: 2.4 | C19: Additions | D19: =SUMIF('3.3 Depreciation amortisation'!$D$9:$D$52,'3. Statement of pipeline assets'!C17,'3.3 Depreciation amortisation'!$I$9:$I$52) -> 133212.29 | E19: 133212.29
B20: 2.4 | C20: Capitalised maintenance or improvements | D20: =SUMIF('3.3 Depreciation amortisation'!$D$9:$D$52,'3. Statement of pipeline assets'!C17,'3.3 Depreciation amortisation'!$J$9:$J$52) -> 0 | E20: 0
B21: 2.4 | C21: Depreciation | D21: =SUMIF('3.3 Depreciation amortisation'!$D$9:$D$52,'3. Statement of pipeline assets'!C17,'3.3 Depreciation amortisation'!$M$9:$M$52)+SUMIF('3.3 Depreciation amortisation'!$D$9:$D$52,'3. Statement of pipeline assets'!C17,'3.3 Depreciation amortisation'!$N$9:$N$52) -> -7780038.5 | E21: -7213125.3
B22: 2.4 | C22: Disposal or early termination (at cost) | D22: =SUMIF('3.3 Depreciation amortisation'!$D$9:$D$52,'3. Statement of pipeline assets'!C17,'3.3 Depreciation amortisation'!$K$9:$K$52) -> 38.88 | E22: 38.88
C23: Closing compressors carrying value | D23: =SUM(D18:D22) -> 12105906 | E23: =SUM(E18:E22) -> 12672819
C24: City Gates, supply regulators and valve stations
B25: 2.4 | C25: Initial construction or acquisition costs | D25: =SUMIF('3.3 Depreciation amortisation'!$D$9:$D$52,'3. Statement of pipeline assets'!C24,'3.3 Depreciation amortisation'!$H$9:$H$52) -> 3873431.8 | E25: 3873431.8
B26: 2.4 | C26: Additions | D26: =SUMIF('3.3 Depreciation amortisation'!$D$9:$D$52,'3. Statement of pipeline assets'!C24,'3.3 Depreciation amortisation'!$I$9:$I$52) -> 50912.69 | E26: 50912.69
B27: 2.4 | C27: Capitalised maintenance or improvements | D27: =SUMIF('3.3 Depreciation amortisation'!$D$9:$D$52,'3. Statement of pipeline assets'!C24,'3.3 Depreciation amortisation'!$J$9:$J$52) -> 0 | E27: 0
B28: 2.4 | C28: Depreciation | D28: =SUMIF('3.3 Depreciation amortisation'!$D$9:$D$52,'3. Statement of pipeline assets'!C24,'3.3 Depreciation amortisation'!$M$9:$M$52)+SUMIF('3.3 Depreciation amortisation'!$D$9:$D$52,'3. Statement of pipeline assets'!C24,'3.3 Depreciation amortisation'!$N$9:$N$52) -> -1074618.8 | E28: -996239.61
B29: 2.4 | C29: Disposal or early termination (at cost) | D29: =SUMIF('3.3 Depreciation amortisation'!$D$9:$D$52,'3. Statement of pipeline assets'!C24,'3.3 Depreciation amortisation'!$K$9:$K$52) -> 0 | E29: 0
C30: Closing city gates, supply regulators and valve stations carrying value | D30: =SUM(D25:D29) -> 2849725.7 | E30: =SUM(E25:E29) -> 2928104.9
C31: Metering
B32: 2.4 | C32: Initial construction or acquisition costs | D32: =SUMIF('3.3 Depreciation amortisation'!$D$9:$D$52,'3. Statement of pipeline assets'!C31,'3.3 Depreciation amortisation'!$H$9:$H$52) -> 6536118.9 | E32: 6536118.9
B33: 2.4 | C33: Additions | D33: =SUMIF('3.3 Depreciation amortisation'!$D$9:$D$52,'3. Statement of pipeline assets'!C31,'3.3 Depreciation amortisation'!$I$9:$I$52) -> 12796417 | E33: 12796417
B34: 2.4 | C34: Capitalised maintenance or improvements | D34: =SUMIF('3.3 Depreciation amortisation'!$D$9:$D$52,'3. Statement of pipeline assets'!C31,'3.3 Depreciation amortisation'!$J$9:$J$52) -> 0 | E34: 0
B35: 2.4 | C35: Depreciation | D35: =SUMIF('3.3 Depreciation amortisation'!$D$9:$D$52,'3. Statement of pipeline assets'!C31,'3.3 Depreciation amortisation'!$M$9:$M$52)+SUMIF('3.3 Depreciation amortisation'!$D$9:$D$52,'3. Statement of pipeline assets'!C31,'3.3 Depreciation amortisation'!$N$9:$N$52) -> -4552020.2 | E35: -4166032.4
B36: 2.4 | C36: Disposal or early termination (at cost) | D36: =SUMIF('3.3 Depreciation amortisation'!$D$9:$D$52,'3. Statement of pipeline assets'!C31,'3.3 Depreciation amortisation'!$K$9:$K$52) -> -5898.46 | E36: -5898.46
C37: Closing Metering | D37: =SUM(D32:D36) -> 14774617 | E37: =SUM(E32:E36) -> 15160605
C38: Odorant plants
B39: 2.4 | C39: Initial construction or acquisition costs | D39: =SUMIF('3.3 Depreciation amortisation'!$D$9:$D$52,'3. Statement of pipeline assets'!C38,'3.3 Depreciation amortisation'!$H$9:$H$52) -> 33636.46 | E39: 33636.46
B40: 2.4 | C40: Additions | D40: =SUMIF('3.3 Depreciation amortisation'!$D$9:$D$52,'3. Statement of pipeline assets'!C38,'3.3 Depreciation amortisation'!$I$9:$I$52) -> 755484.53 | E40: 755484.53
B41: 2.4 | C41: Capitalised maintenance or improvements | D41: =SUMIF('3.3 Depreciation amortisation'!$D$9:$D$52,'3. Statement of pipeline assets'!C38,'3.3 Depreciation amortisation'!$J$9:$J$52) -> 0 | E41: 0
B42: 2.4 | C42: Depreciation | D42: =SUMIF('3.3 Depreciation amortisation'!$D$9:$D$52,'3. Statement of pipeline assets'!C38,'3.3 Depreciation amortisation'!$M$9:$M$52)+SUMIF('3.3 Depreciation amortisation'!$D$9:$D$52,'3. Statement of pipeline assets'!C38,'3.3 Depreciation amortisation'!$N$9:$N$52) -> -39725.285 | E42: -24682.745
B43: 2.4 | C43: Disposal or early termination (at cost) | D43: =SUMIF('3.3 Depreciation amortisation'!$D$9:$D$52,'3. Statement of pipeline assets'!C38,'3.3 Depreciation amortisation'!$K$9:$K$52) -> 1.88 | E43: 1.88
C44: Closing odorant plants carrying value | D44: =SUM(D39:D43) -> 749397.59 | E44: =SUM(E39:E43) -> 764440.13
C45: SCADA (Communications)
B46: 2.4 | C46: Initial construction or acquisition costs | D46: =SUMIF('3.3 Depreciation amortisation'!$D$9:$D$52,'3. Statement of pipeline assets'!C45,'3.3 Depreciation amortisation'!$H$9:$H$52) -> 454190.98 | E46: 454190.98
B47: 2.4 | C47: Additions | D47: =SUMIF('3.3 Depreciation amortisation'!$D$9:$D$52,'3. Statement of pipeline assets'!C45,'3.3 Depreciation amortisation'!$I$9:$I$52) -> 2350869.5 | E47: 2350869.5
B48: 2.4 | C48: Capitalised maintenance or improvements | D48: =SUMIF('3.3 Depreciation amortisation'!$D$9:$D$52,'3. Statement of pipeline assets'!C45,'3.3 Depreciation amortisation'!$J$9:$J$52) -> 0 | E48: 0
B49: 2.4 | C49: Depreciation | D49: =SUMIF('3.3 Depreciation amortisation'!$D$9:$D$52,'3. Statement of pipeline assets'!C45,'3.3 Depreciation amortisation'!$M$9:$M$52)+SUMIF('3.3 Depreciation amortisation'!$D$9:$D$52,'3. Statement of pipeline assets'!C45,'3.3 Depreciation amortisation'!$N$9:$N$52) -> -1050991.5 | E49: -864619.95
B50: 2.4 | C50: Disposal or early termination (at cost) | D50: =SUMIF('3.3 Depreciation amortisation'!$D$9:$D$52,'3. Statement of pipeline assets'!C45,'3.3 Depreciation amortisation'!$K$9:$K$52) -> 16.97 | E50: 16.97
C51: Closing SCADA carrying value | D51: =SUM(D46:D50) -> 1754085.9 | E51: =SUM(E46:E50) -> 1940457.5
C52: Buildings
B53: 2.4 | C53: Initial construction or acquisition costs | D53: =SUMIF('3.3 Depreciation amortisation'!$D$9:$D$52,'3. Statement of pipeline assets'!C52,'3.3 Depreciation amortisation'!$H$9:$H$52) -> 95325.01 | E53: 95325.01
B54: 2.4 | C54: Additions | D54: =SUMIF('3.3 Depreciation amortisation'!$D$9:$D$52,'3. Statement of pipeline assets'!C52,'3.3 Depreciation amortisation'!$I$9:$I$52) -> 149439.89 | E54: 149439.89
B55: 2.4 | C55: Capitalised maintenance or improvements | D55: =SUMIF('3.3 Depreciation amortisation'!$D$9:$D$52,'3. Statement of pipeline assets'!C52,'3.3 Depreciation amortisation'!$J$9:$J$52) -> 0 | E55: 0
B56: 2.4 | C56: Depreciation | D56: =SUMIF('3.3 Depreciation amortisation'!$D$9:$D$52,'3. Statement of pipeline assets'!C52,'3.3 Depreciation amortisation'!$M$9:$M$52)+SUMIF('3.3 Depreciation amortisation'!$D$9:$D$52,'3. Statement of pipeline assets'!C52,'3.3 Depreciation amortisation'!$N$9:$N$52) -> -23989.47 | E56: -20930.49
B57: 2.4 | C57: Disposal or early termination (at cost) | D57: =SUMIF('3.3 Depreciation amortisation'!$D$9:$D$52,'3. Statement of pipeline assets'!C52,'3.3 Depreciation amortisation'!$K$9:$K$52) -> 175.48 | E57: 175.48
C58: Closing buildings carrying value | D58: =SUM(D53:D57) -> 220950.91 | E58: =SUM(E53:E57) -> 224009.89
C59: Land and easements
B60: 2.4 | C60: Initial construction or acquisition costs | D60: =SUMIF('3.3 Depreciation amortisation'!$D$9:$D$52,'3. Statement of pipeline assets'!C59,'3.3 Depreciation amortisation'!$H$9:$H$52) -> 0 | E60: 0
B61: 2.4 | C61: Additions | D61: =SUMIF('3.3 Depreciation amortisation'!$D$9:$D$52,'3. Statement of pipeline assets'!C59,'3.3 Depreciation amortisation'!$I$9:$I$52) -> 0 | E61: 0
B62: 2.4 | C62: Capitalised maintenance or improvements | D62: =SUMIF('3.3 Depreciation amortisation'!$D$9:$D$52,'3. Statement of pipeline assets'!C59,'3.3 Depreciation amortisation'!$J$9:$J$52) -> 0 | E62: 0
B63: 2.4 | C63: Disposal or early termination (at cost) | D63: =SUMIF('3.3 Depreciation amortisation'!$D$9:$D$52,'3. Statement of pipeline assets'!C59,'3.3 Depreciation amortisation'!$K$9:$K$52) -> 0 | E63: 0
C64: Closing land and easements carrying value | D64: =SUM(D60:D63) -> 0 | E64: =SUM(E60:E63) -> 0
C65: Other depreciable pipeline assets
B66: 2.4 | C66: Initial construction or acquisition costs | D66: =SUMIF('3.3 Depreciation amortisation'!$D$9:$D$52,'3. Statement of pipeline assets'!C65,'3.3 Depreciation amortisation'!$H$9:$H$52) -> 246104.25 | E66: 246104.25
B67: 2.4 | C67: Additions | D67: =SUMIF('3.3 Depreciation amortisation'!$D$9:$D$52,'3. Statement of pipeline assets'!C65,'3.3 Depreciation amortisation'!$I$9:$I$52) -> 1975138.4 | E67: 1572164.3
B68: 2.4 | C68: Capitalised maintenance or improvements | D68: =SUMIF('3.3 Depreciation amortisation'!$D$9:$D$52,'3. Statement of pipeline assets'!C65,'3.3 Depreciation amortisation'!$J$9:$J$52) -> 0 | E68: 0
B69: 2.4 | C69: Depreciation | D69: =SUMIF('3.3 Depreciation amortisation'!$D$9:$D$52,'3. Statement of pipeline assets'!C65,'3.3 Depreciation amortisation'!$M$9:$M$52)+SUMIF('3.3 Depreciation amortisation'!$D$9:$D$52,'3. Statement of pipeline assets'!C65,'3.3 Depreciation amortisation'!$N$9:$N$52) -> -684030.82 | E69: -612530.14
B70: 2.4 | C70: Disposal or early termination (at cost) | D70: =SUMIF('3.3 Depreciation amortisation'!$D$9:$D$52,'3. Statement of pipeline assets'!C65,'3.3 Depreciation amortisation'!$K$9:$K$52) -> -4995.09 | E70: -4995.09
C71: Closing other depreciable pipeline assets carrying value | D71: =SUM(D66:D70) -> 1532216.7 | E71: =SUM(E66:E70) -> 1200743.3
C72: Leased Assets
B73: 2.4 | C73: Initial construction or acquisition costs | D73: =SUMIF('3.3 Depreciation amortisation'!$D$9:$D$52,'3. Statement of pipeline assets'!C72,'3.3 Depreciation amortisation'!$H$9:$H$52) -> 19092.468 | E73: 19092.468
B74: 2.4 | C74: Additions | D74: =SUMIF('3.3 Depreciation amortisation'!$D$9:$D$52,'3. Statement of pipeline assets'!C72,'3.3 Depreciation amortisation'!$I$9:$I$52) -> 16261.97 | E74: 16261.97
B75: 2.4 | C75: Capitalised maintenance or improvements | D75: =SUMIF('3.3 Depreciation amortisation'!$D$9:$D$52,'3. Statement of pipeline assets'!C72,'3.3 Depreciation amortisation'!$J$9:$J$52) -> 0 | E75: 0
B76: 2.4 | C76: Depreciation (Amortisation) | D76: =SUMIF('3.3 Depreciation amortisation'!$D$9:$D$52,'3. Statement of pipeline assets'!C72,'3.3 Depreciation amortisation'!$M$9:$M$52)+SUMIF('3.3 Depreciation amortisation'!$D$9:$D$52,'3. Statement of pipeline assets'!C72,'3.3 Depreciation amortisation'!$N$9:$N$52) -> 1728.176 | E76: 3527.356
B77: 2.4 | C77: Disposal or early termination (at cost) | D77: =SUMIF('3.3 Depreciation amortisation'!$D$9:$D$52,'3. Statement of pipeline assets'!C72,'3.3 Depreciation amortisation'!$K$9:$K$52) -> -32574.824 | E77: -32574.824
C78: Closing leased asset carrying value | D78: =SUM(D73:D77) -> 4507.79 | E78: =SUM(E73:E77) -> 6306.97
B79: 2.4 | C79: Other non-depreciable pipeline assets | D79: 47300223 | E79: 50845997
C80: Total pipeline assets | D80: =SUM(D16,D23,D30,D37,D44,D51,D58,D64,D71,D78, D79) -> 2.3764207e+08 | E80: =SUM(E16,E23,E30,E37,E44,E51,E58,E64,E71,E78, E79) -> 2.4483235e+08
C81: Shared supporting assets allocated
C82: Shared property, plant and equipment
B83: 2.4.5 | C83: Initial construction or acquisition costs | D83: =SUMIF('3.3 Depreciation amortisation'!$D$60:$D$81,$C$82,'3.3 Depreciation amortisation'!$G$60:$G$81) -> 11975537 | E83: 10594300
B84: 2.4.5 | C84: Additions | D84: =SUMIF('3.3 Depreciation amortisation'!$D$60:$D$81,$C$82,'3.3 Depreciation amortisation'!$H$60:$H$81) -> 0 | E84: 0
B85: 2.4.5 | C85: Capitalised maintenance or improvements | D85: =SUMIF('3.3 Depreciation amortisation'!$D$60:$D$81,$C$82,'3.3 Depreciation amortisation'!$I$60:$I$81) -> 0 | E85: 0
B86: 2.4.5 | C86: Depreciation | D86: =SUMIF('3.3 Depreciation amortisation'!$D$60:$D$81,$C$82,'3.3 Depreciation amortisation'!$L$60:$L$81)+SUMIF('3.3 Depreciation amortisation'!$D$60:$D$81,$C$82,'3.3 Depreciation amortisation'!$M$60:$M$81) -> -7464852.5 | E86: -6413097.8
B87: 2.4.5 | C87: Disposal or early termination (at cost) | D87: =SUMIF('3.3 Depreciation amortisation'!$D$60:$D$81,$C$82,'3.3 Depreciation amortisation'!$J$60:$J$81) -> -947836.79 | E87: -808996.58
C88: Closing shared property, plant and equipment carrying value | D88: =SUM(D83:D87) -> 3562847.9 | E88: =SUM(E83:E87) -> 3372205.7
C89: Shared leased assets
B90: 2.4.5 | C90: Initial construction or acquisition costs | D90: =SUMIF('3.3 Depreciation amortisation'!$D$60:$D$81,$C$89,'3.3 Depreciation amortisation'!$G$60:$G$81) -> 449341.17 | E90: 449341.17
B91: 2.4.5 | C91: Additions | D91: =SUMIF('3.3 Depreciation amortisation'!$D$60:$D$81,$C$89,'3.3 Depreciation amortisation'!$H$60:$H$81) -> 1991343 | E91: 1295166.9
B92: 2.4.5 | C92: Capitalised maintenance or improvements | D92: =SUMIF('3.3 Depreciation amortisation'!$D$60:$D$81,$C$89,'3.3 Depreciation amortisation'!$I$60:$I$81) -> 0 | E92: 0
B93: 2.4.5 | C93: Depreciation (amortisation) | D93: =SUMIF('3.3 Depreciation amortisation'!$D$60:$D$81,$C$89,'3.3 Depreciation amortisation'!$L$60:$L$81)+SUMIF('3.3 Depreciation amortisation'!$D$60:$D$81,$C$89,'3.3 Depreciation amortisation'!$M$60:$M$81) -> -1229819.5 | E93: -957873.35
B94: 2.4.5 | C94: Disposal or early termination (at cost) | D94: =SUMIF('3.3 Depreciation amortisation'!$D$60:$D$81,$C$89,'3.3 Depreciation amortisation'!$J$60:$J$81) -> -420396.14 | E94: -46054.181
C95: Closing shared leased asset carrying value | D95: =SUM(D90:D94) -> 790468.46 | E95: =SUM(E90:E94) -> 740580.56
C96: Inventories | D96: 0 | E96: 0
C97: Deferred tax assets | D97: 0 | E97: 0
C98: Other assets | D98: 0 | E98: 0
C99: Total shared supporting assets allocated | D99: =SUM(D88,D95:D98) -> 4353316.3 | E99: =SUM(E88,E95:E98) -> 4112786.2
C100: TOTAL ASSETS | D100: =SUM(D80,D99) -> 2.4199539e+08 | E100: =SUM(E80,E99) -> 2.4894513e+08

Sheet 3.1 Asset useful life
B1: Asset useful life
B2: =Tradingname -> APA (PILBARA PIPELINE) PTY LTD
B3: Reporting Period | C3: =TEXT(Yearstart,"dd/mm/yyyy")&" to "&TEXT(Yearending,"dd/mm/yyyy") -> 01/07/2025 to 30/06/2026
B5: Table 3.1.1: Asset useful life
B7: Basis of Preparation reference | C7: Description (list each individual balance sheet item) | D7: Acquisition date | E7: Useful life | F7: Reason for choosing this useful life
E8: years
B9: 2.4 | C9: ='3. Statement of pipeline assets'!C9 -> Pipelines | D9: =CONCATENATE("9/10/2012"," to ",TEXT(Yearending,"d/m/yyyy")) -> 9/10/2012 to 30/6/2026 | E9: 80 | F9: Per Appendix A - Pipeline asset lives
B10: 2.4 | C10: ='3. Statement of pipeline assets'!C17 -> Compressors | D10: =CONCATENATE("9/10/2012"," to ",TEXT(Yearending,"d/m/yyyy")) -> 9/10/2012 to 30/6/2026 | E10: 35 | F10: Per Appendix A - Pipeline asset lives
B11: 2.4 | C11: ='3. Statement of pipeline assets'!C24 -> City Gates, supply regulators and valve stations | D11: =CONCATENATE("9/10/2012"," to ",TEXT(Yearending,"d/m/yyyy")) -> 9/10/2012 to 30/6/2026 | E11: 50 | F11: Per Appendix A - Pipeline asset lives
B12: 2.4 | C12: ='3. Statement of pipeline assets'!C31 -> Metering | D12: =CONCATENATE("9/10/2012"," to ",TEXT(Yearending,"d/m/yyyy")) -> 9/10/2012 to 30/6/2026 | E12: 50 | F12: Per Appendix A - Pipeline asset lives
B13: 2.4 | C13: ='3. Statement of pipeline assets'!C38 -> Odorant plants | D13: =CONCATENATE("9/10/2012"," to ",TEXT(Yearending,"d/m/yyyy")) -> 9/10/2012 to 30/6/2026 | E13: 80 | F13: Per Appendix A - Pipeline asset lives
B14: 2.4 | C14: ='3. Statement of pipeline assets'!C45 -> SCADA (Communications) | D14: =CONCATENATE("9/10/2012"," to ",TEXT(Yearending,"d/m/yyyy")) -> 9/10/2012 to 30/6/2026 | E14: 15 | F14: Per Appendix A - Pipeline asset lives
B15: 2.4 | C15: ='3. Statement of pipeline assets'!C52 -> Buildings | D15: =CONCATENATE("9/10/2012"," to ",TEXT(Yearending,"d/m/yyyy")) -> 9/10/2012 to 30/6/2026 | E15: 80 | F15: Per Appendix A - Pipeline asset lives
B16: 2.4 | C16: ='3. Statement of pipeline assets'!C65 -> Other depreciable pipeline assets | D16: =CONCATENATE("9/10/2012"," to ",TEXT(Yearending,"d/m/yyyy")) -> 9/10/2012 to 30/6/2026 | E16: 5-80 | F16: Per Appendix A - Pipeline asset lives
B17: 2.4 | C17: Land and easements | E17: N/A | F17: Indefinite
C18: insert asset description
C19: insert asset description
C20: insert asset description
B21: 2.4.6 | C21: ='3. Statement of pipeline assets'!C72 -> Leased Assets | D21: =CONCATENATE("1/7/2019"," to ",TEXT(Yearending,"d/m/yyyy")) -> 1/7/2019 to 30/6/2026 | E21: Various | F21: Per leased asset life
C22: insert asset description
C23: insert asset description
C24: insert asset description
C25: insert asset description
C26: insert asset description
B27: 2.4 | C27: ='3. Statement of pipeline assets'!C82 -> Shared property, plant and equipment | D27: =CONCATENATE("9/10/2012"," to ",TEXT(Yearending,"d/m/yyyy")) -> 9/10/2012 to 30/6/2026 | E27: 5 | F27: Per Appendix A - Pipeline asset lives
C28: insert asset description
C29: insert asset description
C30: insert asset description
C31: insert asset description
C32: insert asset description
B33: 2.4.5 | C33: ='3. Statement of pipeline assets'!C89 -> Shared leased assets | D33: =CONCATENATE("1/7/2019"," to ",TEXT(Yearending,"d/m/yyyy")) -> 1/7/2019 to 30/6/2026 | E33: Various | F33: Per leased asset life
C34: insert asset description
C35: insert asset description
C36: insert asset description
C37: insert asset description
C38: insert asset description

Sheet 3.2 Asset impairment
B1: Asset impairment
B2: =Tradingname -> APA (PILBARA PIPELINE) PTY LTD
B3: Reporting Period | C3: =TEXT(Yearstart,"dd/mm/yyyy")&" to "&TEXT(Yearending,"dd/mm/yyyy") -> 01/07/2025 to 30/06/2026
B5: Table 3.2.1: Assets impaired
B7: Asset description | C7: Impairment amount $ nominal | D7: Impairment date | E7: Basis for impairment
B25: Table 3.2.2: Asset impairment reversals
B27: Asset description | C27: Prior Impairment amount $ nominal | D27: Impairment date | E27: Basis for impairment | F27: Reversal amount $nominal | G27: Reversal date | H27: Basis for Reversal

Sheet 3.3 Depreciation amortisation
B1: Depreciation and amortisation
B2: =Tradingname -> APA (PILBARA PIPELINE) PTY LTD
B3: Reporting Period | C3: =TEXT(Yearstart,"dd/mm/yyyy")&" to "&TEXT(Yearending,"dd/mm/yyyy") -> 01/07/2025 to 30/06/2026
B5: Table 3.3.1: Pipeline assets at cost | I5: Additions, capitalised maintenance and disposals must be reported on a cumulative basis
B7: Basis of Preparation reference | C7: Description | D7: Category | E7: Acquisition date | F7: Useful life | G7: Estimated residual value | H7: Initial construction or acquisition cost | I7: Additions | J7: Capitalised maintenance or improvements | K7: Disposals or Early termination | L7: Cost base | M7: Prior years' accumulated depreciation | N7: Current year depreciation | O7: Written down value
F8: Years | G8: $ nominal | H8: $ nominal | I8: $ nominal | J8: $ nominal | K8: $ nominal | L8: $ nominal | M8: $ nominal | N8: $ nominal | O8: $ nominal
B9: 2.4 | D9: Pipelines | E9: ='3.1 Asset useful life'!D9 -> 9/10/2012 to 30/6/2026 | F9: 80 | G9: 0 | H9: 1.6110026e+08 | I9: 26340560 | J9: 164679.02 | K9: -131942.24 | L9: =SUM(H9:K9) -> 1.8747355e+08 | M9: -28776656 | N9: -2346455.2 | O9: =SUM(L9:N9) -> 1.5635044e+08
B10: 2.4 | D10: Compressors | E10: ='3.1 Asset useful life'!D10 -> 9/10/2012 to 30/6/2026 | F10: 35 | G10: 0 | H10: 19752693 | I10: 133212.29 | J10: 0 | K10: 38.88 | L10: =SUM(H10:K10) -> 19885944 | M10: -7213125.3 | N10: -566913.19 | O10: =SUM(L10:N10) -> 12105906
B11: 2.4 | D11: City Gates, supply regulators and valve stations | E11: ='3.1 Asset useful life'!D11 -> 9/10/2012 to 30/6/2026 | F11: 50 | G11: 0 | H11: 3873431.8 | I11: 50912.69 | J11: 0 | K11: 0 | L11: =SUM(H11:K11) -> 3924344.5 | M11: -996239.61 | N11: -78379.22 | O11: =SUM(L11:N11) -> 2849725.7
B12: 2.4 | D12: Metering | E12: ='3.1 Asset useful life'!D12 -> 9/10/2012 to 30/6/2026 | F12: 50 | G12: 0 | H12: 6536118.9 | I12: 12796417 | J12: 0 | K12: -5898.46 | L12: =SUM(H12:K12) -> 19326637 | M12: -4166032.4 | N12: -385987.8 | O12: =SUM(L12:N12) -> 14774617
B13: 2.4 | D13: Odorant plants | E13: ='3.1 Asset useful life'!D13 -> 9/10/2012 to 30/6/2026 | F13: 80 | G13: 0 | H13: 33636.46 | I13: 755484.53 | J13: 0 | K13: 1.88 | L13: =SUM(H13:K13) -> 789122.87 | M13: -24682.745 | N13: -15042.54 | O13: =SUM(L13:N13) -> 749397.59
B14: 2.4 | D14: SCADA (Communications) | E14: ='3.1 Asset useful life'!D14 -> 9/10/2012 to 30/6/2026 | F14: 15 | G14: 0 | H14: 454190.98 | I14: 2350869.5 | J14: 0 | K14: 16.97 | L14: =SUM(H14:K14) -> 2805077.4 | M14: -864619.95 | N14: -186371.52 | O14: =SUM(L14:N14) -> 1754085.9
B15: 2.4 | D15: Buildings | E15: ='3.1 Asset useful life'!D15 -> 9/10/2012 to 30/6/2026 | F15: 80 | G15: 0 | H15: 95325.01 | I15: 149439.89 | J15: 0 | K15: 175.48 | L15: =SUM(H15:K15) -> 244940.38 | M15: -20930.49 | N15: -3058.98 | O15: =SUM(L15:N15) -> 220950.91
B16: 2.4 | D16: Other depreciable pipeline assets | E16: ='3.1 Asset useful life'!D16 -> 9/10/2012 to 30/6/2026 | F16: 5-80 | G16: 0 | H16: 246104.25 | I16: 1975138.4 | J16: 0 | K16: -4995.09 | L16: =SUM(H16:K16) -> 2216247.5 | M16: -612530.14 | N16: -71500.68 | O16: =SUM(L16:N16) -> 1532216.7
B17: 2.4 | D17: Land and easements | F17: N/A | G17: 0 | H17: 0 | I17: 0 | J17: 0 | K17: 0 | L17: =SUM(H17:K17) -> 0 | M17: 0 | N17: 0 | O17: =SUM(L17:N17) -> 0
B18: 2.4.6 | D18: Leased assets | E18: ='3.1 Asset useful life'!D21 -> 1/7/2019 to 30/6/2026 | F18: Various | G18: 0 | H18: 19092.468 | I18: 16261.97 | J18: 0 | K18: -32574.824 | L18: =SUM(H18:K18) -> 2779.614 | M18: 3527.356 | N18: -1799.18 | O18: =SUM(L18:N18) -> 4507.79
L19: =SUM(H19:K19) -> 0 | O19: =SUM(L19:N19) -> 0
L20: =SUM(H20:K20) -> 0 | O20: =SUM(L20:N20) -> 0
L21: =SUM(H21:K21) -> 0 | O21: =SUM(L21:N21) -> 0
L22: =SUM(H22:K22) -> 0 | O22: =SUM(L22:N22) -> 0
L23: =SUM(H23:K23) -> 0 | O23: =SUM(L23:N23) -> 0
L24: =SUM(H24:K24) -> 0 | O24: =SUM(L24:N24) -> 0
L25: =SUM(H25:K25) -> 0 | O25: =SUM(L25:N25) -> 0
L26: =SUM(H26:K26) -> 0 | O26: =SUM(L26:N26) -> 0
L27: =SUM(H27:K27) -> 0 | O27: =SUM(L27:N27) -> 0
L28: =SUM(H28:K28) -> 0 | O28: =SUM(L28:N28) -> 0
L29: =SUM(H29:K29) -> 0 | O29: =SUM(L29:N29) -> 0
L30: =SUM(H30:K30) -> 0 | O30: =SUM(L30:N30) -> 0
... L52: =SUM(H52:K52) -> 0 | O52: =SUM(L52:N52) -> 0
D53: Total pipeline assets | G53: =SUM(G9:G52) -> 0 | H53: =SUM(H9:H52) -> 1.9211085e+08 | I53: =SUM(I9:I52) -> 44568295 | J53: =SUM(J9:J52) -> 164679.02 | K53: =SUM(K9:K52) -> -175177.4 | L53: =SUM(L9:L52) -> 2.3666865e+08 | M53: =SUM(M9:M52) -> -42671289 | N53: =SUM(N9:N52) -> -3655508.3 | O53: =SUM(O9:O52) -> 1.9034185e+08
B56: Table 3.3.2: Shared assets at cost
B58: Basis of Preparation reference | C58: Description | D58: Category | E58: Acquisition date | F58: Useful life | G58: Initial construction or acquisition cost | H58: Additions | I58: Capitalised maintenance or improvements | J58: Disposals or Early termination | K58: Cost base | L58: Prior years' accumulated depreciation | M58: Current year depreciation | N58: Written down value
F59: Years | G59: $ nominal | H59: $ nominal | I59: $ nominal | J59: $ nominal | K59: $ nominal | L59: $ nominal | M59: $ nominal | N59: $ nominal
B60: 2.4.5 | C60: Information Technology | D60: Shared property, plant and equipment | E60: During FY13 | F60: ='3.1 Asset useful life'!$E$27 -> 5 | G60: 95760.134 | H60: 0 | I60: 0 | J60: -9751.66 | K60: =SUM(G60:J60) -> 86008.474 | L60: -86008.474 | M60: =IF(SUM(K60:L60)>0,-K60/F60,0) -> 0 | N60: =SUM(K60:M60) -> 0
B61: 2.4.5 | C61: Information Technology | D61: Shared property, plant and equipment | E61: During FY14 | F61: ='3.1 Asset useful life'!$E$27 -> 5 | G61: 155023.61 | H61: 0 | I61: 0 | J61: -44068.294 | K61: =SUM(G61:J61) -> 110955.31 | L61: -110955.31 | M61: =IF(SUM(K61:L61)>0,-K61/F61,0) -> 0 | N61: =SUM(K61:M61) -> 0
B62: 2.4.5 | C62: Information Technology | D62: Shared property, plant and equipment | E62: During FY15 | F62: ='3.1 Asset useful life'!$E$27 -> 5 | G62: 968648.51 | H62: 0 | I62: 0 | J62: -82052.191 | K62: =SUM(G62:J62) -> 886596.31 | L62: -886596.31 | M62: =IF(SUM(K62:L62)>0,-K62/F62,0) -> 0 | N62: =SUM(K62:M62) -> 0
B63: 2.4.5 | C63: Information Technology | D63: Shared property, plant and equipment | E63: During FY16 | F63: ='3.1 Asset useful life'!$E$27 -> 5 | G63: 906103.74 | H63: 0 | I63: 0 | J63: -56005.824 | K63: =SUM(G63:J63) -> 850097.91 | L63: -850097.91 | M63: =IF(SUM(K63:L63)>0,-K63/F63,0) -> 0 | N63: =SUM(K63:M63) -> 0
B64: 2.4.5 | C64: Information Technology | D64: Shared property, plant and equipment | E64: During FY17 | F64: ='3.1 Asset useful life'!$E$27 -> 5 | G64: 407365.66 | H64: 0 | I64: 0 | J64: -46258.585 | K64: =SUM(G64:J64) -> 361107.07 | L64: -361107.07 | M64: =IF(SUM(K64:L64)>0,-K64/F64,0) -> 0 | N64: =SUM(K64:M64) -> 0
B65: 2.4.5 | C65: Information Technology | D65: Shared property, plant and equipment | E65: During FY18 | F65: ='3.1 Asset useful life'!$E$27 -> 5 | G65: 657963.05 | H65: 0 | I65: 0 | J65: -55702.142 | K65: =SUM(G65:J65) -> 602260.91 | L65: -602260.91 | M65: =IF(SUM(K65:L65)>0,-K65/F65,0) -> 0 | N65: =SUM(K65:M65) -> 0
B66: 2.4.5 | C66: Information Technology | D66: Shared property, plant and equipment | E66: During FY19 | F66: ='3.1 Asset useful life'!$E$27 -> 5 | G66: 895943.88 | H66: 0 | I66: 0 | J66: -16726.834 | K66: =SUM(G66:J66) -> 879217.05 | L66: -879217.05 | M66: =IF(SUM(K66:L66)>0,-K66/F66,0) -> 0 | N66: =SUM(K66:M66) -> 0
B67: 2.4.5 | C67: Information Technology | D67: Shared property, plant and equipment | E67: During FY20 | F67: ='3.1 Asset useful life'!$E$27 -> 5 | G67: 766933.74 | H67: 0 | I67: 0 | J67: -16646.877 | K67: =SUM(G67:J67) -> 750286.86 | L67: -750286.86 | M67: =IF(SUM(K67:L67)>0,-K67/F67,0) -> 0 | N67: =SUM(K67:M67) -> 0
B68: 2.4.5 | C68: Information Technology | D68: Shared property, plant and equipment | E68: During FY21 | F68: ='3.1 Asset useful life'!$E$27 -> 5 | G68: 452421.4 | H68: 0 | I68: 0 | J68: -28328.948 | K68: =SUM(G68:J68) -> 424092.45 | L68: -339273.96 | M68: =IF(SUM(K68:L68)>0,-K68/F68,0) -> -84818.49 | N68: =SUM(K68:M68) -> 0
B69: 2.4.5 | C69: Information Technology | D69: Shared property, plant and equipment | E69: During FY22 | F69: ='3.1 Asset useful life'!$E$27 -> 5 | G69: 2010779.3 | H69: 0 | I69: 0 | J69: -373564.15 | K69: =SUM(G69:J69) -> 1637215.2 | L69: -982329.12 | M69: =IF(SUM(K69:L69)>0,-K69/F69,0) -> -327443.04 | N69: =SUM(K69:M69) -> 327443.04
B70: 2.4.5 | C70: Information Technology | D70: Shared property, plant and equipment | E70: During FY23 | F70: 5 | G70: 1261087.8 | H70: 0 | I70: 0 | J70: -1176.2703 | K70: =SUM(G70:J70) -> 1259911.5 | L70: -503964.62 | M70: =IF(SUM(K70:L70)>0,-K70/F70,0) -> -251982.31 | N70: =SUM(K70:M70) -> 503964.62
B71: 2.4.5 | C71: Information Technology | D71: Shared property, plant and equipment | E71: During FY24 | F71: 5 | G71: 365717.51 | H71: 0 | I71: 0 | J71: -60716.725 | K71: =SUM(G71:J71) -> 305000.79 | L71: -61000.158 | M71: =IF(SUM(K71:L71)>0,-K71/F71,0) -> -61000.158 | N71: =SUM(K71:M71) -> 183000.47
B72: 2.4.5 | C72: Information Technology | D72: Shared property, plant and equipment | E72: During FY25 | F72: 5 | G72: 1650551.6 | H72: 0 | I72: 0 | J72: -17998.075 | K72: =SUM(G72:J72) -> 1632553.6 | L72: 0 | M72: =IF(SUM(K72:L72)>0,-K72/F72,0) -> -326510.71 | N72: =SUM(K72:M72) -> 1306042.8
B73: 2.4.5 | C73: Information Technology | D73: Shared property, plant and equipment | E73: During FY26 | F73: 5 | G73: 1381237.1 | H73: 0 | I73: 0 | J73: -138840.21 | K73: =SUM(G73:J73) -> 1242396.9 | L73: 0 | M73: =IF(SUM(K73:L73)>0,-K73/F73,0)*0 -> 0 | N73: =SUM(K73:M73) -> 1242396.9
B74: 2.4.5 | C74: Shared leased assets | D74: Shared leased assets | E74: 1/7/2019 to 30/6/2020 | F74: ='3.1 Asset useful life'!$E$33 -> Various | G74: 449341.17 | H74: 172469.26 | I74: 0 | J74: -493.92624 | K74: =SUM(G74:J74) -> 621316.51 | L74: -142015.2 | M74: 0 | N74: =SUM(K74:M74) -> 479301.31
B75: 2.4.5 | C75: Shared leased assets | D75: Shared leased assets | E75: During FY21 | F75: ='3.1 Asset useful life'!$E$33 -> Various | G75: 0 | H75: 142927.08 | I75: 0 | J75: -20883.732 | K75: =SUM(G75:J75) -> 122043.35 | L75: -152687.41 | M75: 0 | N75: =SUM(K75:M75) -> -30644.057
B76: 2.4.5 | C76: Shared leased assets | D76: Shared leased assets | E76: During FY22 | F76: ='3.1 Asset useful life'!$E$33 -> Various | G76: 0 | H76: 152040.88 | I76: 0 | J76: -16695.035 | K76: =SUM(G76:J76) -> 135345.85 | L76: -154240.93 | M76: 0 | N76: =SUM(K76:M76) -> -18895.089
B77: 2.4.5 | C77: Shared leased assets | D77: Shared leased assets | E77: =E70 -> During FY23 | F77: ='3.1 Asset useful life'!$E$33 -> Various | G77: 0 | H77: 297596.44 | I77: 0 | J77: -3616.2344 | K77: =SUM(G77:J77) -> 293980.21 | L77: -182836.57 | M77: 0 | N77: =SUM(K77:M77) -> 111143.64
B78: 2.4.5 | C78: Shared leased assets | D78: Shared leased assets | E78: =E71 -> During FY24 | F78: ='3.1 Asset useful life'!$E$33 -> Various | G78: 0 | H78: 310239.8 | I78: 0 | J78: 603.19217 | K78: =SUM(G78:J78) -> 310842.99 | L78: -116394.55 | M78: 0 | N78: =SUM(K78:M78) -> 194448.44
B79: 2.4.5 | C79: Shared leased assets | D79: Shared leased assets | E79: =E72 -> During FY25 | F79: ='3.1 Asset useful life'!$E$33 -> Various | G79: 0 | H79: 219893.44 | I79: 0 | J79: -4968.4464 | K79: =SUM(G79:J79) -> 214925 | L79: -209698.68 | M79: 0 | N79: =SUM(K79:M79) -> 5226.3127
B80: 2.4.5 | C80: Shared leased assets | D80: Shared leased assets | E80: During FY26 | F80: ='3.1 Asset useful life'!$E$33 -> Various | G80: 0 | H80: 696176.04 | I80: 0 | J80: -374341.96 | K80: =SUM(G80:J80) -> 321834.09 | L80: 0 | M80: -271946.19 | N80: =SUM(K80:M80) -> 49887.899
K81: =SUM(G81:J81) -> 0 | N81: =SUM(K81:M81) -> 0
D82: Total fixed assets | G82: =SUM(G60:G81) -> 12424878 | H82: =SUM(H60:H81) -> 1991343 | I82: =SUM(I60:I81) -> 0 | J82: =SUM(J60:J81) -> -1368232.9 | K82: =SUM(K60:K81) -> 13047988 | L82: =SUM(L60:L81) -> -7370971.1 | M82: =SUM(M60:M81) -> -1323700.9 | N82: =SUM(N60:N81) -> 4353316.3

Sheet 3.4 Shared supporting assets
B1: Shared supporting assets
B2: =Tradingname -> APA (PILBARA PIPELINE) PTY LTD | E2: Please ensure allocation methodologies are explained in sufficient detail in the Basis of Preparation as required under section 3.2.4 of the Guideline
B3: Reporting Period | C3: =TEXT(Yearstart,"dd/mm/yyyy")&" to "&TEXT(Yearending,"dd/mm/yyyy") -> 01/07/2025 to 30/06/2026
B5: Table 3.4.1: Shared supporting asset allocation
B7: Basis of Preparation reference | C7: Description (list each individual shared asset category greater than 5%) | D7: Category of shared assets | E7: Total amount | F7: % allocated to pipeline | G7: Total allocated to pipeline
E8: $ nominal | G8: $ nominal
B9: 2.4.5 | C9: Information Technology | D9: Shared property, plant and equipment | E9: 5.4044582e+08 | F9: 0.020404821 | G9: =E9*F9 -> 11027700
B10: 2.4.5 | C10: Shared leased assets | D10: Shared leased assets | E10: 1.0460442e+08 | F10: 0.0193136 | G10: =E10*F10 -> 2020288
G11: =E11*F11 -> 0
G12: =E12*F12 -> 0
G13: =E13*F13 -> 0
G14: =E14*F14 -> 0
G15: =E15*F15 -> 0
G16: =E16*F16 -> 0
G17: =E17*F17 -> 0
G18: =E18*F18 -> 0
G19: =E19*F19 -> 0
G20: =E20*F20 -> 0
G21: =E21*F21 -> 0
G22: =E22*F22 -> 0
... G35: =E35*F35 -> 0
C36: Total | E36: =SUM(E9:E35) -> 6.4505025e+08 | G36: =SUM(G9:G35) -> 13047988

Sheet Auditor's Report Statements

Sheet 4. Recovered capital
B1: Recovered capital method (rule 569(4))
B2: =Tradingname -> APA (PILBARA PIPELINE) PTY LTD
B3: Reporting Period | C3: =TEXT(Yearstart,"dd/mm/yyyy")&" to "&TEXT(Yearending,"dd/mm/yyyy") -> 01/07/2025 to 30/06/2026
B5: Table 4.1: Recovered capital method - pipeline assets
B7: Basis of Preparation reference | C7: Asset description | E7: Total | F7: Year | BJ7: Drag and drop columns if required
F8: =RIGHT(TEXT(C38,"dd/mm/yyyy"),4) -> 1971 | G8: =F8+1 -> 1972 | H8: =G8+1 -> 1973 | I8: =H8+1 -> 1974 | J8: =I8+1 -> 1975 | K8: =J8+1 -> 1976 | L8: =K8+1 -> 1977 | M8: =L8+1 -> 1978 | N8: =M8+1 -> 1979 | ... BI8: =BH8+1 -> 2026
B9: 3 | C9: Pipeline assets
D10: Construction cost | E10: =SUM(F10:BI10) -> 1.2746431e+08 | F10: 0 | G10: 0 | H10: 0 | I10: 0 | J10: 0 | K10: 0 | L10: 0 | M10: 0 | N10: 0 | O10: 0 | P10: 0 | Q10: 0 | R10: 0 | S10: 0 | T10: 0 | U10: 0 | V10: 0 | W10: 0 | X10: 0 | Y10: 0 | Z10: 0 | AA10: 0 | AB10: 0 | AC10: 0 | AD10: 79239784 | AE10: 0 | AF10: 0 | AG10: 48224530 | AH10: 0 | AI10: 0 | AJ10: 0 | AK10: 0 | AL10: 0 | AM10: 0 | AN10: 0 | AO10: 0 | AP10: 0 | AQ10: 0 | AR10: 0 | AS10: 0 | AT10: 0 | AU10: 0 | AV10: 0 | AW10: 0 | AX10: 0 | AY10: 0 | AZ10: 0 | BA10: 0 | BB10: 0 | BC10: 0 | BD10: 0 | BE10: 0 | BF10: 0 | BG10: 0 | BH10: 0 | BI10: 0
D11: Negative residual value | E11: =SUM(F11:BI11) -> 5276635.3 | F11: 0 | G11: 0 | H11: 0 | I11: 0 | J11: 0 | K11: 0 | L11: 0 | M11: 0 | N11: 0 | O11: 0 | P11: 0 | Q11: 0 | R11: 0 | S11: 0 | T11: 0 | U11: 0 | V11: 0 | W11: 0 | X11: 0 | Y11: 0 | Z11: 0 | AA11: 0 | AB11: 0 | AC11: 0 | AD11: 2186347.1 | AE11: 67584.146 | AF11: 6758.4146 | AG11: 16896.037 | AH11: 23654.451 | AI11: 70963.353 | AJ11: 145305.91 | AK11: 70963.353 | AL11: 67584.146 | AM11: 67584.146 | AN11: 67584.146 | AO11: 111513.84 | AP11: 60825.732 | AQ11: 131789.08 | AR11: 43929.695 | AS11: 97997.012 | AT11: 114893.05 | AU11: 40550.488 | AV11: 81100.975 | AW11: 104755.43 | AX11: 54067.317 | AY11: 37171.28 | AZ11: 70963.353 | BA11: 77721.768 | BB11: 60825.732 | BC11: -13516.829 | BD11: 148685.12 | BE11: 246682.13 | BF11: 256819.76 | BG11: 453651.73 | BH11: 103874.57 | BI11: 201108.87
D12: Additions | E12: =SUM(F12:BI12) -> 1.1508629e+08 | F12: 0 | G12: 0 | H12: 0 | I12: 0 | J12: 0 | K12: 0 | L12: 0 | M12: 0 | N12: 0 | O12: 0 | P12: 0 | Q12: 0 | R12: 0 | S12: 0 | T12: 0 | U12: 0 | V12: 0 | W12: 0 | X12: 0 | Y12: 0 | Z12: 0 | AA12: 0 | AB12: 0 | AC12: 0 | AD12: 0 | AE12: 0 | AF12: 0 | AG12: 6807986.6 | AH12: 0 | AI12: 18695482 | AJ12: 0 | AK12: 0 | AL12: 1037414 | AM12: 163463.21 | AN12: 11851403 | AO12: 9679.305 | AP12: 0 | AQ12: 309963.76 | AR12: 13306746 | AS12: 18416515 | AT12: 116133.76 | AU12: 123188.14 | AV12: 0 | AW12: 27325641 | AX12: 4331364.7 | AY12: 250061.92 | AZ12: 170643.2 | BA12: 521073.62 | BB12: 402175.62 | BC12: 4673959.6 | BD12: 63698.548 | BE12: 1248798.9 | BF12: 2016897.9 | BG12: 1872816.6 | BH12: 1126066.2 | BI12: 245113.01
D13: Maintenance capitalised | E13: =SUM(F13:BI13) -> 714518.58 | F13: 0 | G13: 0 | H13: 0 | I13: 0 | J13: 0 | K13: 0 | L13: 0 | M13: 0 | N13: 0 | O13: 0 | P13: 0 | Q13: 0 | R13: 0 | S13: 0 | T13: 0 | U13: 0 | V13: 0 | W13: 0 | X13: 0 | Y13: 0 | Z13: 0 | AA13: 0 | AB13: 0 | AC13: 0 | AD13: 0 | AE13: 0 | AF13: 0 | AG13: 0 | AH13: 0 | AI13: 0 | AJ13: 0 | AK13: 0 | AL13: 0 | AM13: 0 | AN13: 0 | AO13: 0 | AP13: 0 | AQ13: 0 | AR13: 0 | AS13: 0 | AT13: 0 | AU13: 0 | AV13: 0 | AW13: 0 | AX13: 0 | AY13: 0 | AZ13: 0 | BA13: 0 | BB13: 0 | BC13: 0 | BD13: 170232.74 | BE13: 0 | BF13: 222663.55 | BG13: 207031.71 | BH13: 3967.5172 | BI13: 110623.07
D14: Disposal (at cost) | E14: =SUM(F14:BI14) -> -242901.46 | F14: 0 | G14: 0 | H14: 0 | I14: 0 | J14: 0 | K14: 0 | L14: 0 | M14: 0 | N14: 0 | O14: 0 | P14: 0 | Q14: 0 | R14: 0 | S14: 0 | T14: 0 | U14: 0 | V14: 0 | W14: 0 | X14: 0 | Y14: 0 | Z14: 0 | AA14: 0 | AB14: 0 | AC14: 0 | AD14: 0 | AE14: 0 | AF14: 0 | AG14: 0 | AH14: 0 | AI14: 0 | AJ14: 0 | AK14: 0 | AL14: 0 | AM14: 0 | AN14: 0 | AO14: 0 | AP14: 0 | AQ14: 0 | AR14: 0 | AS14: 0 | AT14: 0 | AU14: 0 | AV14: 0 | AW14: 0 | AX14: 0 | AY14: -49248.642 | AZ14: 0 | BA14: 0 | BB14: 0 | BC14: 0 | BD14: -33673.394 | BE14: 0 | BF14: 0 | BG14: -4829.5229 | BH14: -155149.9 | BI14: 0
D15: Leased Asset | E15: =SUM(F15:BI15) -> 36614.771 | F15: 0 | G15: 0 | H15: 0 | I15: 0 | J15: 0 | K15: 0 | L15: 0 | M15: 0 | N15: 0 | O15: 0 | P15: 0 | Q15: 0 | R15: 0 | S15: 0 | T15: 0 | U15: 0 | V15: 0 | W15: 0 | X15: 0 | Y15: 0 | Z15: 0 | AA15: 0 | AB15: 0 | AC15: 0 | AD15: 0 | AE15: 0 | AF15: 0 | AG15: 0 | AH15: 0 | AI15: 0 | AJ15: 0 | AK15: 0 | AL15: 0 | AM15: 0 | AN15: 0 | AO15: 0 | AP15: 0 | AQ15: 0 | AR15: 0 | AS15: 0 | AT15: 0 | AU15: 0 | AV15: 0 | AW15: 0 | AX15: 0 | AY15: 0 | AZ15: 0 | BA15: 0 | BB15: 0 | BC15: 36614.771 | BD15: 0 | BE15: 0 | BF15: 0 | BG15: 0 | BH15: 0 | BI15: 0
D16: Cost base | E16: =SUM(F16:BI16) -> 2.4833547e+08 | F16: =SUM(F9:F15) -> 0 | G16: =SUM(G9:G15) -> 0 | H16: =SUM(H9:H15) -> 0 | I16: =SUM(I9:I15) -> 0 | J16: =SUM(J9:J15) -> 0 | K16: =SUM(K9:K15) -> 0 | L16: =SUM(L9:L15) -> 0 | M16: =SUM(M9:M15) -> 0 | ... BI16: =SUM(BI9:BI15) -> 556844.94
B17: 3.2.3 | C17: Shared assets
D18: Construction cost or acquisition cost (where allowed) apportioned | E18: =SUM(F18:BI18) -> 0 | F18: 0 | G18: 0 | H18: 0 | I18: 0 | J18: 0 | K18: 0 | L18: 0 | M18: 0 | N18: 0 | O18: 0 | P18: 0 | Q18: 0 | R18: 0 | S18: 0 | T18: 0 | U18: 0 | V18: 0 | W18: 0 | X18: 0 | Y18: 0 | Z18: 0 | AA18: 0 | AB18: 0 | AC18: 0 | AD18: 0 | AE18: 0 | AF18: 0 | AG18: 0 | AH18: 0 | AI18: 0 | AJ18: 0 | AK18: 0 | AL18: 0 | AM18: 0 | AN18: 0 | AO18: 0 | AP18: 0 | AQ18: 0 | AR18: 0 | AS18: 0 | AT18: 0 | AU18: 0 | AV18: 0 | AW18: 0 | AX18: 0 | AY18: 0 | AZ18: 0 | BA18: 0 | BB18: 0 | BC18: 0 | BD18: 0 | BE18: 0 | BF18: 0 | BG18: 0 | BH18: 0 | BI18: 0
D19: Additions | E19: =SUM(F19:BI19) -> 12117403 | F19: 0 | G19: 0 | H19: 0 | I19: 0 | J19: 0 | K19: 0 | L19: 0 | M19: 0 | N19: 0 | O19: 0 | P19: 0 | Q19: 0 | R19: 0 | S19: 0 | T19: 0 | U19: 0 | V19: 0 | W19: 0 | X19: 0 | Y19: 0 | Z19: 0 | AA19: 0 | AB19: 0 | AC19: 0 | AD19: 0 | AE19: 0 | AF19: 0 | AG19: 0 | AH19: 0 | AI19: 0 | AJ19: 0 | AK19: 0 | AL19: 0 | AM19: 0 | AN19: 0 | AO19: 0 | AP19: 0 | AQ19: 0 | AR19: 0 | AS19: 0 | AT19: 0 | AU19: 0 | AV19: 90019.811 | AW19: 115771.5 | AX19: 924863.52 | AY19: 886384.76 | AZ19: 376233.19 | BA19: 627244.2 | BB19: 911721.22 | BC19: 793338.27 | BD19: 467679.09 | BE19: 2086408.8 | BF19: 1308586.7 | BG19: 379735.3 | BH19: 1713618.2 | BI19: 1435798.6
D20: Maintenance capitalised | E20: =SUM(F20:BI20) -> 0 | F20: 0 | G20: 0 | H20: 0 | I20: 0 | J20: 0 | K20: 0 | L20: 0 | M20: 0 | N20: 0 | O20: 0 | P20: 0 | Q20: 0 | R20: 0 | S20: 0 | T20: 0 | U20: 0 | V20: 0 | W20: 0 | X20: 0 | Y20: 0 | Z20: 0 | AA20: 0 | AB20: 0 | AC20: 0 | AD20: 0 | AE20: 0 | AF20: 0 | AG20: 0 | AH20: 0 | AI20: 0 | AJ20: 0 | AK20: 0 | AL20: 0 | AM20: 0 | AN20: 0 | AO20: 0 | AP20: 0 | AQ20: 0 | AR20: 0 | AS20: 0 | AT20: 0 | AU20: 0 | AV20: 0 | AW20: 0 | AX20: 0 | AY20: 0 | AZ20: 0 | BA20: 0 | BB20: 0 | BC20: 0 | BD20: 0 | BE20: 0 | BF20: 0 | BG20: 0 | BH20: 0 | BI20: 0
D21: Disposal (at cost) | E21: =SUM(F21:BI21) -> -1098229.5 | F21: 0 | G21: 0 | H21: 0 | I21: 0 | J21: 0 | K21: 0 | L21: 0 | M21: 0 | N21: 0 | O21: 0 | P21: 0 | Q21: 0 | R21: 0 | S21: 0 | T21: 0 | U21: 0 | V21: 0 | W21: 0 | X21: 0 | Y21: 0 | Z21: 0 | AA21: 0 | AB21: 0 | AC21: 0 | AD21: 0 | AE21: 0 | AF21: 0 | AG21: 0 | AH21: 0 | AI21: 0 | AJ21: 0 | AK21: 0 | AL21: 0 | AM21: 0 | AN21: 0 | AO21: 0 | AP21: 0 | AQ21: 0 | AR21: 0 | AS21: 0 | AT21: 0 | AU21: 0 | AV21: 0 | AW21: 0 | AX21: 0 | AY21: 0 | AZ21: 0 | BA21: 0 | BB21: 0 | BC21: -17730.939 | BD21: -50872.353 | BE21: -404937.62 | BF21: -4973.0144 | BG21: -62417.658 | BH21: -23844.058 | BI21: -533453.86
D22: Leased Asset | E22: =SUM(F22:BI22) -> 2531633.6 | F22: 0 | G22: 0 | H22: 0 | I22: 0 | J22: 0 | K22: 0 | L22: 0 | M22: 0 | N22: 0 | O22: 0 | P22: 0 | Q22: 0 | R22: 0 | S22: 0 | T22: 0 | U22: 0 | V22: 0 | W22: 0 | X22: 0 | Y22: 0 | Z22: 0 | AA22: 0 | AB22: 0 | AC22: 0 | AD22: 0 | AE22: 0 | AF22: 0 | AG22: 0 | AH22: 0 | AI22: 0 | AJ22: 0 | AK22: 0 | AL22: 0 | AM22: 0 | AN22: 0 | AO22: 0 | AP22: 0 | AQ22: 0 | AR22: 0 | AS22: 0 | AT22: 0 | AU22: 0 | AV22: 0 | AW22: 0 | AX22: 0 | AY22: 0 | AZ22: 0 | BA22: 0 | BB22: 0 | BC22: 643218.56 | BD22: 147747.23 | BE22: 157759.44 | BF22: 308805.41 | BG22: 322131.15 | BH22: 228295.44 | BI22: 723676.35
D23: Cost base | E23: =SUM(F23:BI23) -> 13550807 | F23: =SUM(F18:F22) -> 0 | G23: =SUM(G18:G22) -> 0 | H23: =SUM(H18:H22) -> 0 | I23: =SUM(I18:I22) -> 0 | J23: =SUM(J18:J22) -> 0 | K23: =SUM(K18:K22) -> 0 | L23: =SUM(L18:L22) -> 0 | M23: =SUM(M18:M22) -> 0 | ... BI23: =SUM(BI18:BI22) -> 1626021.1
D24: Total assets | E24: =E16+E23 -> 2.6188627e+08 | F24: =F16+F23 -> 0 | G24: =G16+G23 -> 0 | H24: =H16+H23 -> 0 | I24: =I16+I23 -> 0 | J24: =J16+J23 -> 0 | K24: =K16+K23 -> 0 | L24: =L16+L23 -> 0 | ... BI24: =BI16+BI23 -> 2182866.1
C25: Return of capital
B26: 3.2.2 | D26: Revenue | E26: =SUM(F26:BI26) -> 7.4401545e+08 | F26: 0 | G26: 0 | H26: 0 | I26: 0 | J26: 0 | K26: 0 | L26: 0 | M26: 0 | N26: 0 | O26: 0 | P26: 0 | Q26: 0 | R26: 0 | S26: 0 | T26: 0 | U26: 0 | V26: 0 | W26: 0 | X26: 0 | Y26: 0 | Z26: 0 | AA26: 0 | AB26: 0 | AC26: 0 | AD26: 5252813.9 | AE26: 9840814.2 | AF26: 8886108.1 | AG26: 11338858 | AH26: 12520000 | AI26: 13969000 | AJ26: 13844000 | AK26: 14019000 | AL26: 14019000 | AM26: 14832000 | AN26: 17905010 | AO26: 20475000 | AP26: 20752271 | AQ26: 21030941 | AR26: 21841311 | AS26: 25467257 | AT26: 27718226 | AU26: 33958919 | AV26: 15943599 | AW26: 42634277 | AX26: 36354361 | AY26: 29859449 | AZ26: 30122248 | BA26: 30202706 | BB26: 30262076 | BC26: 30940334 | BD26: 28622220 | BE26: 29604839 | BF26: 31976440 | BG26: 31811191 | BH26: 33099668 | BI26: 34911510
B27: 3.2.2 | D27: Operating expenses | E27: =SUM(F27:BI27) -> -1.333831e+08 | F27: 0 | G27: 0 | H27: 0 | I27: 0 | J27: 0 | K27: 0 | L27: 0 | M27: 0 | N27: 0 | O27: 0 | P27: 0 | Q27: 0 | R27: 0 | S27: 0 | T27: 0 | U27: 0 | V27: 0 | W27: 0 | X27: 0 | Y27: 0 | Z27: 0 | AA27: 0 | AB27: 0 | AC27: 0 | AD27: 0 | AE27: 0 | AF27: 0 | AG27: -293000 | AH27: -749000 | AI27: -916000 | AJ27: -851000 | AK27: -840000 | AL27: -1642000 | AM27: -2148000 | AN27: -3342415 | AO27: -10989000 | AP27: -4507123.7 | AQ27: -5050174.8 | AR27: -4775628.5 | AS27: -5782833.4 | AT27: -6920881.6 | AU27: -10663626 | AV27: -2019273.1 | AW27: -4694471.3 | AX27: -7206146.5 | AY27: -3088404.7 | AZ27: -3575831.2 | BA27: -3259148.3 | BB27: -4376753.3 | BC27: -4121864.4 | BD27: -4888531.2 | BE27: -6127495.8 | BF27: -8165482.9 | BG27: -7718366.8 | BH27: -7412702.5 | BI27: -7257945.7
B28: 3.2.5 | D28: Net tax liabilities | E28: =SUM(F28:BI28) -> -45761630 | F28: 0 | G28: 0 | H28: 0 | I28: 0 | J28: 0 | K28: 0 | L28: 0 | M28: 0 | N28: 0 | O28: 0 | P28: 0 | Q28: 0 | R28: 0 | S28: 0 | T28: 0 | U28: 0 | V28: 0 | W28: 0 | X28: 0 | Y28: 0 | Z28: 0 | AA28: 0 | AB28: 0 | AC28: 0 | AD28: -1158177.8 | AE28: -79179.556 | AF28: 0 | AG28: -128252.27 | AH28: 0 | AI28: 0 | AJ28: 0 | AK28: 0 | AL28: 0 | AM28: 0 | AN28: 0 | AO28: 0 | AP28: 0 | AQ28: 0 | AR28: 0 | AS28: 0 | AT28: 0 | AU28: 0 | AV28: 0 | AW28: 0 | AX28: -2700429.9 | AY28: -2762681.9 | AZ28: -2773002.3 | BA28: -3829515.6 | BB28: -3718292.6 | BC28: -4449253.5 | BD28: -3686060.4 | BE28: -3683826.8 | BF28: -3757302.8 | BG28: -3764727.8 | BH28: -4364574.3 | BI28: -4906352.9
D29: Leased Asset Interest/Financing Charge | E29: =SUM(F29:BI29) -> -197956.88 | F29: 0 | G29: 0 | H29: 0 | I29: 0 | J29: 0 | K29: 0 | L29: 0 | M29: 0 | N29: 0 | O29: 0 | P29: 0 | Q29: 0 | R29: 0 | S29: 0 | T29: 0 | U29: 0 | V29: 0 | W29: 0 | X29: 0 | Y29: 0 | Z29: 0 | AA29: 0 | AB29: 0 | AC29: 0 | AD29: 0 | AE29: 0 | AF29: 0 | AG29: 0 | AH29: 0 | AI29: 0 | AJ29: 0 | AK29: 0 | AL29: 0 | AM29: 0 | AN29: 0 | AO29: 0 | AP29: 0 | AQ29: 0 | AR29: 0 | AS29: 0 | AT29: 0 | AU29: 0 | AV29: 0 | AW29: 0 | AX29: 0 | AY29: 0 | AZ29: 0 | BA29: 0 | BB29: 0 | BC29: -22447.062 | BD29: -18433.577 | BE29: -15204.497 | BF29: -27845.331 | BG29: -29169.592 | BH29: -33017.771 | BI29: -51839.052
B30: 3.2.4 | D30: Return on capital | E30: =SUM(F30:BI30) -> -5.3018089e+08 | F30: 0 | G30: 0 | H30: 0 | I30: 0 | J30: 0 | K30: 0 | L30: 0 | M30: 0 | N30: 0 | O30: 0 | P30: 0 | Q30: 0 | R30: 0 | S30: 0 | T30: 0 | U30: 0 | V30: 0 | W30: 0 | X30: 0 | Y30: 0 | Z30: 0 | AA30: 0 | AB30: 0 | AC30: 0 | AD30: 0 | AE30: -9847505.9 | AF30: -9118567.7 | AG30: -8440037.8 | AH30: -14738773 | AI30: -14199220 | AJ30: -16139315 | AK30: -15703549 | AL30: -16011497 | AM30: -16236760 | AN30: -16226126 | AO30: -17941947 | AP30: -19444798 | AQ30: -17965035 | AR30: -20193524 | AS30: -21836868 | AT30: -21826039 | AU30: -21325009 | AV30: -11093212 | AW30: -20154056 | AX30: -20909968 | AY30: -20648087 | AZ30: -20086333 | BA30: -19720140 | BB30: -17279257 | BC30: -15873090 | BD30: -15750347 | BE30: -17721884 | BF30: -17876615 | BG30: -18374490 | BH30: -18401463 | BI30: -19097377
D31: Total Return of Capital | E31: =SUM(F31:BI31) -> 34491870 | F31: =SUM(F26:F30) -> 0 | G31: =SUM(G26:G30) -> 0 | H31: =SUM(H26:H30) -> 0 | I31: =SUM(I26:I30) -> 0 | J31: =SUM(J26:J30) -> 0 | K31: =SUM(K26:K30) -> 0 | L31: =SUM(L26:L30) -> 0 | M31: =SUM(M26:M30) -> 0 | ... BI31: =SUM(BI26:BI30) -> 3597996.1
D32: Recovered capital method total asset value | E32: =SUM(F32:BI32) -> 2.273944e+08 | F32: =F16+F23-F31 -> 0 | G32: =G16+G23-G31 -> 0 | H32: =H16+H23-H31 -> 0 | I32: =I16+I23-I31 -> 0 | J32: =J16+J23-J31 -> 0 | K32: =K16+K23-K31 -> 0 | L32: =L16+L23-L31 -> 0 | M32: =M16+M23-M31 -> 0 | ... BI32: =BI16+BI23-BI31 -> -1415130
C33: For information | D33: Opening asset value | G33: =F24+F33-F31 -> 0 | H33: =G24+G33-G31 -> 0 | I33: =H24+H33-H31 -> 0 | J33: =I24+I33-I31 -> 0 | K33: =J24+J33-J31 -> 0 | L33: =K24+K33-K31 -> 0 | M33: =L24+L33-L31 -> 0 | N33: =M24+M33-M31 -> 0 | ... BI33: =BH24+BH33-BH31 -> 2.2880953e+08
C34: For information | D34: Rate of return (WACC) | F34: N/A | G34: N/A | H34: N/A | I34: N/A | J34: N/A | K34: N/A | L34: N/A | M34: N/A | N34: N/A | O34: N/A | P34: N/A | Q34: N/A | R34: N/A | S34: N/A | T34: N/A | U34: N/A | V34: N/A | W34: N/A | X34: N/A | Y34: N/A | Z34: N/A | AA34: N/A | AB34: N/A | AC34: N/A | AD34: N/A | AE34: 0.12734147 | AF34: 0.11768179 | AG34: 0.10858962 | AH34: 0.11311761 | AI34: 0.10653082 | AJ34: 0.10534794 | AK34: 0.10034747 | AL34: 0.10064601 | AM34: 0.099109341 | AN34: 0.096808503 | AO34: 0.099021158 | AP34: 0.10246497 | AQ34: 0.093068291 | AR34: 0.10331457 | AS34: 0.10303558 | AT34: 0.093834201 | AU34: 0.091186337 | AV34: 0.095608326 | AW34: 0.087857298 | AX34: 0.087432419 | AY34: 0.086419614 | AZ34: 0.084862621 | BA34: 0.084410061 | BB34: 0.074654854 | BC34: 0.069636473 | BD34: 0.069206621 | BE34: 0.079038266 | BF34: 0.079276396 | BG34: 0.080782282 | BH34: 0.080460924 | BI34: 0.083464077
B36: Table 4.2: Pipeline details
B38: Construction date | C38: 25934
B39: Negative residual value | C39: =E11 -> 5276635.3
E41: 0

Sheet 4.1 Pipelines capex
B1: Capital expenditure
B2: =Tradingname -> APA (PILBARA PIPELINE) PTY LTD
B3: Reporting Period | C3: =TEXT(Yearstart,"dd/mm/yyyy")&" to "&TEXT(Yearending,"dd/mm/yyyy") -> 01/07/2025 to 30/06/2026
B5: Table 4.1.1: Capital expenditure greater than 5% of construction cost
B7: Basis of Preparation reference | C7: Description of works | D7: Date recognised | E7: Expenditure ($ nominal)
B8: 3.2.1 | C8: Burrup Extension Pipeline and Stay in Business Capital Expenditure | D8: Calendar Year 98 | E8: 52199066
B9: 3.2.1 | C9: Hot Briquetted Iron Facility and Stay in Business Capital Expenditure | D9: Calendar Year 00 | E9: 17752884
B10: 3.2.1 | C10: Compressor and Meters | D10: Calendar Year 05 | E10: 11316760
B11: 3.2.1 | C11: Karratha Lateral and Stay in Business Capital Expenditure | D11: Calendar Year 09 | E11: 12675651
B12: 3.2.1 | C12: Burrup Extension Pipeline and Stay in Business Capital Expenditure | D12: Calendar Year 10 | E12: 17542903
B13: 3.2.1 | C13: South Headland Meter Station and Stay in Business Capital Expenditure | D13: Fiscal Year 14 | E13: 26188872
B14: 3.2.1 | C14: Sub 161 and Stay In Business Capital Expenditure | D14: Fiscal Year 15 | E14: 4152149.9
B15: 3.2.1 | C15: Pinga Creek Station and Stay in Business Capital Expenditure | D15: Fiscal Year 20 | E15: 4553793.2

Sheet Auditor's Review Report RCM

Sheet 5. Weighted average price
B1: Weighted average prices
B2: =Tradingname -> APA (PILBARA PIPELINE) PTY LTD
B3: Reporting Period | C3: =TEXT(Yearstart,"dd/mm/yyyy")&" to "&TEXT(Yearending,"dd/mm/yyyy") -> 01/07/2025 to 30/06/2026
B5: Table 5.1: Weighted average prices
B7: Basis of preparation reference | C7: Service description | E7: Has there been any use of estimates to allocate revenue to each transportation service? | F7: Other Services | L7: Postage Stamp Transportation Services | S7: Zonal Based Transportation Services | AL7: Distance Based Transportation Services (to major delivery points)
T8: Zone 1 | Z8: Zone 2 | AF8: Zone 3 | AM8: Major Delivery Point 1 | AS8: Major Delivery Point 2 | AY8: Major Delivery Point 3 | BE8: Other Delivery Points
D9: Total revenue | F9: Capacity based charges | I9: Volumetric based charges | L9: Total Postage Stamp Revenue | M9: Capacity based | P9: Volumetric based | S9: Total Zonal Revenue | T9: Capacity based | W9: Volumetric based | Z9: Capacity based | AC9: Volumetric based | AF9: Capacity based | AI9: Volumetric based | AL9: Total Distance Based Revenue | AM9: Capacity based | AP9: Volumetric based | AS9: Capacity based | AV9: Volumetric based | AY9: Capacity based | BB9: Volumetric based | BE9: Capacity based | BH9: Volumetric based
D10: $'000 | F10: Revenue $'000 | G10: MDQ Total TJ* | H10: WAP $/GJ | I10: Revenue $'000 | J10: Total TJ | K10: WAP $/GJ | L10: $ '000 | M10: Revenue $'000 | N10: MDQ Total TJ* | O10: WAP $/GJ | P10: Revenue $'000 | Q10: Total TJ | R10: WAP $/GJ | S10: $'000 | T10: Revenue $'000 | U10: MDQ Total TJ* | V10: WAP $/GJ | W10: Revenue $'000 | X10: Total TJ | Y10: WAP $/GJ | Z10: Revenue $'000 | AA10: MDQ Total TJ* | AB10: WAP $/GJ | AC10: Revenue $'000 | AD10: Total TJ | AE10: WAP $/GJ | AF10: Revenue $'000 | AG10: MDQ Total TJ* | AH10: WAP $/GJ | AI10: Revenue $'000 | AJ10: Total TJ | AK10: WAP $/GJ | AL10: $'000 | AM10: Revenue $'000 | AN10: MDQ Total TJ* | AO10: WAP $/GJ | AP10: Revenue $'000 | AQ10: Total TJ | AR10: WAP $/GJ | AS10: Revenue $'000 | AT10: MDQ Total TJ* | AU10: WAP $/GJ | AV10: Revenue $'000 | AW10: Total TJ | AX10: WAP $/GJ | AY10: Revenue $'000 | AZ10: MDQ Total TJ* | BA10: WAP $/GJ | BB10: Revenue $'000 | BC10: Total TJ | BD10: WAP $/GJ | BE10: Revenue $'000 | BF10: MDQ Total TJ* | BG10: WAP $/GJ | BH10: Revenue $'000 | BI10: Total TJ | BJ10: WAP $/GJ
C11: Transportation services
B12: 4.4.1 | C12: Firm forward haul transportation services | D12: =L12+S12+AL12 -> 28528.311 | L12: =M12+P12 -> 28528.311 | M12: 28528.311 | N12: 27358.45 | O12: =IFERROR(M12/N12,0) -> 1.0427605 | R12: =IFERROR(P12/Q12,0) -> 0 | S12: =T12+W12+Z12+AC12+AF12+AI12 -> 0 | V12: =IFERROR(T12/U12,0) -> 0 | Y12: =IFERROR(W12/X12,0) -> 0 | AB12: =IFERROR(Z12/AA12,0) -> 0 | AE12: =IFERROR(AC12/AD12,0) -> 0 | AH12: =IFERROR(AF12/AG12,0) -> 0 | AK12: =IFERROR(AI12/AJ12,0) -> 0 | AL12: =AM12+AP12+AS12+AV12+AY12+BB12+BE12+BH12 -> 0 | AO12: =IFERROR(AM12/AN12,0) -> 0 | AR12: =IFERROR(AP12/AQ12,0) -> 0 | AU12: =IFERROR(AS12/AT12,0) -> 0 | AX12: =IFERROR(AV12/AW12,0) -> 0 | BA12: =IFERROR(AY12/AZ12,0) -> 0 | BD12: =IFERROR(BB12/BC12,0) -> 0 | BG12: =IFERROR(BE12/BF12,0) -> 0 | BJ12: =IFERROR(BH12/BI12,0) -> 0
B13: 4.4.1 | C13: Interruptible or as available transportation services | D13: =L13+S13+AL13 -> 729.77122 | L13: =M13+P13 -> 729.77122 | O13: =IFERROR(M13/N13,0) -> 0 | P13: 729.77122 | Q13: 446.351 | R13: =IFERROR(P13/Q13,0) -> 1.6349716 | S13: =T13+W13+Z13+AC13+AF13+AI13 -> 0 | V13: =IFERROR(T13/U13,0) -> 0 | Y13: =IFERROR(W13/X13,0) -> 0 | AB13: =IFERROR(Z13/AA13,0) -> 0 | AE13: =IFERROR(AC13/AD13,0) -> 0 | AH13: =IFERROR(AF13/AG13,0) -> 0 | AK13: =IFERROR(AI13/AJ13,0) -> 0 | AL13: =AM13+AP13+AS13+AV13+AY13+BB13+BE13+BH13 -> 0 | AO13: =IFERROR(AM13/AN13,0) -> 0 | AR13: =IFERROR(AP13/AQ13,0) -> 0 | AU13: =IFERROR(AS13/AT13,0) -> 0 | AX13: =IFERROR(AV13/AW13,0) -> 0 | BA13: =IFERROR(AY13/AZ13,0) -> 0 | BD13: =IFERROR(BB13/BC13,0) -> 0 | BG13: =IFERROR(BE13/BF13,0) -> 0 | BJ13: =IFERROR(BH13/BI13,0) -> 0
B14: 4.4.1 | C14: Backhaul services | D14: =L14+S14+AL14 -> 0 | L14: =M14+P14 -> 0 | O14: =IFERROR(M14/N14,0) -> 0 | R14: =IFERROR(P14/Q14,0) -> 0 | S14: =T14+W14+Z14+AC14+AF14+AI14 -> 0 | V14: =IFERROR(T14/U14,0) -> 0 | Y14: =IFERROR(W14/X14,0) -> 0 | AB14: =IFERROR(Z14/AA14,0) -> 0 | AE14: =IFERROR(AC14/AD14,0) -> 0 | AH14: =IFERROR(AF14/AG14,0) -> 0 | AK14: =IFERROR(AI14/AJ14,0) -> 0 | AL14: =AM14+AP14+AS14+AV14+AY14+BB14+BE14+BH14 -> 0 | AO14: =IFERROR(AM14/AN14,0) -> 0 | AR14: =IFERROR(AP14/AQ14,0) -> 0 | AU14: =IFERROR(AS14/AT14,0) -> 0 | AX14: =IFERROR(AV14/AW14,0) -> 0 | BA14: =IFERROR(AY14/AZ14,0) -> 0 | BD14: =IFERROR(BB14/BC14,0) -> 0 | BG14: =IFERROR(BE14/BF14,0) -> 0 | BJ14: =IFERROR(BH14/BI14,0) -> 0
C15: Stand alone compression services
B16: 4.4.2 | C16: Firm stand alone compression services | D16: =F16+I16 -> 0 | H16: =IFERROR(F16/G16,0) -> 0 | I16: 0 | J16: 0 | K16: =IFERROR(I16/J16,0) -> 0
C17: Storage services
B18: 4.4.3 | C18: Firm park/park and loan services | D18: =F18+I18 -> 0 | H18: =IFERROR(F18/G18,0) -> 0 | I18: 0 | J18: 0 | K18: =IFERROR(I18/J18,0) -> 0
B19: 4.7 | C19: Total exempt services | D19: =F19+I19 -> 1258.5408 | F19: 1258.5408
C20: Total | D20: =SUM(D12:D19) -> 30516.623 | F20: =SUM(F12:F19) -> 1258.5408 | G20: =SUM(G12:G19) -> 0 | I20: =SUM(I12:I19) -> 0 | J20: =SUM(J12:J19) -> 0 | L20: =SUM(L12:L19) -> 29258.083 | M20: =SUM(M12:M19) -> 28528.311 | N20: =SUM(N12:N19) -> 27358.45 | P20: =SUM(P12:P19) -> 729.77122 | Q20: =SUM(Q12:Q19) -> 446.351 | S20: =SUM(S12:S19) -> 0 | T20: =SUM(T12:T19) -> 0 | U20: =SUM(U12:U19) -> 0 | W20: =SUM(W12:W19) -> 0 | X20: =SUM(X12:X19) -> 0 | Z20: =SUM(Z12:Z19) -> 0 | AA20: =SUM(AA12:AA19) -> 0 | AC20: =SUM(AC12:AC19) -> 0 | AD20: =SUM(AD12:AD19) -> 0 | AF20: =SUM(AF12:AF19) -> 0 | AG20: =SUM(AG12:AG19) -> 0 | AI20: =SUM(AI12:AI19) -> 0 | AJ20: =SUM(AJ12:AJ19) -> 0 | AL20: =SUM(AL12:AL19) -> 0 | AM20: =SUM(AM12:AM19) -> 0 | AN20: =SUM(AN12:AN19) -> 0 | AP20: =SUM(AP12:AP19) -> 0 | AQ20: =SUM(AQ12:AQ19) -> 0 | AS20: =SUM(AS12:AS19) -> 0 | AT20: =SUM(AT12:AT19) -> 0 | AV20: =SUM(AV12:AV19) -> 0 | AW20: =SUM(AW12:AW19) -> 0 | AY20: =SUM(AY12:AY19) -> 0 | AZ20: =SUM(AZ12:AZ19) -> 0 | BB20: =SUM(BB12:BB19) -> 0 | BC20: =SUM(BC12:BC19) -> 0 | BE20: =SUM(BE12:BE19) -> 0 | BF20: =SUM(BF12:BF19) -> 0 | BH20: =SUM(BH12:BH19) -> 0 | BI20: =SUM(BI12:BI19) -> 0
B22: * MDQ (Total TJ) = sum of MDQ’s over the reporting period in TJs

Sheet 5.1 Exempt WAP services
B1: Services exemption granted from ERA for Weighted Average Price disclosure
B2: =Tradingname -> APA (PILBARA PIPELINE) PTY LTD
B3: Reporting Period | C3: =TEXT(Yearstart,"dd/mm/yyyy")&" to "&TEXT(Yearending,"dd/mm/yyyy") -> 01/07/2025 to 30/06/2026
B5: Table 5.1.1: ERA exemptions
B7: Service category
B8: Firm Park/Park and loan service

Sheet Auditor's Review Report WAP

Sheet 6. Notes
B1: Additional (optional) notes and information
B2: =Tradingname -> APA (PILBARA PIPELINE) PTY LTD
B3: Year ending | C3: =Yearending -> 46203
B5: Table reference
B7: Cover | C7: The financial reporting under the non scheme guideline is an annual reporting requirement for APA's non scheme pipelines, requiring annual publishing by 30 October 2026. This information was published on Friday 30th October 2026.
B9: 1.1 | C9: APA has counted each contracting entity as a separate customer to determine customer numbers for each pipeline.
B10: 1.2 | C10: Pipeline Services listed are those contracted to customers within the reporting period for the pipeline. Some services, in particular non-firm services, may be contracted but not used.
B11: 2.1.1 | C11: AASB 15 reporting in the Pipeline Financial Statements and the RCM As described in the Basis of Preparation, AASB 15 Revenue from Contracts with Customers ("AASB 15") (effective from 1 July 2018) requires a significant financing component to be reported in those circumstances where there is a length of time in between the payment for the service and when APA Group fulfils the performance obligation. A significant financing component has been identified in some revenue contracts on the Pilbara Pipeline System. The Significant Financing Component has been included in the reported revenue from contracts with customers as the Guideline requires reported revenues to comply with AASB 15. However, the associated interest expense has been excluded from the Pipeline Financial Statement as financing related expenses are not permitted to be reported under the Guideline. The impact on the Pipeline Financial Statement for contracts on the Pilbara Pipeline System amounts to:
C12: Statutory presentation | D12: Part 23 Reporting | E12: Difference Statutory and Part 23
C13: $ | D13: $ | E13: $
C14: 619857.67 | D14: =C14 -> 619857.67 | E14: =C14-D14 -> 0 | F14: time value of money included in reported revenue in the pipeline financial statements on table 2.1 and 4.1.
C16: -683121.21 | D16: 0 | E16: =C16-D16 -> -683121.21 | F16: interest expense not permitted to be reported under Part 23 and not included in this reporting.
C18: =SUM(C14:C17) -> -63263.54 | D18: =SUM(D14:D17) -> 619857.67 | E18: =SUM(E14:E17) -> -683121.21 | F18: Net impact of including both Revenue and interest expense associated with the significant financing component of revenue.
C21: Without the corresponding interest expense being reflected in the Pipeline Financial Statements Revenues and Expenses and RCM due to the Part23 requirements, the net profit of the asset excludes $683,121 of interest expense. The impact on the return on asset is immaterial.
B22: 2.2.1 | C22: Customer contribution in table 2.2.1 from FY21 onwards represents revenue in instances where a customer with an underlying GTA contributes to the capital expenditure of the pipeline.
B23: 3.1 | C23: Other non-depreciable pipeline assets includes other elements of total assets reported in the Balance Sheet (e.g. debtors, capital work in progress, contract intangibles etc.).
B24: 3.1.1 | C24: Other depreciable pipeline assets include items such as information technology systems, motor vehicles (not leased vehicles), office and pipeline related costs which have different useful lives ranging from 5 to 80 years. APA has reported the information by asset categories in a summary line reflective of all assets acquired at inception to 30 June 2026.
B25: 3.3.1 | C25: APA has reported the information by asset categories in a summary line reflective of all assets acquired from inception to 30 June 2026.
C26: New assets are reported as commissioned with depreciation assumed from the date of service.
B27: 3.3.2 | C27: APA has reported the shared assets information per fiscal year from date of acquisition.
C28: New assets are reported as commissioned with depreciation assumed in the next fiscal year.
B29: 3.4 | C29: The majority of total shared assets represents mainly Information Technology assets and other assets such as office related assets. The values are reported on a gross book basis.
B30: 4.1 | C30: Net tax liabilities incorporates mid-year tax depreciation for capital expenditure incurred during the fiscal year.
C31: As APA acquired PPS in December 2012, APA has relied on the financial information provided by the previous owner.
C32: Capital expenditure is reported in the period commissioned and excludes capital work in progress.
C33: For reporting periods up to FY23, capital expenditure is reported in the period commissioned and excludes capital work in progress.
C34: From FY23 onwards, capital expenditure additions will be as follows: • For pipelines assets, capital expenditure will be reported “as incurred”. • For shared support assets and shared leased asset, capital expenditure will be reported “as commissioned”. As a result of transitioning to the “as incurred” methodology, in FY23 the capital expenditure addition reported in the RCM will include expenditure incurred in earlier periods, that had not been commissioned by the end of FY22.
C35: The interest component of the leased assets (both Directly attributable and Shared RoU) has been included as part of Leased assets Interest/ Financing charges.
C36: Disposals and early terminations recognised include a half year capitalised WACC.
B37: 4.1.1 | C37: APA has reported the aggregate capital expenditure (inclusive of Stay-in-business capital expenditure) incurred each fiscal year. The 5% threshold of capital expenditure does not include leased asset, shared leased asset or shared assets. Any assets that might have had immaterial shared assets included in prior years reporting has been removed for consistency. Capital expenditure greater than 5% generally relates to significant expenditure for each non-scheme pipeline. Lease-funded pipeline capital expenditure could be included in the capital expenditure for comparison. The projects reported in excess of 5% capital expenditure for any given year is capital expenditure at cost (excluding the half year capitalised WACC) in relation to the total construction cost (which is inclusive of capitalised WACC).
B38: 5.1 | C38: In accordance with the Guideline, APA has not reported revenue in respect of exempt services against the relevant service category in Table 5.1. Instead, revenue associated with exempt services is aggregated and reported under “Total exempt services” in Table 5.1.

Sheet Amendment record
A2: Date | B2: ERA amendment# | C2: Worksheet | D2: Table | E2: Cell | F2: Change | G2: Reason
A3: 44084 | B3: 1 | C3: Amendment record | F3: New worksheet inserted | G3: This sheet captures the changes made to this non scheme financial reporting template.
A4: 44084 | B4: =B3+1 -> 2 | C4: 2. Revenue and expenses | D4: 2.1 | E4: F13 | F4: Formula corrected | G4: Formula amended to sum both elements of 'Direct revenue' to get 'Total direct revenue'.
A5: 44084 | B5: =B4+1 -> 3 | C5: 3. Statement of pipeline assets | D5: 3.1 | E5: D33:E33 | F5: Formula inserted | G5: Formula to aggregate relevant rows (Metering) to determine Closing value for metering assets
A6: 44084 | B6: =B5+1 -> 4 | C6: 3.3 Depreciation | D6: 3.3.1 | E6: D9:D52 | F6: List amended | G6: The term 'other depreciable assets' has been replaced with ' other depreciable pipeline assets' to match the terms used on worksheet 3.
A7: 44084 | B7: =B6+1 -> 5 | C7: 3.3 Depreciation | D7: 3.3.1 | E7: M7 and N7 | F7: Heading amended | G7: The heading has been amended to make it clear that accumulated depreciation is to be reported for both the current reporting period and the prior period.
A8: 44084 | B8: =B7+1 -> 6 | C8: 3.3 Depreciation | D8: 3.3.1 | E8: I5:K5 | F8: Guidance note added | G8: A guidance note has been added to the worksheet, clarifying that additions, capitalised maintenance and disposals must all be reported on a cumulative basis in this worksheet. Closing asset values are derived in each year with reference to the initial construction cost. Therefore all amendments to this value must be reported on a cumulative basis, to ensure the closing value is adjusted for all additions, disposals or capitalised maintenance.
A9: 44084 | B9: =B8+1 -> 7 | C9: 3. Statement of pipeline assets | D9: 3.1 | E9: Rows 63-67 and 74-78 | F9: rows inserted | G9: New items inserted to record Leased Assets as per AASB16.
A10: 44084 | B10: =B9+1 -> 8 | C10: 3. Statement of pipeline assets | D10: 3.1 | E10: D69:E69 and D84:E84 | F10: Formula updated | G10: Formulae updated to include leased assets
A11: 44084 | B11: =B10+1 -> 9 | C11: 3. Statement of pipeline assets | D11: 3.1 | E11: D14, D19, D25, D31, D37, D43, D49, D59 | F11: Formulae corrected | G11: Formulae amended to include prior year accumulated depreciation plus current year depreciation. It was only picking up current year depreciation.
A12: 44084 | B12: =B11+1 -> 10 | C12: 3.1 Pipeline asset useful life | D12: 3.1.1 | E12: B21:F26 and B33:F38 | F12: rows inserted | G12: Allow for lease asset information
A13: 44084 | B13: =B12+1 -> 11 | C13: Cover | D13: Reporting template | E13: D31:F32 | F13: Formatting | G13: To be visible.
A14: 44084 | B14: =B13+1 -> 12 | C14: 1.1 Financial performance | D14: 1.1.1 | E14: C10 | F14: Formatting - changed from Accounting Comma to Percentage Percent | G14: To disclose percentage with appropriate signage
A15: 44084 | B15: =B14+1 -> 13 | C15: 3.3 Depreciation | G15: Tab renamed 3.3 Depreciation amortisation
A16: 44084 | B16: =B15+1 -> 14 | C16: 3.3 Depreciation amortisation | D16: 3.3.2 | E16: L58:L78 | F16: Insert column | G16: To explicitly allow for prior period depreciation
A17: 44084 | B17: =B16+1 -> 15 | C17: 3. Statement of pipeline assets | D17: 3.1 | E17: Row 59 | F17: rows inserted | G17: To record additions and improvements capitalised
A18: 44084 | B18: =B17+1 -> 16 | C18: 3. Statement of pipeline assets | D18: 3.1 | E18: D58 | F18: Formula updated | G18: To only pick up initial acquisition costs
A19: 44084 | B19: =B18+1 -> 17 | C19: 3.3 Depreciation amortisation | D19: 3.3.1 | E19: D9:D52 | F19: List updated | G19: Added Leased assets to drop list
A20: 44084 | B20: =B19+1 -> 18 | C20: 3.3 Depreciation amortisation | D20: 3.3.2 | E20: D60:D77 | F20: List updated | G20: Added Shared leased assets to drop list
A21: 44084 | B21: =B20+1 -> 19 | C21: 4 Recovered Capital | D21: 4.1 | E21: Rows 15, 22, 29 | F21: rows inserted | G21: New items inserted to record Leased Assets
A22: 44084 | B22: =B21+1 -> 20 | C22: 4 Recovered Capital | D22: 4.1 | E22: E15, E22 and E29 | F22: Formula added | G22: To sum columns F to BH for respective items
A23: 44084 | B23: =B22+1 -> 21 | C23: 4 Recovered Capital | D23: 4.1 | E23: F16:BH16 and F23:BH23 | F23: Formula updated | G23: To include Leased Assets in total
A24: 44084 | B24: =B23+1 -> 22 | C24: 3.3 Depreciation amortisation | D24: 3.3.1 and 3.3.2 | E24: B5, B56, K7, G58, J58 and M58 | F24: Heading amended | G24: Headings updated for clarity
A25: 44084 | B25: =B24+1 -> 23 | C25: 3.3 Depreciation | D25: 3.3.1 | E25: E9:E52 | F25: Reformat | G25: The cells have been reformatted to show dd/mm/yyyy
A26: 44084 | B26: =B25+1 -> 24 | C26: 3.3 Depreciation | D26: 3.3.2 | E26: E60:E77 | F26: Reformat | G26: The cells have been reformatted to show dd/mm/yyyy
A27: 44084 | B27: =B26+1 -> 25 | C27: 3.1 Pipeline asset useful life | D27: 3.1.1 | E27: D9:D38 | F27: Reformat | G27: The cells have been reformatted to show dd/mm/yyyy
A28: 44109 | B28: =B27+1 -> 26 | C28: Cover | D28: Reporting template | E28: A7 | F28: a typographical error fixed. | G28: Corrected the spelling from 'insructions' to 'instructions'.
A29: 44109 | B29: =B28+1 -> 27 | C29: 3.1 Pipeline asset useful life | D29: 3.1.1 | E29: D7 | F29: a typographical error fixed. | G29: Corrected the spelling from 'acqusition' to 'acquisition'.
A30: 44109 | B30: =B29+1 -> 28 | C30: 4 Recovered Capital | D30: 3.1.1 | E30: D18 | F30: a typographical error fixed. | G30: Corrected the spelling from 'acqusition' to 'acquisition'.
A31: 44377 | B31: =B30+1 -> 29 | C31: Cover | E31: A25:E25 | F31: Question added | G31: To record publication date of the report
A32: 44377 | B32: =B31+1 -> 30 | C32: Cover | E32: A27:E27 | F32: Question added | G32: To record the date to which the reported information is current
A33: 44377 | B33: =B32+1 -> 31 | C33: Cover | E33: A29:K29 | F33: Questions added | G33: To record if there has been any change to the reported information within the current reporting period since publication date, and identify which part of the ‘basis of preparation’ document captures or explains the change in the published information.
A34: 44377 | B34: =B33+1 -> 32 | C34: Contents | F34: Contents updated | G34: To add hyperlink to Summary worksheet and reflect changes in worksheet names (3.1, 3.2 and 3.3)
A35: 44377 | B35: =B34+1 -> 33 | C35: Summary | F35: New worksheet added | G35: To enhance accessibility and transparency of the reported information by providing a 'quick glance' view of the key information reported in the template.
A36: 44377 | B36: =B35+1 -> 34 | C36: 1. Pipeline information | D36: 1.2 | E36: B16, B20, B21 | F36: Heading renamed | G36: To be consistent with the pipeline service categories in Table 2.1.1.
A37: 44377 | B37: =B36+1 -> 35 | C37: 1. Pipeline information | D37: 1.2 | E37: C29:D36 | F37: List added | G37: To add a yes/no dropdown list, consistent with other rows.
A38: 44377 | B38: =B37+1 -> 36 | C38: 1.1 Financial performance | D38: 1.1.1 | E38: C10 | F38: Formatting changed | G38: To express percentage in two decimal places
A39: 44377 | B39: =B38+1 -> 37 | C39: 2. Revenue and expenses | D39: 2.1 | E39: Row 12:14 / C12:C14 | F39: Rows added | G39: New categories are added to improve the clarity and consistency of revenue streams. - Customer contribution revenue (removed from Table 2.1.1) - Government contribution revenue (removed rom (Table 2.1.1) - Profit from sale of fixed assets
A40: 44377 | B40: =B39+1 -> 38 | C40: 2. Revenue and expenses | D40: 2.1 | E40: D32:D40 E32:E40 | F40: Formula corrected | G40: To correctly populate data from Table 2.4.1
A41: 44377 | B41: =B40+1 -> 39 | C41: 2. Revenue and expenses | D41: 2.1 | E41: C34 and C39 | F41: Formatting changed | G41: Remove uppercase in some words. Corresponding cells in original template are C31 and C36.
A42: 44377 | B42: =B41+1 -> 40 | C42: 2. Revenue and expenses | D42: 2.1 | E42: F11 and I11 | F42: Formula corrected | G42: To amend formula to sum up D11 and E11 and G11 and H11, respectively
A43: 44377 | B43: =B42+1 -> 41 | C43: 2. Revenue and expenses | D43: 2.1 | E43: I16 | F43: Formula corrected | G43: To include new revenue categories and correctly calculate the ‘total direct revenue’
A44: 44377 | B44: =B43+1 -> 42 | C44: 2.1 Revenue by service | D44: 2.1.1 | E44: C10 and C21 | F44: Heading/label renamed | G44: Headings changed from 'Direct Revenue' to ‘Revenue by service’ and from 'Total revenue (C24) to ‘Total service revenue’ (C21) to clarify that Table 2.1.1 only captures service revenue rather than all direct revenue.
A45: 44377 | B45: =B44+1 -> 43 | C45: 2.1 Revenue by service | D45: 2.1.1 | E45: Rows 21:23/ C21:C23 | F45: Rows removed | G45: To delete categories that do not fall under 'service revenue': - 'Customer contribution revenue' - 'Profit from sale of fixed assets' - ‘Other direct revenue’ These categories are moved to Table 2.1. See amendment # 37.
A46: 44377 | B46: =B45+1 -> 44 | C46: 2.1 Revenue by service | D46: 2.1.1 | E46: Row 16 | F46: Row split | G46: “Park and park and loan services” is split into two rows: “Park services” (row 16) and “Park and loan services (row 17) to be consistent with service categories in Table 1.2.
A47: 44377 | B47: =B46+1 -> 45 | C47: 2.1 Revenue by service | D47: 2.1.1 | E47: Row 20 | F47: Description renamed | G47: Replaced "Distribution/transmission revenue" (originally C19) with "Other pipeline services (if relevant)" (now C20) to be consistent with Table 2.1.
A48: 44377 | B48: =B47+1 -> 46 | C48: 2.1 Revenue by service | D48: 2.1.1 | E48: I21 | F48: Formula updated | G48: To correctly calculate the ‘total service revenue’.
A49: 44377 | B49: =B48+1 -> 47 | C49: 2.2 Revenue contributions | D49: 2.2.1 | E49: E9:E14 | F49: Formula added Formatting changed | G49: To add sum formula (E=C+D)
A50: 44377 | B50: =B49+1 -> 48 | C50: 2.3 Indirect revenue | D50: 2.3.1 | E50: E2:G4 | F50: Guidance note added | G50: To prompt operators to include sufficient information on their basis of preparation, explaining allocation methodologies and basis of allocators.
A51: 44377 | B51: =B50+1 -> 49 | C51: 2.3 Indirect revenue | D51: 2.3.1 | E51: Row 36 | F51: Formatting changed | G51: Change format of totals to 'bold' font
A52: 44377 | B52: =B51+1 -> 50 | C52: 2.4 Shared costs | D52: 2.4.1 | E52: E2:G4 | F52: Guidance note added | G52: To prompt operators to include sufficient information on their basis of preparation, explaining allocation methodologies and basis of allocators.
A53: 44377 | B53: =B52+1 -> 51 | C53: 2.4 Shared costs | D53: 2.4.1 | E53: H36 and I36 | F53: Formula corrected | G53: To correct double counting of other shared costs.
A54: 44377 | B54: =B53+1 -> 52 | C54: 2.4 Shared costs | D54: 2.4.1 | E54: C11 and C16 | F54: Formatting changed | G54: To remove uppercase in some words.
A55: 44377 | B55: =B54+1 -> 53 | C55: 2.4 Shared costs | D55: 2.4.1 | E55: Row 36 | F55: Formatting changed | G55: Change format of totals to 'bold' font
A56: 44377 | B56: =B55+1 -> 54 | C56: 3. Statement of pipeline assets | D56: 3.1 | E56: C8 and C81 | F56: Headings added | G56: Add headings ‘Pipeline assets’ and ‘Shared supporting assets allocated’ to improve clarity of asset categories.
A57: 44377 | B57: =B56+1 -> 55 | C57: 3. Statement of pipeline assets | D57: 3.1 | E57: C82 | F57: Heading renamed | G57: Renamed 'shared supporting assets' to 'shared property, plant and equipment' to be consistent with the labelling between worksheets
A58: 44377 | B58: =B57+1 -> 56 | C58: 3. Statement of pipeline assets | D58: 3.1 | E58: Column C | F58: Rows added Sub-categories amended Formatting changed | G58: To improve the consistency and structuring of labelling between Table 3.1 and Table 3.3.1. Each asset category will have the following reporting lines, as applicable: - Initial construction or acquisition costs - Additions - Capitalised maintenance or improvements - Depreciation - Disposals or early termination (at cost)
A59: 44377 | B59: =B58+1 -> 57 | C59: 3. Statement of pipeline assets | D59: 3.1 | E59: Columns D and E (D66, D33:E33, D71:E71, D80:E80, D83:D87, D90:D94 and D99:E99) | F59: Formula updated | G59: To update formula following changes in asset categories/ sub-categories, and correct previous errors.
A60: 44377 | B60: =B59+1 -> 58 | C60: 3.1 Asset useful life | F60: Tab renamed | G60: Renamed from 3.1 "Pipeline asset useful life" to "Asset useful life' to be consistent with the heading of the worksheet. Worksheet contains shared assets other than pipeline assets.
A61: 44377 | B61: =B60+1 -> 59 | C61: 3.1 Asset useful life | D61: 3.1.1 | E61: Column D | F61: Data entry deleted | G61: To remove data entries under 'Acquisition date' column
A62: 44377 | B62: =B61+1 -> 60 | C62: 3.1 Asset useful life | D62: 3.1.1 | E62: D9:D38 | F62: Formatting changed | G62: Changed format from number to 'short date'
A63: 44377 | B63: =B62+1 -> 61 | C63: 3.2 Asset impairment | F63: Tab renamed | G63: Renamed from 3.2 "Pipeline asset impairment" to "Asset impairment' to be consistent with the heading of the worksheet. Worksheet contains shared assets other than pipeline assets.
A64: 44377 | B64: =B63+1 -> 62 | C64: 3.2 Asset impairment | D64: 3.2.1 and 3.2.2 | E64: D8:D22 D28:D54 G28:G54 | F64: Formatting changed | G64: Change format to 'short date'
A65: 44377 | B65: =B64+1 -> 63 | C65: 3.3 Depreciation amortisation | E65: B1 | F65: Heading amended | G65: To be consistent with tab name
A66: 44377 | B66: =B65+1 -> 64 | C66: 3.3 Depreciation amortisation | D66: 3.3.1 and 3.3.2 | E66: H7, J7, G58 and L58 | F66: Heading amended | G66: To be consistent with the labelling of categories in Table 3.1
A67: 44377 | B67: =B66+1 -> 65 | C67: 3.3 Depreciation amortisation | D67: 3.3.1 | E67: D9:D52 | F67: List updated | G67: To be consistent with the categories in Table 3.1
A68: 44377 | B68: =B67+1 -> 66 | C68: 3.3 Depreciation amortisation | D68: 3.3.1 | E68: G53 | F68: Formula added | G68: To add sum formula
A69: 44377 | B69: =B68+1 -> 67 | C69: 3.3 Depreciation amortisation | D69: 3.3.1and 3.3.2 | E69: F9:F52 and F60:F77 | F69: Formatting changed | G69: Numbers formatted to the nearest whole number
A70: 44377 | B70: =B69+1 -> 68 | C70: 3.3 Depreciation amortisation | D70: 3.3.1 and 3.3.2 | E70: Column E | F70: Data entry deleted | G70: To remove data entries under Acquisition date column
A71: 44377 | B71: =B70+1 -> 69 | C71: 3.3 Depreciation amortisation | D71: 3.3.2 | E71: B58:N59 | F71: Formatting changed | G71: Cell colour changed to be consistent with other tables
A72: 44377 | B72: =B71+1 -> 70 | C72: 3.3 Depreciation amortisation | D72: 3.3.2 | E72: D60:D77 | F72: List updated | G72: To be consistent with the categories in Table 3.1
A73: 44377 | B73: =B72+1 -> 71 | C73: 3.4 Shared supporting assets | D73: 3.4.1 | E73: D9:D40 | F73: List created | G73: To add dropdown list consistent with the categories in Table 3.1
A74: 44377 | B74: =B73+1 -> 72 | C74: 3.4 Shared supporting assets | D74: 3.4.1 | E74: E2:G4 | F74: Guidance note added | G74: To prompt operators to include sufficient information on their basis of preparation, explaining allocation methodologies and basis of allocators.
A75: 44377 | B75: =B74+1 -> 73 | C75: 3.4 Shared supporting assets | D75: 3.4.1 | E75: Row 36 | F75: Formatting changed | G75: Change format of totals to 'bold' font
A76: 44377 | B76: =B75+1 -> 74 | C76: 4. Recovered Capital | F76: Tab renamed | G76: Minor punctuation amendment
A77: 44377 | B77: =B76+1 -> 75 | C77: 4. Recovered Capital | D77: 4.1 | E77: Rows 33 and 34 | F77: Rows added | G77: To disclose opening asset value and rate of return (WACC) of each year
A78: 44377 | B78: =B77+1 -> 76 | C78: 4. Recovered Capital | D78: 4.1 | E78: E11 | F78: Formula corrected | G78: Revised formula to sum F11:BH11, consistent with the treatment of other cost components that make up the ‘cost base’
A79: 44377 | B79: =B78+1 -> 77 | C79: 4. Recovered Capital | D79: 4.1 | E79: E25 | F79: Formula deleted | G79: Formula not required
A80: 44377 | B80: =B79+1 -> 78 | C80: 4. Recovered Capital | D80: 4.1 | E80: F8:BH8 | F80: Formula corrected | G80: To adjust formula to display year and allow cross-referencing with the Summary tab
A81: 44377 | B81: =B80+1 -> 79 | C81: 4. Recovered Capital | D81: 4.1 | E81: F31:BH31 | F81: Formula corrected | G81: To exclude row 25 which is not an input cell
A82: 44377 | B82: =B81+1 -> 80 | C82: 5. Weighted average price | D82: 5.1 | E82: Column B | F82: Column added | G82: To disclose the reference to the basis of preparation where pipeline operator may have explained the basis of allocation between pipeline and service types
A83: 44377 | B83: =B82+1 -> 81 | C83: 5. Weighted average price | D83: 5.1 | E83: Column E | F83: Column added | G83: To disclose if estimates were used by the pipeline operator to allocate revenue between pipelines and service types.
A84: 44377 | B84: =B83+1 -> 82 | C84: 5. Weighted average price | D84: 5.1 | E84: B2 and C3 | F84: Heading added | G84: To be consistent with other worksheets
A85: 44377 | B85: =B84+1 -> 83 | C85: 5. Weighted average price | D85: 5.1 | E85: F10:BJ10 | F85: Headings amended Formatting changed | G85: Heading (units) amended and format changed for clarity and consistency with formula: - revenues in $'000 - MDQ in Total TJ - WAP in $/GJ
A86: 44377 | B86: =B85+1 -> 84 | C86: 5. Weighted average price | D86: 5.1 | E86: C19:20 | F86: Formatting changed | G86: To be consistent with other tables
A87: 44377 | B87: =B86+1 -> 85 | C87: 5. Weighted average price | D87: 5.1 | E87: Row 22 | F87: Explanatory note added | G87: To clarify the MDQ unit above as: Total TJ = sum of MDQ’s over the reporting period in TJs
A88: 44377 | B88: =B87+1 -> 86 | C88: All worksheets | E88: Numerical cells | F88: Formatting changed | G88: Amend relevant numerical cells to ensure format is in comma style, negative values in brackets and rounded off to nearest whole number
A89: 44377 | B89: =B88+1 -> 87 | C89: All worksheets | E89: Date cells | F89: Formatting changed | G89: Amend relevant date cells to ensure format is in date style
A90: 44377 | B90: =B89+1 -> 88 | C90: All worksheets | E90: Input cells | F90: Formatting changed | G90: Amend relevant input cells to ensure font colour is blue
A91: 44377 | B91: =B90+1 -> 89 | C91: All worksheets | E91: A1 | F91: Formatting changed | G91: Enlarge size to make hyperlink to Contents tab more visible and accessible
A92: 44383 | B92: =B91+1 -> 90 | C92: Summary | E92: Row 86 (C86:H86) | F92: Formula corrected | G92: To correctly populate weighted average prices (WAP) of 'interruptible or as available transportation services' (distance based - other delivery points) from Table 5.1
A93: 44383 | B93: =B92+1 -> 91 | C93: Summary | E93: F100 | F93: Formula corrected | G93: To correctly populate WAP of exempt services (volume based charge) from Table 5.1
A94: 44383 | B94: =B93+1 -> 92 | C94: 3. Statement of pipeline assets | D94: 3.1 | E94: D86:87 | F94: Formula corrected | G94: To correctly populate depreciation and disposal values of 'Shared property, plant and equipment' from Table 3.3.2
A95: 44383 | B95: =B94+1 -> 93 | C95: 3. Statement of pipeline assets | D95: 3.1 | E95: D93:94 | F95: Formula corrected | G95: To correctly populate depreciation and disposal values of 'Shared leased assets' from Table 3.3.2

Sheet APA Amendment record
A2: Date | B2: APA amendment# | C2: Worksheet | D2: Table | E2: Cell | F2: Change | G2: Reason
A3: 44434 | B3: 1 | C3: APA Amendment record | F3: New worksheet inserted | G3: This sheet captures the changes made to this non scheme financial reporting template.
A4: 44434 | B4: =B3+1 -> 2 | C4: 3.3 Depreciation amortisation | D4: 3.3.1 | E4: N7 | F4: Heading amended | G4: The heading has been amended to make it clear that accumulated depreciation is to be reported for both the current reporting period and the prior period.
A5: 44432 | B5: =B4+1 -> 3 | C5: Summary | E5: C116 | F5: Formula change | G5: Formula updated to include shared leased asset depreciation reported under other Other shared costs in tab 2.4 Shared costs
A6: 44482 | B6: =B5+1 -> 4 | C6: Cover | E6: I29 | F6: Wrap text | G6: Wrap text
A7: 44489 | B7: =B6+1 -> 5 | C7: 4. Recovered capital | D7: 4.1 | E7: C39 | F7: Formatting changed | G7: Format changed to comma style and rounded off to nearest whole number

Sheet CrossfireHiddenWorksheet
A3: 971bd263-85ca-430f-8b60-67a81cbec049 | B3: ba1e36e3-4399-40c9-accb-608773ace223 | C3: 65361c6a-b5bb-4adb-825b-f74ea77ae862
A4: 1 | B4: 7 | C4: 13
A5: Current Assets | B5: 1 | C5: 0 | D5: 447 | E5: 2026 - P12 Jun | F5: 461 | G5: 0 | H5: 1 | I5: 0 | J5: 175 | K5: 4000 | L5: 194 | M5: 7659727.6 | N5: 1 | O5: 1803.18 | P5: 11 | Q5: Regulatory - Depreciation | R5: 24
A6: Current Assets | B6: 2 | C6: 0 | D6: 448 | E6: 2026 - P12 Jun | F6: 462 | G6: 0 | H6: 2 | I6: 0 | J6: 176 | K6: 4001 | L6: 195 | M6: 0 | N6: 2 | O6: 0 | P6: 391 | Q6: Regulatory - Directly Attributable Finance Charges | R6: 25
A7: Current Assets | B7: 3 | C7: 0 | D7: 449 | E7: 2026 - P12 Jun | F7: 463 | G7: 0 | H7: 3 | I7: 0 | J7: 177 | K7: 4002 | L7: 196 | M7: 92167.17 | N7: 3 | O7: 92167.17 | P7: 392 | Q7: Regulatory - Insurance | R7: 26
A8: Current Assets | B8: 4 | C8: 0 | D8: 450 | E8: 2026 - P12 Jun | F8: 464 | G8: 0 | H8: 4 | I8: 0 | J8: 178 | K8: 4003 | L8: 197 | M8: 17142.87 | N8: 4 | O8: 83827.62 | P8: 393 | Q8: Regulatory - Leasing and Rental Costs | R8: 27
A9: Current Assets | B9: 5 | C9: 0 | D9: 460 | E9: A104 Corporate General | F9: 468 | G9: 0 | H9: 5 | I9: 0 | J9: 179 | K9: 4004 | L9: 198 | M9: 116324.11 | N9: 5 | O9: 16547.04 | P9: 394 | Q9: Regulatory - Licence and Regulatory Costs | R9: 28
A10: Current Assets | B10: 6 | C10: 0 | D10: 6828 | E10: A623 Pilbara Energy Pipeline System | F10: 469 | G10: 0 | H10: 6 | I10: 0 | J10: 180 | K10: 4005 | L10: 199 | M10: 13208382 | N10: 6 | O10: 9481.64 | P10: 395 | Q10: Regulatory - Not Reportable | R10: 29
A11: Current Assets | B11: 7 | C11: 0 | D11: 6829 | E11: A928 3rd party - PEPL | F11: 470 | G11: 0 | H11: 7 | I11: 0 | J11: 181 | K11: 4006 | L11: 200 | M11: 919283.15 | N11: 7 | O11: 5001.48 | P11: 396 | Q11: Regulatory - Other Direct Costs | R11: 30
A12: Current Assets | B12: 8 | E12: A979 Passthrough PEPL | F12: 471 | G12: 0 | H12: 8 | I12: 0 | J12: 182 | K12: 4007 | L12: 201 | M12: 0 | N12: 8 | O12: 62502.87 | P12: 397 | Q12: Regulatory - Repairs and Maintenance | R12: 31
A13: Current Assets | B13: 9 | E13: 1300:ASSETS HELD FOR SALE | F13: 487 | G13: 0 | H13: 9 | I13: 0 | J13: 183 | K13: 4008 | L13: 202 | M13: 950688.09 | N13: 9 | O13: 22360.48 | P13: 398 | Q13: Regulatory - Tax | R13: 32
A14: Current Assets | B14: 10 | E14: 1000:CASH AT BANK | F14: 488 | G14: 0 | H14: 10 | I14: 0 | J14: 184 | K14: 4009 | L14: 203 | M14: 3113381.9 | N14: 10 | O14: 24636.34 | P14: 399 | Q14: Regulatory - Wages | R14: 33
A15: Current Assets | B15: 11 | E15: 1001:CBA-APT A/C 4848 DIST. ACCOUNT | F15: 489 | G15: 0 | H15: 11 | I15: 0 | J15: 185 | K15: 4010 | L15: 204 | M15: 7658074.7 | N15: 477 | O15: 4702646.2 | P15: 400 | Q15: 2026 | R15: 34
A16: Current Assets | B16: 12 | E16: 1002:CBA SUBORDINATED NOTES A/C 2428 | F16: 490 | G16: 0 | H16: 12 | I16: 0 | J16: 186 | K16: 4000:OPERATING REVENUE | L16: 205 | M16: 1652.91 | N16: 478 | O16: 0 | P16: 401 | Q16: 2026 - P12 Jun | R16: 403
A17: Current Assets | B17: 13 | E17: 1003:GGT - BANK ALLOCATIONS | F17: 491 | G17: 0 | H17: 13 | I17: 0 | J17: 187 | K17: 4001:REVENUE FROM ASSOCIATE | L17: 206 | M17: 92167.17 | N17: 481 | O17: 0 | P17: 402 | Q17: 2026 - P11 May | R17: 404
A18: Current Assets | B18: 14 | E18: 1004:APA GROUP EQUITY TRUST BANK A/C | F18: 492 | G18: 0 | H18: 14 | I18: 0 | J18: 188 | K18: 4002:OTHER REVENUE | L18: 207 | M18: 9481.64 | N18: 483 | Q18: 2026 - P10 Apr | R18: 405
A19: Current Assets | B19: 15 | E19: 1029:CASH AT BANK - CONVERSION | F19: 493 | G19: 0 | H19: 15 | I19: 0 | J19: 189 | K19: 4003:DIVIDENDS INCOME | L19: 208 | M19: 7661.23 | N19: 484 | Q19: 2026 - P09 Mar | R19: 406
A20: Current Assets | B20: 16 | E20: 1030:CASH ON HAND | F20: 494 | G20: 0 | H20: 16 | I20: 0 | J20: 190 | K20: 4004:INTER-ENTITY SALES | L20: 209 | M20: 53233 | N20: 487 | Q20: 2026 - P08 Feb | R20: 407
A21: Current Assets | B21: 17 | E21: 1031:PETTY CASH | F21: 495 | G21: 0 | H21: 17 | I21: 0 | J21: 191 | K21: 4005:REALISED FX GAINS/LOSSES (CUSTOMER RECEIPTS) | L21: 210 | M21: 63091.11 | N21: 488 | Q21: 2026 - P07 Jan | R21: 408
A22: Current Assets | B22: 18 | E22: 1060:CASH CALLS PAID | F22: 496 | G22: 0 | H22: 18 | I22: 0 | J22: 192 | K22: No code | L22: 211 | M22: 3.67 | N22: 491 | Q22: 2026 - P06 Dec | R22: 409
A23: Current Assets | B23: 19 | E23: 1061:CASH CALLS EQUALISATIONS | F23: 497 | G23: 0 | H23: 19 | I23: 0 | J23: 193 | K23: Total Income | L23: 212 | M23: 12452646 | N23: 492 | Q23: 2026 - P05 Nov | R23: 410
A24: Current Assets | B24: 20 | E24: 1050:DEPOSITS @ CALL | F24: 498 | G24: 0 | H24: 20 | K24: 4006:UNREALISED FX GAINS/LOSSES (CUSTOMER RECEIPTS) | L24: 213 | M24: 626194.36 | N24: 493 | Q24: 2026 - P04 Oct | R24: 411
A25: Current Assets | B25: 21 | E25: 1051:SHORT TERM DEPOSITS | F25: 499 | G25: 0 | H25: 21 | K25: 4007:INTER-ENTITY DIVIDEND | L25: 214 | M25: 129424.35 | N25: 494 | Q25: 2026 - P03 Sep | R25: 412
A26: Current Assets | B26: 22 | E26: 1306:CURRENT ASSET CONVERSION ACCOUNT | F26: 500 | G26: 0 | H26: 22 | K26: 4008:FX REALISED GAIN/LOSS (REVENUE HEDGING) | L26: 215 | M26: 113.26 | N26: 495 | Q26: 2026 - P02 Aug | R26: 413
A27: Current Assets | B27: 23 | E27: 1240:GAS STOCK STORAGE - CURRENT | F27: 501 | G27: 0 | H27: 23 | K27: 4009:FX UNREALISED GAIN/LOSS (REVENUE HEDGING) | L27: 216 | M27: 238144.81 | N27: 501 | Q27: 2026 - P01 Jul | R27: 414
A28: Current Assets | B28: 24 | E28: 1200:INVENTORY (CONTROL) | F28: 502 | G28: 0 | H28: 24 | K28: 4010:WGP REVENUE UNWIND DUE TO DE-DESIGNATION | L28: 217 | M28: 21049.51 | N28: 502 | Q28: 6100:DEPRECIATION | R28: 479
A29: Current Assets | B29: 25 | E29: 1201:INVENTORY CONVERSION CLEARING | F29: 503 | G29: 0 | H29: 25 | K29: 4300:EQUITY ACCOUNTED PROFITS | L29: 218 | M29: 338395.01 | N29: 503 | Q29: 6102:DEPRECIATION - ROU | R29: 480
A30: Current Assets | B30: 26 | E30: 1202:INVENTORY OFFSETS B/S (GGT) | F30: 504 | G30: 0 | H30: 26 | K30: 4090:HAULAGE REVENUE | L30: 219 | M30: 41264.54 | N30: 504 | Q30: 5220:INSURANCE | R30: 482
A31: Current Assets | B31: 27 | E31: 1203:ACCUMULATED DIMINUTION - INVENTORY | F31: 505 | G31: 0 | H31: 27 | K31: 4091:NETWORKS FRC REVENUE | L31: 220 | M31: 27541.42 | N31: 505 | Q31: 5109:PLANT & EQUIPMENT HIRE | R31: 485
A32: Current Assets | B32: 28 | E32: 1204:STORES & SPARES | F32: 506 | G32: 0 | H32: 28 | K32: 4092:OTHER NETWORKS REVENUE | L32: 221 | M32: 7054.76 | N32: 506 | Q32: 5117:RENT & PROPERTY OUTGOINGS | R32: 486
A33: Current Assets | B33: 29 | E33: 1205:INVENTORY - WIP AT COST | F33: 507 | G33: 0 | H33: 29 | K33: Interest Income | L33: 222 | M33: 1182.15 | N33: 507 | Q33: 5214:ASSET LICENCES | R33: 489
A34: Current Assets | B34: 30 | E34: 1206:MAXIMO INVENTORY CLEARING | F34: 508 | G34: 0 | H34: 30 | K34: Operating Income | L34: 223 | M34: 194127.89 | N34: 508 | Q34: 5221:FEES & TAXES | R34: 490
A35: Current Assets | B35: 31 | E35: 1280:PREPAYMENTS - GENERAL | F35: 509 | G35: 0 | H35: 31 | K35: 4100:PASSTHROUGH REVENUE | L35: 224 | M35: 27013.62 | N35: 509 | Q35: 5130:BANK CHARGE | R35: 496
... A45: Current Assets | B45: 41 | E45: 1251:HEDGE ASSET - IRS - CURRENT | F45: 519 | G45: 0 | H45: 41 | K45: RC0158 CUSTOMER GUARANTEE DEPOSIT - CURRENT | L45: 234 | M45: 55024.32 | N45: 531 | Q45: 5123:OFFICE ADMINISTRATION | R45: 517
A46: Current Assets | B46: 42 | E46: 1252:HEDGE ASSET - LTI FVTPL - CURRENT | F46: 520 | G46: 0 | H46: 42 | K46: RC0159 INSURANCE RECHARGE | L46: 235 | Q46: 5126:CATHODIC PROTECTION | R46: 518
A47: Current Assets | B47: 43 | E47: 1253:HEDGE ASSET - FEC - CURRENT | F47: 521 | G47: 0 | H47: 43 | K47: RC0160 CAPITAL COST RECOVERY FROM NETWORKS | L47: 236 | Q47: 5127:CONTRACTED WORKS | R47: 519
A48: Current Assets | B48: 44 | E48: 1254:REDEEMABLE PREFERENCE SHARES - INTEREST ACCRUAL | F48: 522 | G48: 0 | H48: 44 | K48: RC0161 OPERATING COST RECOVERY FROM NETWORKS | L48: 237 | Q48: 5128:SITE SERVICES | R48: 520
A49: Current Assets | B49: 45 | E49: 1255:HEDGE ASSET - IRS - INTEREST ACCRUAL | F49: 523 | G49: 0 | H49: 45 | K49: RC0162 GST | L49: 238 | Q49: 5131:NET ZERO - EMISSION REDUCTION COSTS | R49: 521
A50: Current Assets | B50: 46 | E50: 1140:PROVISION FOR DOUBTFUL DEBTS | F50: 524 | G50: 0 | H50: 46 | K50: RC0165 COST RECOVERY FROM GDI | L50: 239 | Q50: 5300:BAD DEBT WRITTEN OFF | R50: 522
A51: Current Assets | B51: 47 | E51: 1170:FINANCE LEASE RECEIVABLE - CURRENT | F51: 525 | G51: 0 | H51: 47 | K51: RC0166 INCOME IN ADVANCE / UPFRONT CHARGE - NON-CURRENT | L51: 240 | Q51: 6130:INCOME TAX EXPENSE | R51: 524
A52: Current Assets | B52: 48 | E52: 1171:IE FINANCE LEASE RECEIVABLE - CURRENT | F52: 526 | G52: 0 | H52: 48 | K52: RC0004 ELECTRICITY GENERATION - PASSTHROUGH | L52: 241 | Q52: 5100:TIME SHEET COSTS - OPEX | R52: 532
A53: Current Assets | B53: 49 | E53: 1180:SECURITY DEPOSITS | F53: 527 | G53: 0 | H53: 49 | K53: RC0003 GASPROCESSING - PASSTHROUGH | L53: 242 | Q53: 5134:TIME SHEET COSTS - PROJECTS | R53: 533
A54: Current Assets | B54: 50 | E54: 1181:LOAN RECEIVABLE (PRINCIPAL) (INV) - CURRENT THIRD PARTY | F54: 528 | G54: 0 | H54: 50 | K54: RC0006 ALTERNATIVE FUELS EXCISE - PASSTHROUGH (REV) | L54: 243 | Q54: 5142:ALLOCATION COST RECOVERIES - CAPEX | R54: 534
A55: Current Assets | B55: 51 | E55: 1150:DEBTORS - ASSOCIATES | F55: 529 | G55: 0 | H55: 51 | K55: RC0005 OTHER INCOME - PASSTHROUGH | L55: 244 | Q55: 5210:ALLOCATION COST RECOVERIES - RESIDUAL | R55: 535
A56: Current Assets | B56: 52 | E56: 1151:INTEREST RECEIVABLE (OCF) - CURRENT ASSOCIATE | F56: 530 | G56: 0 | H56: 52 | K56: RC0001 PIPELINE - VOLUME TARIFF (NT GAS) | L56: 245 | Q56: 5211:MANUAL HCC NON-TIMESHEET RECOVERIES - OPEX | R56: 536
A57: Current Assets | B57: 53 | E57: 1152:LOAN RECEIVABLE (INV) - CURRENT ASSOCIATE | F57: 531 | G57: 0 | H57: 53 | K57: RC0002 PIPELINE - PASSTHROUGH | L57: 246 | Q57: 5212:MANUAL HCC NON-TIMESHEET RECOVERIES - CAPEX | R57: 537
A58: Current Assets | B58: 54 | E58: 1100:TRADE DEBTORS (CONTROL) | F58: 532 | G58: 0 | H58: 54 | K58: RC0031 3RD PARTY CONTRACTED - REVENUE - FIXED | L58: 247 | Q58: 5213:MANUAL EMPLOYEE TIMESHEET TRANSFERS - OPEX BAU | R58: 538
A59: Current Assets | B59: 55 | E59: 1101:TRADE DEBTORS (CONTRA) | F59: 533 | G59: 0 | H59: 55 | K59: RC0174 AMORTISATION OF UNEARNED REVENUE (AASB 15) | L59: 248
A60: Current Assets | B60: 56 | E60: 1102:TRADE DEBTORS - FINANCE LEASE PRINCIPAL | F60: 534 | G60: 0 | H60: 56 | K60: RC0014 CAPACITY TRADING - THROUGHPUT (SOLD CAPACITY) | L60: 249
A61: Current Assets | B61: 57 | E61: 1103:TRADE DEBTORS - FINANCE LEASE INTEREST | F61: 535 | G61: 0 | H61: 57 | K61: RC0007 ELECTRICITY GENERATION - FIXED | L61: 250
A62: Current Assets | B62: 58 | E62: 1104:UNAPPLIED RECEIPTS | F62: 536 | G62: 0 | H62: 58 | K62: RC0008 ELECTRICITY TRANSMISSION - FIXED | L62: 251
A63: Non-current Assets | B63: 59 | E63: 1105:TRADE DEBTORS - OTHER | F63: 537 | G63: 0 | H63: 59 | K63: RC0015 PIPELINE - LATERAL FEE - FIXED | L63: 252
A64: Non-current Assets | B64: 60 | E64: 1106:ACCRUED REVENUE | F64: 538 | G64: 0 | H64: 60 | K64: RC0016 PIPELINE - OPEX CHARGE | L64: 253
A65: Non-current Assets | B65: 61 | E65: 1107:ACCRUED REVENUE - FINANCE LEASE PRINCIPAL | F65: 539 | G65: 0 | H65: 61 | K65: RC0017 PIPELINE - NEWCREST PROFIT SHARE | L65: 254
A66: Non-current Assets | B66: 62 | E66: 1108:ACCRUED REVENUE - FINANCE LEASE INTEREST | F66: 540 | G66: 0 | H66: 62 | K66: RC0009 CONNECTION SERVICES | L66: 255
A67: Current Assets | B67: 63 | E67: 1109:ADVANCES MOBILISATION | F67: 541 | G67: 0 | H67: 63 | K67: RC0010 GAS PROCESSING - FIXED | L67: 256
A68: Current Assets | B68: 64 | E68: 1110:ACCRUED REVENUE - INTEREST INCOME | F68: 542 | G68: 0 | H68: 64 | K68: RC0011 STORAGE - CAPACITY RESERVATION | L68: 257
A69: Current Assets | B69: 65 | E69: 1111:DEBTORS - CAPEX | F69: 543 | G69: 0 | H69: 65 | K69: RC0012 STORAGE - INJECTION - RESERVATION | L69: 258
A70: Current Assets | B70: 66 | E70: 1139:IE CURRENT BALANCES (CLEARING ACCOUNT) - CONVERSION BALANCE | F70: 544 | G70: 0 | H70: 66 | K70: RC0013 STORAGE - WITHDRAWL - FIRM | L70: 259
... A180: Liabilities | B180: 176 | E180: 2037:CUSTOMER GUARANTEE DEPOSIT - CURRENT | F180: 654 | G180: 0 | H180: 2648 | K180: RC0121 REVENUE FROM ASSOCIATES - MARGIN/NMF - FIXED | L180: 369
A181: Liabilities | B181: 177 | E181: 2038:AASB 16 LEASE CLEARING L&B | F181: 655 | K181: RC0122 REVENUE FROM ASSOCIATES - VARIABLE | L181: 370
A182: Liabilities | B182: 178 | E182: 2039:AASB 16 LEASE CLEARING P&E | F182: 656 | K182: RC0123 REVENUE FROM ASSOCIATES - MARGIN/NMF - VARIABLE | L182: 371
A183: Liabilities | B183: 179 | E183: 2040:NET GST PAYABLE/RECEIVABLE | F183: 657 | K183: RC0124 INTEREST INCOME - 3RD PARTY | L183: 372
A184: Liabilities | B184: 180 | E184: 2041:INPUT TAX CREDITS CLAIMED IN ADVANCE | F184: 658 | K184: RC0125 INTEREST INCOME - BANK | L184: 373
A185: Liabilities | B185: 181 | E185: 2042:BAS - FUEL TAX CREDITS | F185: 659 | K185: RC0126 CONTRA - INTEREST INCOME - BANK | L185: 374
A186: Liabilities | B186: 182 | E186: 2043:PAYG INCOME TAX INSTALMENT PAID | F186: 660 | K186: RC0127 FX REALISED GAIN/LOSS(INTEREST REC - OCF) | L186: 375
A187: Liabilities | B187: 183 | E187: 2044:OTHER PAYROLL - PAYROLL/PAYG CLEARING | F187: 661 | K187: RC0128 FX UNREALISED GAIN/LOSS(INTEREST REC - OCF) | L187: 376
A188: Liabilities | B188: 184 | E188: 2045:OTHER PAYROLL - SUPERANNUATION CLEARING | F188: 662 | K188: RC0129 INTEREST INCOME - SWAP INTEREST | L188: 377
A189: Liabilities | B189: 185 | E189: 2046:OTHER PAYROLL - PAID PARENTAL CLEARING | F189: 663 | K189: RC0130 INTEREST INCOME - CPI SWAPS | L189: 378
A190: Liabilities | B190: 186 | E190: 2047:OTHER PAYROLL - CLEARING | F190: 664 | K190: RC0172 CUSTOMER CONTRIBUTION - SIGNIFICANT FINANCING COMPONENT | L190: 379
A191: Liabilities | B191: 187 | E191: 2048:OTHER PAYROLL - WORKERS COMP PREMIUMS | F191: 665 | K191: RC0153 FINES AND PENALTIES (NETWORKS) | L191: 380
A192: Liabilities | B192: 188 | E192: 2049:OTHER PAYROLL - PAYROLL TAX | F192: 666 | K192: RC0151 COS - UNACCOUNTED FOR GAS (NETWORKS) | L192: 381
... A216: Liabilities | B216: 212 | E216: 2001:TRADE CREDITORS (CONTRA) | F216: 690 | K216: 4100 | L216: 405
A217: Liabilities | B217: 213 | E217: 2002:TRADE CREDITORS - BORROWING COSTS RECLASS | F217: 691 | K217: 0 | L217: 406
A218: Liabilities | B218: 214 | E218: 2003:TRADE CREDITORS - CAPEX TANGIBLE RECLASS | F218: 692 | K218: 0 | L218: 407
A219: Liabilities | B219: 215 | E219: 2004:TRADE CREDITORS - CAPEX INTANGIBLE RECLASS | F219: 693 | K219: 0 | L219: 408
A220: Liabilities | B220: 216 | E220: 2580:DEFERRED TAX LIABILITIES | F220: 694 | K220: 0 | L220: 409
A221: Liabilities | B221: 217 | E221: 2450:BORROWINGS - NON-CURRENT | F221: 695 | K221: 0 | L221: 410
A222: Liabilities | B222: 218 | E222: 2451:BORROWING COSTS - NON-CURRENT BORROWINGS | F222: 696 | K222: 0 | L222: 411
A223: Liabilities | B223: 219 | E223: 2452:PROVISION FOR AMORTISATION - BORROWING COSTS - NON-CURRENT | F223: 697 | K223: 0 | L223: 412
A224: Current Assets | B224: 220 | E224: 2550:PROV - EMPLOYEE - NON CURRENT - LSL | F224: 698 | K224: 0 | L224: 413
A225: Current Assets | B225: 221 | E225: 2551:DEFINED BENEFIT SUPER OBLIGATION LIABILITY NC | F225: 699 | K225: 0 | L225: 414
A226: Current Assets | B226: 222 | E226: 2530:PROV - OTHER NON CURRENT | F226: 700 | K226: 0 | L226: 415
A227: Current Assets | B227: 223 | E227: 2531:PROV - ABANDONMENT / MAKE GOOD NON-CURRENT | F227: 701 | K227: 0 | L227: 416
A228: Liabilities | B228: 224 | E228: 2532:PROV - NC ABANDONMENT / MAKE GOOD (INIT RECOG & REMEASUREMENT) | F228: 702 | K228: 0 | L228: 417
... A452: Expenses | B452: 6837 | E452: 5502:GAIN/(LOSS) ON DIVESTMENT | F452: 926 | K452: 0 | L452: 641
E453: 5600:FAIR VALUE GAIN/LOSS ON CONTRACT FOR DIFFERENCE | F453: 927 | K453: 0 | L453: 642
E454: 6130:INCOME TAX EXPENSE | F454: 928 | K454: 0 | L454: 643
E455: 6131:INCOME TAX EXPENSE - OVERS & UNDERS | F455: 929 | K455: -31977682 | L455: 644
E456: 6132:INCOME TAX EXPENSE - IMPUTATION CREDITS | F456: 930 | K456: 0 | L456: 645
E457: 6133:INCOME TAX EXPENSE - PREV. UNBOOKED LOSSES | F457: 931 | K457: 0 | L457: 646
E458: 6150:OUTSIDE EQUITY INTERESTS | F458: 932 | K458: 0 | L458: 647
E459: 2026 - P12 Jun | F459: 933 | K459: 0 | L459: 648
E460: C089 APA (PILBARA PIPELINE) PTY LTD, C328 J PEPL | F460: 934 | K460: 0 | L460: 649
E461: 1300 | F461: 935 | K461: 0 | L461: 650
E462: 1000 | F462: 936 | K462: 0 | L462: 651
E463: 1001 | F463: 937 | K463: 0 | L463: 652
E464: 1002 | F464: 938 | K464: 0 | L464: 653
... E906: 6150 | F906: 1380 | K906: 0 | L906: 1095
E907: 0 | F907: 1381 | K907: 0 | L907: 1096
...

Sheet OfficeConnectCellHighlights

Sheet Data Validation List
A1: Data validation lists
A3: rpipelines | B3: Pipelines
B4: Compressors
B5: City Gates, supply regulators and valve stations
B6: Metering
B7: Odorant plants
B8: SCADA (Communications)
B9: Buildings
B10: Land and easements
B11: Other depreciable pipeline assets
B12: Leased assets
A15: rsharedassets | B15: Shared property, plant and equipment
B16: Shared leased assets
B17: Inventories
B18: Deferred tax assets
B19: Other assets
A21: ryesno | B21: Yes
B22: No
